Workbook
Name centro_gestor: Listados!$C$2:$C$28
Name excepcional: Listados!$A$17:$A$23
Name fondo: Listados!$O$2:$O$908
Name gasto_publico: Listados!$V$2:$V$7
Name grupos_vulnerables: Listados!$A$26:$A$32
Name meta_plan: Listados!$F$2:$F$713
Name meta_territorio: Listados!$J$2:$J$497
Name movilizador: Listados!$A$35:$A$92
Name politica_publica: Listados!$T$2:$T$20
Name pospre: Listados!$L$2:$L$473
Name ruta: Listados!$A$2:$A$3
Name sector_mga: Listados!$R$2:$R$32

Sheet  ACTIVIDADES PPTO PROYECTADA
A9: Código BP | B9: BP-26003038 | D9: Código BPIN | F9: 2020760010826 | I9: Versión PPM: | K9: 000 | M9: Vigencia | O9: 2024 | Q9: Centro Gestor | R9: 4143 | U9: Meta Plan de Desarrollo | V9: 52040010002 | W9: =IF(V9=""," ",VLOOKUP(V9,Listados!$F:$G,2,0)) -> Población en edad escolar matriculada en el sistema educativo oficial de Santiago de Cali
I10: Versión PS: | K10: 000
A11: Nombre del Proyecto | B11: Fortalecimiento del acceso al sistema educativo oficial en Santiago de Cali | M11: Población Objetivo | O11: 59414 | R11: =IF(R9=""," ",VLOOKUP(R9,Listados!$C:$D,2,0)) -> Secretaría de Educación | U11: Meta Plan de Desarrollo Comuna o Corregimiento | W11: =IF(V11=""," ",VLOOKUP(V11,Listados!$I:$J,2,0))
W12: =IF(V12=""," ",VLOOKUP(V12,Listados!$I:$J,2,0))
A14: Objetivo General | B14: Indicador Objetivo General | C14: Unidad de Medida | D14: Cantidad | E14: # Objetivo específico | F14: Objetivos Específicos | G14: Código MGA Producto | H14: # Producto | I14: Productos | J14: Código MGA Indicador Producto | K14: Indicador de Producto | L14: Unidad de Medida | M14: Cantidad | N14: % Ponderación Productos | O14: # Actividad | P14: Código Programa Presupuestario | Q14: Actividades | R14: Ruta Crítica Si/No | S14: % Ponderación Actividad | T14: Código POSPRE | U14: Denominación POSPRE | V14: Código FONDO | W14: Denominación FONDO | X14: Valor Actividades | Y14: Modificación
A15: FORTALECER EL ACCESO AL SISTEMA EDUCATIVO OFICIAL EN SANTIAGO DE CALI | B15: Estudiantes vinculados al sistema educativo oficial en los niveles de preescolar, básica primaria, secundaria y media | C15: Número | D15: 59414 | E15: 1. | F15: Formar técnicamente a las IEO y establecimientos educativos privados en los procedimientos de gestión de la cobertura educativa | G15: 2201006 | H15: 1.1 | I15: Servicio de asistencia técnica en educación inicial, preescolar, básica y media | J15: 220100600 | K15: Entidades y organizaciones asistidas técnicamente | L15: Número | M15: 0 | N15: 0 | O15: 1.1.1 | P15: BP-26003038/1/01/01/01 | Q15: Apoyar los procedimientos de gestión de la cobertura y las etapas de matrícula del Municipio a las IEO y EE privados | R15: Si | S15: 0 | U15: =IF(T15=""," ",VLOOKUP(T15,Listados!$L:$M,2,0)) | X15: 0
O16: 1.1.2 | P16: BP-26003038/1/01/01/02 | Q16: Apoyar el adecuado registro de estudiantes matriculados en el Sistema Integrado de matrículas (SIMAT) | R16: Si | S16: 0 | U16: =IF(T16=""," ",VLOOKUP(T16,Listados!$L:$M,2,0)) | X16: 0
E17: 2 | F17: Desarrollar estrategias de búsqueda activa de la población por fuera del sistema educativo | G17: 2201002 | H17: 2.1 | I17: Servicio de divulgación para la educación inicial, preescolar, básica y media | J17: 220100200 | K17: Procesos de socialización de lineamientos, política y normativa para la educación inicial, preescolar, básica y media realizados | L17: Número | M17: 0 | N17: 0 | O17: 2.1.1 | P17: BP-26003038/1/02/01/01 | Q17: Difundir la oferta educativa del sector oficial y las etapas de inscripción, traslado y matrícula en el municipio a través de la campaña de comunicaciones | R17: Si | S17: 0 | U17: =IF(T17=""," ",VLOOKUP(T17,Listados!$L:$M,2,0)) | X17: 0
H18: 1.2 | O18: 2.1.2 | P18: BP-26003038/1/02/01/02 | Q18: Realizar actividades de búsqueda activa de niños, niñas, adolescentes y jóvenes que se encuentran por fuera del sistema educativo escolar | R18: Si | S18: 0 | U18: =IF(T18=""," ",VLOOKUP(T18,Listados!$L:$M,2,0)) | X18: 0
E19: 3 | F19: Verificar el registro de la matricula oficial en el Sistema Integrado de Matricula SIMAT | G19: 2201065 | H19: 3.1 | I19: Documentos de investigación | J19: 220106500 | K19: Documentos de investigación elaborados | L19: Número | M19: 0 | N19: 0 | O19: 3.1.1 | P19: BP-26003038/1/03/01/01 | Q19: Realizar en terreno la verificacion, validación, y actualización de la información reportada por las 92 IEO en el Sistema Integrado de Matrícula SIMAT | R19: Si | S19: 0 | U19: =IF(T19=""," ",VLOOKUP(T19,Listados!$L:$M,2,0)) | X19: 0
O20: 3.1.2 | P20: BP-26003038/1/03/01/02 | Q20: Presentar informe de actividades y resultados del seguimiento a la matricula oficial realizado en terreno. | R20: Si | S20: 0 | U20: =IF(T20=""," ",VLOOKUP(T20,Listados!$L:$M,2,0)) | X20: 0
E21: 4 | F21: Emplear la estrategia de ampliación de cobertura para el acceso al sistema educativo oficial de la población en edad escolar de Santiago de Cali | G21: 2201017 | H21: 4.1 | I21: Servicio de fomento para el acceso a la educación inicial, preescolar, básica y media. | J21: 220101700 | K21: Personas beneficiadas con estrategias de fomento para el acceso a la educación inicial, preescolar, básica y media. | L21: Número | M21: 59414 | N21: 1 | O21: 4.1.1 | P21: BP-26003038/1/04/01/01 | Q21: Brindar acceso al servicio educativo a traves de la estrategia de ampliación de cobertura educativa en Santiago de Cali | R21: Si | S21: 0 | T21: 2-3030205 | U21: Contratos Prestación de Servicios con Instituciones Educativas | X21: 0
H22: 2.1 | O22: 4.1.2 | P22: BP-26003038/1/04/01/03 | Q22: Brindar acceso al servicio educativo a traves de la estrategia de ampliación de cobertura educativa en Santiago de Cali | R22: Si | S22: 1 | T22: 2.3.2.02.02.009 | U22: =IF(T22=""," ",VLOOKUP(T22,Listados!$L:$M,2,0)) -> Servicios para la comunidad, sociales y personales | V22: 1.2.4.1.01.01 | W22: 1.2.4.1.01.01 - SGP-Educación-Prestación de servicios CSF | X22: 140476006238
O23: 4.1.3 | P23: BP-26003038/1/04/01/02 | Q23: Realizar apoyo a la supervisión de los contratos para ampliación de cobertura educativa en Santiago de Cali | R23: Si | S23: 0 | U23: =IF(T23=""," ",VLOOKUP(T23,Listados!$L:$M,2,0)) | X23: 0
A24: TOTALES | L24: Total % ponderación productos | N24: =SUM(N15:N23) -> 1 | W24: Total Valor Actividades | X24: =SUM(X15:X23) -> 140476006238 | Y24: =SUM(Y15:Y23) -> 0

Sheet PPTO DETALLADO  AÑO 2024
B10: SECRETARÍA DE EDUCACIÓN DISTRITAL | Q10: SECRETARÍA DE EDUCACIÓN DISTRITAL | Y10: SECRETARÍA DE EDUCACIÓN DISTRITAL | AG10: SECRETARÍA DE EDUCACIÓN DISTRITAL | AO10: SECRETARÍA DE EDUCACIÓN DISTRITAL | AW10: SECRETARÍA DE EDUCACIÓN DISTRITAL | BE10: SECRETARÍA DE EDUCACIÓN DISTRITAL | BM10: SECRETARÍA DE EDUCACIÓN DISTRITAL | BU10: SECRETARÍA DE EDUCACIÓN DISTRITAL | CC10: SECRETARÍA DE EDUCACIÓN DISTRITAL | CK10: SECRETARÍA DE EDUCACIÓN DISTRITAL | CS10: SECRETARÍA DE EDUCACIÓN DISTRITAL | DA10: SECRETARÍA DE EDUCACIÓN DISTRITAL | DI10: SECRETARÍA DE EDUCACIÓN DISTRITAL | DQ10: SECRETARÍA DE EDUCACIÓN DISTRITAL | DY10: SECRETARÍA DE EDUCACIÓN DISTRITAL | EG10: SECRETARÍA DE EDUCACIÓN DISTRITAL | EO10: SECRETARÍA DE EDUCACIÓN DISTRITAL | EW10: SECRETARÍA DE EDUCACIÓN DISTRITAL | FE10: SECRETARÍA DE EDUCACIÓN DISTRITAL | FM10: SECRETARÍA DE EDUCACIÓN DISTRITAL | FU10: SECRETARÍA DE EDUCACIÓN DISTRITAL | GC10: SECRETARÍA DE EDUCACIÓN DISTRITAL | GK10: SECRETARÍA DE EDUCACIÓN DISTRITAL | GS10: SECRETARÍA DE EDUCACIÓN DISTRITAL | HA10: SECRETARÍA DE EDUCACIÓN DISTRITAL | HI10: SECRETARÍA DE EDUCACIÓN DISTRITAL | HQ10: SECRETARÍA DE EDUCACIÓN DISTRITAL | HY10: SECRETARÍA DE EDUCACIÓN DISTRITAL | IG10: SECRETARÍA DE EDUCACIÓN DISTRITAL | IO10: SECRETARÍA DE EDUCACIÓN DISTRITAL | IW10: SECRETARÍA DE EDUCACIÓN DISTRITAL | JE10: SECRETARÍA DE EDUCACIÓN DISTRITAL | JM10: SECRETARÍA DE EDUCACIÓN DISTRITAL | JU10: SECRETARÍA DE EDUCACIÓN DISTRITAL | KC10: SECRETARÍA DE EDUCACIÓN DISTRITAL | KK10: SECRETARÍA DE EDUCACIÓN DISTRITAL | KS10: SECRETARÍA DE EDUCACIÓN DISTRITAL | LA10: SECRETARÍA DE EDUCACIÓN DISTRITAL | LI10: SECRETARÍA DE EDUCACIÓN DISTRITAL | LQ10: SECRETARÍA DE EDUCACIÓN DISTRITAL | LY10: SECRETARÍA DE EDUCACIÓN DISTRITAL | MG10: SECRETARÍA DE EDUCACIÓN DISTRITAL | MO10: SECRETARÍA DE EDUCACIÓN DISTRITAL | MW10: SECRETARÍA DE EDUCACIÓN DISTRITAL | NE10: SECRETARÍA DE EDUCACIÓN DISTRITAL | NM10: SECRETARÍA DE EDUCACIÓN DISTRITAL | NU10: SECRETARÍA DE EDUCACIÓN DISTRITAL | OC10: SECRETARÍA DE EDUCACIÓN DISTRITAL | OK10: SECRETARÍA DE EDUCACIÓN DISTRITAL | OS10: SECRETARÍA DE EDUCACIÓN DISTRITAL | PA10: SECRETARÍA DE EDUCACIÓN DISTRITAL | PI10: SECRETARÍA DE EDUCACIÓN DISTRITAL | PQ10: SECRETARÍA DE EDUCACIÓN DISTRITAL | PY10: SECRETARÍA DE EDUCACIÓN DISTRITAL | QG10: SECRETARÍA DE EDUCACIÓN DISTRITAL | QO10: SECRETARÍA DE EDUCACIÓN DISTRITAL | QW10: SECRETARÍA DE EDUCACIÓN DISTRITAL | RE10: SECRETARÍA DE EDUCACIÓN DISTRITAL | RM10: SECRETARÍA DE EDUCACIÓN DISTRITAL | RU10: SECRETARÍA DE EDUCACIÓN DISTRITAL | SC10: SECRETARÍA DE EDUCACIÓN DISTRITAL | SK10: SECRETARÍA DE EDUCACIÓN DISTRITAL | SS10: SECRETARÍA DE EDUCACIÓN DISTRITAL | TA10: SECRETARÍA DE EDUCACIÓN DISTRITAL | TI10: SECRETARÍA DE EDUCACIÓN DISTRITAL | TQ10: SECRETARÍA DE EDUCACIÓN DISTRITAL | TY10: SECRETARÍA DE EDUCACIÓN DISTRITAL | UG10: SECRETARÍA DE EDUCACIÓN DISTRITAL | UO10: SECRETARÍA DE EDUCACIÓN DISTRITAL | UW10: SECRETARÍA DE EDUCACIÓN DISTRITAL | VE10: SECRETARÍA DE EDUCACIÓN DISTRITAL | VM10: SECRETARÍA DE EDUCACIÓN DISTRITAL | VU10: SECRETARÍA DE EDUCACIÓN DISTRITAL | WC10: SECRETARÍA DE EDUCACIÓN DISTRITAL | WK10: SECRETARÍA DE EDUCACIÓN DISTRITAL | WS10: SECRETARÍA DE EDUCACIÓN DISTRITAL | XA10: SECRETARÍA DE EDUCACIÓN DISTRITAL | XI10: SECRETARÍA DE EDUCACIÓN DISTRITAL | XQ10: SECRETARÍA DE EDUCACIÓN DISTRITAL | XY10: SECRETARÍA DE EDUCACIÓN DISTRITAL | YG10: SECRETARÍA DE EDUCACIÓN DISTRITAL | YO10: SECRETARÍA DE EDUCACIÓN DISTRITAL | YW10: SECRETARÍA DE EDUCACIÓN DISTRITAL | ZE10: SECRETARÍA DE EDUCACIÓN DISTRITAL | ZM10: SECRETARÍA DE EDUCACIÓN DISTRITAL | ZU10: SECRETARÍA DE EDUCACIÓN DISTRITAL | AAC10: SECRETARÍA DE EDUCACIÓN DISTRITAL | AAK10: SECRETARÍA DE EDUCACIÓN DISTRITAL | AAS10: SECRETARÍA DE EDUCACIÓN DISTRITAL | ABA10: SECRETARÍA DE EDUCACIÓN DISTRITAL | ABI10: SECRETARÍA DE EDUCACIÓN DISTRITAL | ABQ10: SECRETARÍA DE EDUCACIÓN DISTRITAL | ABY10: SECRETARÍA DE EDUCACIÓN DISTRITAL | ACG10: SECRETARÍA DE EDUCACIÓN DISTRITAL | ACO10: SECRETARÍA DE EDUCACIÓN DISTRITAL | ACW10: SECRETARÍA DE EDUCACIÓN DISTRITAL | ADE10: SECRETARÍA DE EDUCACIÓN DISTRITAL | ADM10: SECRETARÍA DE EDUCACIÓN DISTRITAL | ADU10: SECRETARÍA DE EDUCACIÓN DISTRITAL | AEC10: SECRETARÍA DE EDUCACIÓN DISTRITAL | AEK10: SECRETARÍA DE EDUCACIÓN DISTRITAL | AES10: SECRETARÍA DE EDUCACIÓN DISTRITAL | AFA10: SECRETARÍA DE EDUCACIÓN DISTRITAL | AFI10: SECRETARÍA DE EDUCACIÓN DISTRITAL | AFQ10: SECRETARÍA DE EDUCACIÓN DISTRITAL | AFY10: SECRETARÍA DE EDUCACIÓN DISTRITAL | AGG10: SECRETARÍA DE EDUCACIÓN DISTRITAL | AGO10: SECRETARÍA DE EDUCACIÓN DISTRITAL | AGW10: SECRETARÍA DE EDUCACIÓN DISTRITAL | AHE10: SECRETARÍA DE EDUCACIÓN DISTRITAL | AHM10: SECRETARÍA DE EDUCACIÓN DISTRITAL | AHU10: SECRETARÍA DE EDUCACIÓN DISTRITAL | AIC10: SECRETARÍA DE EDUCACIÓN DISTRITAL | AIK10: SECRETARÍA DE EDUCACIÓN DISTRITAL | AIS10: SECRETARÍA DE EDUCACIÓN DISTRITAL | AJA10: SECRETARÍA DE EDUCACIÓN DISTRITAL | AJI10: SECRETARÍA DE EDUCACIÓN DISTRITAL | AJQ10: SECRETARÍA DE EDUCACIÓN DISTRITAL | AJY10: SECRETARÍA DE EDUCACIÓN DISTRITAL | AKG10: SECRETARÍA DE EDUCACIÓN DISTRITAL | AKO10: SECRETARÍA DE EDUCACIÓN DISTRITAL | AKW10: SECRETARÍA DE EDUCACIÓN DISTRITAL | ALE10: SECRETARÍA DE EDUCACIÓN DISTRITAL | ALM10: SECRETARÍA DE EDUCACIÓN DISTRITAL | ALU10: SECRETARÍA DE EDUCACIÓN DISTRITAL | AMC10: SECRETARÍA DE EDUCACIÓN DISTRITAL | AMK10: SECRETARÍA DE EDUCACIÓN DISTRITAL | AMS10: SECRETARÍA DE EDUCACIÓN DISTRITAL | ANA10: SECRETARÍA DE EDUCACIÓN DISTRITAL | ANI10: SECRETARÍA DE EDUCACIÓN DISTRITAL | ANQ10: SECRETARÍA DE EDUCACIÓN DISTRITAL | ANY10: SECRETARÍA DE EDUCACIÓN DISTRITAL | AOG10: SECRETARÍA DE EDUCACIÓN DISTRITAL | AOO10: SECRETARÍA DE EDUCACIÓN DISTRITAL | AOW10: SECRETARÍA DE EDUCACIÓN DISTRITAL | APE10: SECRETARÍA DE EDUCACIÓN DISTRITAL | APM10: SECRETARÍA DE EDUCACIÓN DISTRITAL | APU10: SECRETARÍA DE EDUCACIÓN DISTRITAL | AQC10: SECRETARÍA DE EDUCACIÓN DISTRITAL | AQK10: SECRETARÍA DE EDUCACIÓN DISTRITAL | AQS10: SECRETARÍA DE EDUCACIÓN DISTRITAL | ARA10: SECRETARÍA DE EDUCACIÓN DISTRITAL | ARI10: SECRETARÍA DE EDUCACIÓN DISTRITAL | ARQ10: SECRETARÍA DE EDUCACIÓN DISTRITAL | ARY10: SECRETARÍA DE EDUCACIÓN DISTRITAL | ASG10: SECRETARÍA DE EDUCACIÓN DISTRITAL | ASO10: SECRETARÍA DE EDUCACIÓN DISTRITAL | ASW10: SECRETARÍA DE EDUCACIÓN DISTRITAL | ATE10: SECRETARÍA DE EDUCACIÓN DISTRITAL | ATM10: SECRETARÍA DE EDUCACIÓN DISTRITAL | ATU10: SECRETARÍA DE EDUCACIÓN DISTRITAL | AUC10: SECRETARÍA DE EDUCACIÓN DISTRITAL | AUK10: SECRETARÍA DE EDUCACIÓN DISTRITAL | AUS10: SECRETARÍA DE EDUCACIÓN DISTRITAL | AVA10: SECRETARÍA DE EDUCACIÓN DISTRITAL | AVI10: SECRETARÍA DE EDUCACIÓN DISTRITAL | AVQ10: SECRETARÍA DE EDUCACIÓN DISTRITAL | AVY10: SECRETARÍA DE EDUCACIÓN DISTRITAL | AWG10: SECRETARÍA DE EDUCACIÓN DISTRITAL | AWO10: SECRETARÍA DE EDUCACIÓN DISTRITAL | AWW10: SECRETARÍA DE EDUCACIÓN DISTRITAL | AXE10: SECRETARÍA DE EDUCACIÓN DISTRITAL | AXM10: SECRETARÍA DE EDUCACIÓN DISTRITAL | AXU10: SECRETARÍA DE EDUCACIÓN DISTRITAL | AYC10: SECRETARÍA DE EDUCACIÓN DISTRITAL | AYK10: SECRETARÍA DE EDUCACIÓN DISTRITAL | AYS10: SECRETARÍA DE EDUCACIÓN DISTRITAL | AZA10: SECRETARÍA DE EDUCACIÓN DISTRITAL | AZI10: SECRETARÍA DE EDUCACIÓN DISTRITAL | AZQ10: SECRETARÍA DE EDUCACIÓN DISTRITAL | AZY10: SECRETARÍA DE EDUCACIÓN DISTRITAL | BAG10: SECRETARÍA DE EDUCACIÓN DISTRITAL | BAO10: SECRETARÍA DE EDUCACIÓN DISTRITAL | BAW10: SECRETARÍA DE EDUCACIÓN DISTRITAL | BBE10: SECRETARÍA DE EDUCACIÓN DISTRITAL | BBM10: SECRETARÍA DE EDUCACIÓN DISTRITAL | BBU10: SECRETARÍA DE EDUCACIÓN DISTRITAL | BCC10: SECRETARÍA DE EDUCACIÓN DISTRITAL | BCK10: SECRETARÍA DE EDUCACIÓN DISTRITAL | BCS10: SECRETARÍA DE EDUCACIÓN DISTRITAL | BDA10: SECRETARÍA DE EDUCACIÓN DISTRITAL | BDI10: SECRETARÍA DE EDUCACIÓN DISTRITAL | BDQ10: SECRETARÍA DE EDUCACIÓN DISTRITAL | BDY10: SECRETARÍA DE EDUCACIÓN DISTRITAL | BEG10: SECRETARÍA DE EDUCACIÓN DISTRITAL | BEO10: SECRETARÍA DE EDUCACIÓN DISTRITAL | BEW10: SECRETARÍA DE EDUCACIÓN DISTRITAL | BFE10: SECRETARÍA DE EDUCACIÓN DISTRITAL | BFM10: SECRETARÍA DE EDUCACIÓN DISTRITAL | BFU10: SECRETARÍA DE EDUCACIÓN DISTRITAL | BGC10: SECRETARÍA DE EDUCACIÓN DISTRITAL | BGK10: SECRETARÍA DE EDUCACIÓN DISTRITAL | BGS10: SECRETARÍA DE EDUCACIÓN DISTRITAL | BHA10: SECRETARÍA DE EDUCACIÓN DISTRITAL | BHI10: SECRETARÍA DE EDUCACIÓN DISTRITAL | BHQ10: SECRETARÍA DE EDUCACIÓN DISTRITAL | BHY10: SECRETARÍA DE EDUCACIÓN DISTRITAL | BIG10: SECRETARÍA DE EDUCACIÓN DISTRITAL | BIO10: SECRETARÍA DE EDUCACIÓN DISTRITAL | BIW10: SECRETARÍA DE EDUCACIÓN DISTRITAL | BJE10: SECRETARÍA DE EDUCACIÓN DISTRITAL | BJM10: SECRETARÍA DE EDUCACIÓN DISTRITAL | BJU10: SECRETARÍA DE EDUCACIÓN DISTRITAL | BKC10: SECRETARÍA DE EDUCACIÓN DISTRITAL | BKK10: SECRETARÍA DE EDUCACIÓN DISTRITAL | BKS10: SECRETARÍA DE EDUCACIÓN DISTRITAL | BLA10: SECRETARÍA DE EDUCACIÓN DISTRITAL | BLI10: SECRETARÍA DE EDUCACIÓN DISTRITAL | BLQ10: SECRETARÍA DE EDUCACIÓN DISTRITAL | BLY10: SECRETARÍA DE EDUCACIÓN DISTRITAL | BMG10: SECRETARÍA DE EDUCACIÓN DISTRITAL | BMO10: SECRETARÍA DE EDUCACIÓN DISTRITAL | BMW10: SECRETARÍA DE EDUCACIÓN DISTRITAL | BNE10: SECRETARÍA DE EDUCACIÓN DISTRITAL | BNM10: SECRETARÍA DE EDUCACIÓN DISTRITAL | BNU10: SECRETARÍA DE EDUCACIÓN DISTRITAL | BOC10: SECRETARÍA DE EDUCACIÓN DISTRITAL | BOK10: SECRETARÍA DE EDUCACIÓN DISTRITAL | BOS10: SECRETARÍA DE EDUCACIÓN DISTRITAL | BPA10: SECRETARÍA DE EDUCACIÓN DISTRITAL | BPI10: SECRETARÍA DE EDUCACIÓN DISTRITAL | BPQ10: SECRETARÍA DE EDUCACIÓN DISTRITAL | BPY10: SECRETARÍA DE EDUCACIÓN DISTRITAL | BQG10: SECRETARÍA DE EDUCACIÓN DISTRITAL | BQO10: SECRETARÍA DE EDUCACIÓN DISTRITAL | BQW10: SECRETARÍA DE EDUCACIÓN DISTRITAL | BRE10: SECRETARÍA DE EDUCACIÓN DISTRITAL | BRM10: SECRETARÍA DE EDUCACIÓN DISTRITAL | BRU10: SECRETARÍA DE EDUCACIÓN DISTRITAL | BSC10: SECRETARÍA DE EDUCACIÓN DISTRITAL | BSK10: SECRETARÍA DE EDUCACIÓN DISTRITAL | BSS10: SECRETARÍA DE EDUCACIÓN DISTRITAL | BTA10: SECRETARÍA DE EDUCACIÓN DISTRITAL | BTI10: SECRETARÍA DE EDUCACIÓN DISTRITAL | BTQ10: SECRETARÍA DE EDUCACIÓN DISTRITAL | BTY10: SECRETARÍA DE EDUCACIÓN DISTRITAL | BUG10: SECRETARÍA DE EDUCACIÓN DISTRITAL | BUO10: SECRETARÍA DE EDUCACIÓN DISTRITAL | BUW10: SECRETARÍA DE EDUCACIÓN DISTRITAL | BVE10: SECRETARÍA DE EDUCACIÓN DISTRITAL | BVM10: SECRETARÍA DE EDUCACIÓN DISTRITAL | BVU10: SECRETARÍA DE EDUCACIÓN DISTRITAL | BWC10: SECRETARÍA DE EDUCACIÓN DISTRITAL | BWK10: SECRETARÍA DE EDUCACIÓN DISTRITAL | BWS10: SECRETARÍA DE EDUCACIÓN DISTRITAL | BXA10: SECRETARÍA DE EDUCACIÓN DISTRITAL | BXI10: SECRETARÍA DE EDUCACIÓN DISTRITAL | BXQ10: SECRETARÍA DE EDUCACIÓN DISTRITAL | BXY10: SECRETARÍA DE EDUCACIÓN DISTRITAL | BYG10: SECRETARÍA DE EDUCACIÓN DISTRITAL | BYO10: SECRETARÍA DE EDUCACIÓN DISTRITAL | BYW10: SECRETARÍA DE EDUCACIÓN DISTRITAL | BZE10: SECRETARÍA DE EDUCACIÓN DISTRITAL | BZM10: SECRETARÍA DE EDUCACIÓN DISTRITAL | BZU10: SECRETARÍA DE EDUCACIÓN DISTRITAL | CAC10: SECRETARÍA DE EDUCACIÓN DISTRITAL | CAK10: SECRETARÍA DE EDUCACIÓN DISTRITAL | CAS10: SECRETARÍA DE EDUCACIÓN DISTRITAL | CBA10: SECRETARÍA DE EDUCACIÓN DISTRITAL | CBI10: SECRETARÍA DE EDUCACIÓN DISTRITAL | CBQ10: SECRETARÍA DE EDUCACIÓN DISTRITAL | CBY10: SECRETARÍA DE EDUCACIÓN DISTRITAL | CCG10: SECRETARÍA DE EDUCACIÓN DISTRITAL | CCO10: SECRETARÍA DE EDUCACIÓN DISTRITAL | CCW10: SECRETARÍA DE EDUCACIÓN DISTRITAL | CDE10: SECRETARÍA DE EDUCACIÓN DISTRITAL | CDM10: SECRETARÍA DE EDUCACIÓN DISTRITAL | CDU10: SECRETARÍA DE EDUCACIÓN DISTRITAL | CEC10: SECRETARÍA DE EDUCACIÓN DISTRITAL | CEK10: SECRETARÍA DE EDUCACIÓN DISTRITAL | CES10: SECRETARÍA DE EDUCACIÓN DISTRITAL | CFA10: SECRETARÍA DE EDUCACIÓN DISTRITAL | CFI10: SECRETARÍA DE EDUCACIÓN DISTRITAL | CFQ10: SECRETARÍA DE EDUCACIÓN DISTRITAL | CFY10: SECRETARÍA DE EDUCACIÓN DISTRITAL | CGG10: SECRETARÍA DE EDUCACIÓN DISTRITAL | CGO10: SECRETARÍA DE EDUCACIÓN DISTRITAL | CGW10: SECRETARÍA DE EDUCACIÓN DISTRITAL | CHE10: SECRETARÍA DE EDUCACIÓN DISTRITAL | CHM10: SECRETARÍA DE EDUCACIÓN DISTRITAL | CHU10: SECRETARÍA DE EDUCACIÓN DISTRITAL | CIC10: SECRETARÍA DE EDUCACIÓN DISTRITAL | CIK10: SECRETARÍA DE EDUCACIÓN DISTRITAL | CIS10: SECRETARÍA DE EDUCACIÓN DISTRITAL | CJA10: SECRETARÍA DE EDUCACIÓN DISTRITAL | CJI10: SECRETARÍA DE EDUCACIÓN DISTRITAL | CJQ10: SECRETARÍA DE EDUCACIÓN DISTRITAL | CJY10: SECRETARÍA DE EDUCACIÓN DISTRITAL | CKG10: SECRETARÍA DE EDUCACIÓN DISTRITAL | CKO10: SECRETARÍA DE EDUCACIÓN DISTRITAL | CKW10: SECRETARÍA DE EDUCACIÓN DISTRITAL | CLE10: SECRETARÍA DE EDUCACIÓN DISTRITAL | CLM10: SECRETARÍA DE EDUCACIÓN DISTRITAL | CLU10: SECRETARÍA DE EDUCACIÓN DISTRITAL | CMC10: SECRETARÍA DE EDUCACIÓN DISTRITAL | CMK10: SECRETARÍA DE EDUCACIÓN DISTRITAL | CMS10: SECRETARÍA DE EDUCACIÓN DISTRITAL | CNA10: SECRETARÍA DE EDUCACIÓN DISTRITAL | CNI10: SECRETARÍA DE EDUCACIÓN DISTRITAL | CNQ10: SECRETARÍA DE EDUCACIÓN DISTRITAL | CNY10: SECRETARÍA DE EDUCACIÓN DISTRITAL | COG10: SECRETARÍA DE EDUCACIÓN DISTRITAL | COO10: SECRETARÍA DE EDUCACIÓN DISTRITAL | COW10: SECRETARÍA DE EDUCACIÓN DISTRITAL | CPE10: SECRETARÍA DE EDUCACIÓN DISTRITAL | CPM10: SECRETARÍA DE EDUCACIÓN DISTRITAL | CPU10: SECRETARÍA DE EDUCACIÓN DISTRITAL | CQC10: SECRETARÍA DE EDUCACIÓN DISTRITAL | CQK10: SECRETARÍA DE EDUCACIÓN DISTRITAL | CQS10: SECRETARÍA DE EDUCACIÓN DISTRITAL | CRA10: SECRETARÍA DE EDUCACIÓN DISTRITAL | CRI10: SECRETARÍA DE EDUCACIÓN DISTRITAL | CRQ10: SECRETARÍA DE EDUCACIÓN DISTRITAL | CRY10: SECRETARÍA DE EDUCACIÓN DISTRITAL | CSG10: SECRETARÍA DE EDUCACIÓN DISTRITAL | CSO10: SECRETARÍA DE EDUCACIÓN DISTRITAL | CSW10: SECRETARÍA DE EDUCACIÓN DISTRITAL | CTE10: SECRETARÍA DE EDUCACIÓN DISTRITAL | CTM10: SECRETARÍA DE EDUCACIÓN DISTRITAL | CTU10: SECRETARÍA DE EDUCACIÓN DISTRITAL | CUC10: SECRETARÍA DE EDUCACIÓN DISTRITAL | CUK10: SECRETARÍA DE EDUCACIÓN DISTRITAL | CUS10: SECRETARÍA DE EDUCACIÓN DISTRITAL | CVA10: SECRETARÍA DE EDUCACIÓN DISTRITAL | CVI10: SECRETARÍA DE EDUCACIÓN DISTRITAL | CVQ10: SECRETARÍA DE EDUCACIÓN DISTRITAL | CVY10: SECRETARÍA DE EDUCACIÓN DISTRITAL | CWG10: SECRETARÍA DE EDUCACIÓN DISTRITAL | CWO10: SECRETARÍA DE EDUCACIÓN DISTRITAL | CWW10: SECRETARÍA DE EDUCACIÓN DISTRITAL | CXE10: SECRETARÍA DE EDUCACIÓN DISTRITAL | CXM10: SECRETARÍA DE EDUCACIÓN DISTRITAL | CXU10: SECRETARÍA DE EDUCACIÓN DISTRITAL | CYC10: SECRETARÍA DE EDUCACIÓN DISTRITAL | CYK10: SECRETARÍA DE EDUCACIÓN DISTRITAL | CYS10: SECRETARÍA DE EDUCACIÓN DISTRITAL | CZA10: SECRETARÍA DE EDUCACIÓN DISTRITAL | CZI10: SECRETARÍA DE EDUCACIÓN DISTRITAL | CZQ10: SECRETARÍA DE EDUCACIÓN DISTRITAL | CZY10: SECRETARÍA DE EDUCACIÓN DISTRITAL | DAG10: SECRETARÍA DE EDUCACIÓN DISTRITAL | DAO10: SECRETARÍA DE EDUCACIÓN DISTRITAL | DAW10: SECRETARÍA DE EDUCACIÓN DISTRITAL | DBE10: SECRETARÍA DE EDUCACIÓN DISTRITAL | DBM10: SECRETARÍA DE EDUCACIÓN DISTRITAL | DBU10: SECRETARÍA DE EDUCACIÓN DISTRITAL | DCC10: SECRETARÍA DE EDUCACIÓN DISTRITAL | DCK10: SECRETARÍA DE EDUCACIÓN DISTRITAL | DCS10: SECRETARÍA DE EDUCACIÓN DISTRITAL | DDA10: SECRETARÍA DE EDUCACIÓN DISTRITAL | DDI10: SECRETARÍA DE EDUCACIÓN DISTRITAL | DDQ10: SECRETARÍA DE EDUCACIÓN DISTRITAL | DDY10: SECRETARÍA DE EDUCACIÓN DISTRITAL | DEG10: SECRETARÍA DE EDUCACIÓN DISTRITAL | DEO10: SECRETARÍA DE EDUCACIÓN DISTRITAL | DEW10: SECRETARÍA DE EDUCACIÓN DISTRITAL | DFE10: SECRETARÍA DE EDUCACIÓN DISTRITAL | DFM10: SECRETARÍA DE EDUCACIÓN DISTRITAL | DFU10: SECRETARÍA DE EDUCACIÓN DISTRITAL | DGC10: SECRETARÍA DE EDUCACIÓN DISTRITAL | DGK10: SECRETARÍA DE EDUCACIÓN DISTRITAL | DGS10: SECRETARÍA DE EDUCACIÓN DISTRITAL | DHA10: SECRETARÍA DE EDUCACIÓN DISTRITAL | DHI10: SECRETARÍA DE EDUCACIÓN DISTRITAL | DHQ10: SECRETARÍA DE EDUCACIÓN DISTRITAL | DHY10: SECRETARÍA DE EDUCACIÓN DISTRITAL | DIG10: SECRETARÍA DE EDUCACIÓN DISTRITAL | DIO10: SECRETARÍA DE EDUCACIÓN DISTRITAL | DIW10: SECRETARÍA DE EDUCACIÓN DISTRITAL | DJE10: SECRETARÍA DE EDUCACIÓN DISTRITAL | DJM10: SECRETARÍA DE EDUCACIÓN DISTRITAL | DJU10: SECRETARÍA DE EDUCACIÓN DISTRITAL | DKC10: SECRETARÍA DE EDUCACIÓN DISTRITAL | DKK10: SECRETARÍA DE EDUCACIÓN DISTRITAL | DKS10: SECRETARÍA DE EDUCACIÓN DISTRITAL | DLA10: SECRETARÍA DE EDUCACIÓN DISTRITAL | DLI10: SECRETARÍA DE EDUCACIÓN DISTRITAL | DLQ10: SECRETARÍA DE EDUCACIÓN DISTRITAL | DLY10: SECRETARÍA DE EDUCACIÓN DISTRITAL | DMG10: SECRETARÍA DE EDUCACIÓN DISTRITAL | DMO10: SECRETARÍA DE EDUCACIÓN DISTRITAL | DMW10: SECRETARÍA DE EDUCACIÓN DISTRITAL | DNE10: SECRETARÍA DE EDUCACIÓN DISTRITAL | DNM10: SECRETARÍA DE EDUCACIÓN DISTRITAL | DNU10: SECRETARÍA DE EDUCACIÓN DISTRITAL | DOC10: SECRETARÍA DE EDUCACIÓN DISTRITAL | DOK10: SECRETARÍA DE EDUCACIÓN DISTRITAL | DOS10: SECRETARÍA DE EDUCACIÓN DISTRITAL | DPA10: SECRETARÍA DE EDUCACIÓN DISTRITAL | DPI10: SECRETARÍA DE EDUCACIÓN DISTRITAL | DPQ10: SECRETARÍA DE EDUCACIÓN DISTRITAL | DPY10: SECRETARÍA DE EDUCACIÓN DISTRITAL | DQG10: SECRETARÍA DE EDUCACIÓN DISTRITAL | DQO10: SECRETARÍA DE EDUCACIÓN DISTRITAL | DQW10: SECRETARÍA DE EDUCACIÓN DISTRITAL | DRE10: SECRETARÍA DE EDUCACIÓN DISTRITAL | DRM10: SECRETARÍA DE EDUCACIÓN DISTRITAL | DRU10: SECRETARÍA DE EDUCACIÓN DISTRITAL | DSC10: SECRETARÍA DE EDUCACIÓN DISTRITAL | DSK10: SECRETARÍA DE EDUCACIÓN DISTRITAL | DSS10: SECRETARÍA DE EDUCACIÓN DISTRITAL | DTA10: SECRETARÍA DE EDUCACIÓN DISTRITAL | DTI10: SECRETARÍA DE EDUCACIÓN DISTRITAL | DTQ10: SECRETARÍA DE EDUCACIÓN DISTRITAL | DTY10: SECRETARÍA DE EDUCACIÓN DISTRITAL | DUG10: SECRETARÍA DE EDUCACIÓN DISTRITAL | DUO10: SECRETARÍA DE EDUCACIÓN DISTRITAL | DUW10: SECRETARÍA DE EDUCACIÓN DISTRITAL | DVE10: SECRETARÍA DE EDUCACIÓN DISTRITAL | DVM10: SECRETARÍA DE EDUCACIÓN DISTRITAL | DVU10: SECRETARÍA DE EDUCACIÓN DISTRITAL | DWC10: SECRETARÍA DE EDUCACIÓN DISTRITAL | DWK10: SECRETARÍA DE EDUCACIÓN DISTRITAL | DWS10: SECRETARÍA DE EDUCACIÓN DISTRITAL | DXA10: SECRETARÍA DE EDUCACIÓN DISTRITAL | DXI10: SECRETARÍA DE EDUCACIÓN DISTRITAL | DXQ10: SECRETARÍA DE EDUCACIÓN DISTRITAL | DXY10: SECRETARÍA DE EDUCACIÓN DISTRITAL | DYG10: SECRETARÍA DE EDUCACIÓN DISTRITAL | DYO10: SECRETARÍA DE EDUCACIÓN DISTRITAL | DYW10: SECRETARÍA DE EDUCACIÓN DISTRITAL | DZE10: SECRETARÍA DE EDUCACIÓN DISTRITAL | DZM10: SECRETARÍA DE EDUCACIÓN DISTRITAL | DZU10: SECRETARÍA DE EDUCACIÓN DISTRITAL | EAC10: SECRETARÍA DE EDUCACIÓN DISTRITAL | EAK10: SECRETARÍA DE EDUCACIÓN DISTRITAL | EAS10: SECRETARÍA DE EDUCACIÓN DISTRITAL | EBA10: SECRETARÍA DE EDUCACIÓN DISTRITAL | EBI10: SECRETARÍA DE EDUCACIÓN DISTRITAL | EBQ10: SECRETARÍA DE EDUCACIÓN DISTRITAL | EBY10: SECRETARÍA DE EDUCACIÓN DISTRITAL | ECG10: SECRETARÍA DE EDUCACIÓN DISTRITAL | ECO10: SECRETARÍA DE EDUCACIÓN DISTRITAL | ECW10: SECRETARÍA DE EDUCACIÓN DISTRITAL | EDE10: SECRETARÍA DE EDUCACIÓN DISTRITAL | EDM10: SECRETARÍA DE EDUCACIÓN DISTRITAL | EDU10: SECRETARÍA DE EDUCACIÓN DISTRITAL | EEC10: SECRETARÍA DE EDUCACIÓN DISTRITAL | EEK10: SECRETARÍA DE EDUCACIÓN DISTRITAL | EES10: SECRETARÍA DE EDUCACIÓN DISTRITAL | EFA10: SECRETARÍA DE EDUCACIÓN DISTRITAL | EFI10: SECRETARÍA DE EDUCACIÓN DISTRITAL | EFQ10: SECRETARÍA DE EDUCACIÓN DISTRITAL | EFY10: SECRETARÍA DE EDUCACIÓN DISTRITAL | EGG10: SECRETARÍA DE EDUCACIÓN DISTRITAL | EGO10: SECRETARÍA DE EDUCACIÓN DISTRITAL | EGW10: SECRETARÍA DE EDUCACIÓN DISTRITAL | EHE10: SECRETARÍA DE EDUCACIÓN DISTRITAL | EHM10: SECRETARÍA DE EDUCACIÓN DISTRITAL | EHU10: SECRETARÍA DE EDUCACIÓN DISTRITAL | EIC10: SECRETARÍA DE EDUCACIÓN DISTRITAL | EIK10: SECRETARÍA DE EDUCACIÓN DISTRITAL | EIS10: SECRETARÍA DE EDUCACIÓN DISTRITAL | EJA10: SECRETARÍA DE EDUCACIÓN DISTRITAL | EJI10: SECRETARÍA DE EDUCACIÓN DISTRITAL | EJQ10: SECRETARÍA DE EDUCACIÓN DISTRITAL | EJY10: SECRETARÍA DE EDUCACIÓN DISTRITAL | EKG10: SECRETARÍA DE EDUCACIÓN DISTRITAL | EKO10: SECRETARÍA DE EDUCACIÓN DISTRITAL | EKW10: SECRETARÍA DE EDUCACIÓN DISTRITAL | ELE10: SECRETARÍA DE EDUCACIÓN DISTRITAL | ELM10: SECRETARÍA DE EDUCACIÓN DISTRITAL | ELU10: SECRETARÍA DE EDUCACIÓN DISTRITAL | EMC10: SECRETARÍA DE EDUCACIÓN DISTRITAL | EMK10: SECRETARÍA DE EDUCACIÓN DISTRITAL | EMS10: SECRETARÍA DE EDUCACIÓN DISTRITAL | ENA10: SECRETARÍA DE EDUCACIÓN DISTRITAL | ENI10: SECRETARÍA DE EDUCACIÓN DISTRITAL | ENQ10: SECRETARÍA DE EDUCACIÓN DISTRITAL | ENY10: SECRETARÍA DE EDUCACIÓN DISTRITAL | EOG10: SECRETARÍA DE EDUCACIÓN DISTRITAL | EOO10: SECRETARÍA DE EDUCACIÓN DISTRITAL | EOW10: SECRETARÍA DE EDUCACIÓN DISTRITAL | EPE10: SECRETARÍA DE EDUCACIÓN DISTRITAL | EPM10: SECRETARÍA DE EDUCACIÓN DISTRITAL | EPU10: SECRETARÍA DE EDUCACIÓN DISTRITAL | EQC10: SECRETARÍA DE EDUCACIÓN DISTRITAL | EQK10: SECRETARÍA DE EDUCACIÓN DISTRITAL | EQS10: SECRETARÍA DE EDUCACIÓN DISTRITAL | ERA10: SECRETARÍA DE EDUCACIÓN DISTRITAL | ERI10: SECRETARÍA DE EDUCACIÓN DISTRITAL | ERQ10: SECRETARÍA DE EDUCACIÓN DISTRITAL | ERY10: SECRETARÍA DE EDUCACIÓN DISTRITAL | ESG10: SECRETARÍA DE EDUCACIÓN DISTRITAL | ESO10: SECRETARÍA DE EDUCACIÓN DISTRITAL | ESW10: SECRETARÍA DE EDUCACIÓN DISTRITAL | ETE10: SECRETARÍA DE EDUCACIÓN DISTRITAL | ETM10: SECRETARÍA DE EDUCACIÓN DISTRITAL | ETU10: SECRETARÍA DE EDUCACIÓN DISTRITAL | EUC10: SECRETARÍA DE EDUCACIÓN DISTRITAL | EUK10: SECRETARÍA DE EDUCACIÓN DISTRITAL | EUS10: SECRETARÍA DE EDUCACIÓN DISTRITAL | EVA10: SECRETARÍA DE EDUCACIÓN DISTRITAL | EVI10: SECRETARÍA DE EDUCACIÓN DISTRITAL | EVQ10: SECRETARÍA DE EDUCACIÓN DISTRITAL | EVY10: SECRETARÍA DE EDUCACIÓN DISTRITAL | EWG10: SECRETARÍA DE EDUCACIÓN DISTRITAL | EWO10: SECRETARÍA DE EDUCACIÓN DISTRITAL | EWW10: SECRETARÍA DE EDUCACIÓN DISTRITAL | EXE10: SECRETARÍA DE EDUCACIÓN DISTRITAL | EXM10: SECRETARÍA DE EDUCACIÓN DISTRITAL | EXU10: SECRETARÍA DE EDUCACIÓN DISTRITAL | EYC10: SECRETARÍA DE EDUCACIÓN DISTRITAL | EYK10: SECRETARÍA DE EDUCACIÓN DISTRITAL | EYS10: SECRETARÍA DE EDUCACIÓN DISTRITAL | EZA10: SECRETARÍA DE EDUCACIÓN DISTRITAL | EZI10: SECRETARÍA DE EDUCACIÓN DISTRITAL | EZQ10: SECRETARÍA DE EDUCACIÓN DISTRITAL | EZY10: SECRETARÍA DE EDUCACIÓN DISTRITAL | FAG10: SECRETARÍA DE EDUCACIÓN DISTRITAL | FAO10: SECRETARÍA DE EDUCACIÓN DISTRITAL | FAW10: SECRETARÍA DE EDUCACIÓN DISTRITAL | FBE10: SECRETARÍA DE EDUCACIÓN DISTRITAL | FBM10: SECRETARÍA DE EDUCACIÓN DISTRITAL | FBU10: SECRETARÍA DE EDUCACIÓN DISTRITAL | FCC10: SECRETARÍA DE EDUCACIÓN DISTRITAL | FCK10: SECRETARÍA DE EDUCACIÓN DISTRITAL | FCS10: SECRETARÍA DE EDUCACIÓN DISTRITAL | FDA10: SECRETARÍA DE EDUCACIÓN DISTRITAL | FDI10: SECRETARÍA DE EDUCACIÓN DISTRITAL | FDQ10: SECRETARÍA DE EDUCACIÓN DISTRITAL | FDY10: SECRETARÍA DE EDUCACIÓN DISTRITAL | FEG10: SECRETARÍA DE EDUCACIÓN DISTRITAL | FEO10: SECRETARÍA DE EDUCACIÓN DISTRITAL | FEW10: SECRETARÍA DE EDUCACIÓN DISTRITAL | FFE10: SECRETARÍA DE EDUCACIÓN DISTRITAL | FFM10: SECRETARÍA DE EDUCACIÓN DISTRITAL | FFU10: SECRETARÍA DE EDUCACIÓN DISTRITAL | FGC10: SECRETARÍA DE EDUCACIÓN DISTRITAL | FGK10: SECRETARÍA DE EDUCACIÓN DISTRITAL | FGS10: SECRETARÍA DE EDUCACIÓN DISTRITAL | FHA10: SECRETARÍA DE EDUCACIÓN DISTRITAL | FHI10: SECRETARÍA DE EDUCACIÓN DISTRITAL | FHQ10: SECRETARÍA DE EDUCACIÓN DISTRITAL | FHY10: SECRETARÍA DE EDUCACIÓN DISTRITAL | FIG10: SECRETARÍA DE EDUCACIÓN DISTRITAL | FIO10: SECRETARÍA DE EDUCACIÓN DISTRITAL | FIW10: SECRETARÍA DE EDUCACIÓN DISTRITAL | FJE10: SECRETARÍA DE EDUCACIÓN DISTRITAL | FJM10: SECRETARÍA DE EDUCACIÓN DISTRITAL | FJU10: SECRETARÍA DE EDUCACIÓN DISTRITAL | FKC10: SECRETARÍA DE EDUCACIÓN DISTRITAL | FKK10: SECRETARÍA DE EDUCACIÓN DISTRITAL | FKS10: SECRETARÍA DE EDUCACIÓN DISTRITAL | FLA10: SECRETARÍA DE EDUCACIÓN DISTRITAL | FLI10: SECRETARÍA DE EDUCACIÓN DISTRITAL | FLQ10: SECRETARÍA DE EDUCACIÓN DISTRITAL | FLY10: SECRETARÍA DE EDUCACIÓN DISTRITAL | FMG10: SECRETARÍA DE EDUCACIÓN DISTRITAL | FMO10: SECRETARÍA DE EDUCACIÓN DISTRITAL | FMW10: SECRETARÍA DE EDUCACIÓN DISTRITAL | FNE10: SECRETARÍA DE EDUCACIÓN DISTRITAL | FNM10: SECRETARÍA DE EDUCACIÓN DISTRITAL | FNU10: SECRETARÍA DE EDUCACIÓN DISTRITAL | FOC10: SECRETARÍA DE EDUCACIÓN DISTRITAL | FOK10: SECRETARÍA DE EDUCACIÓN DISTRITAL | FOS10: SECRETARÍA DE EDUCACIÓN DISTRITAL | FPA10: SECRETARÍA DE EDUCACIÓN DISTRITAL | FPI10: SECRETARÍA DE EDUCACIÓN DISTRITAL | FPQ10: SECRETARÍA DE EDUCACIÓN DISTRITAL | FPY10: SECRETARÍA DE EDUCACIÓN DISTRITAL | FQG10: SECRETARÍA DE EDUCACIÓN DISTRITAL | FQO10: SECRETARÍA DE EDUCACIÓN DISTRITAL | FQW10: SECRETARÍA DE EDUCACIÓN DISTRITAL | FRE10: SECRETARÍA DE EDUCACIÓN DISTRITAL | FRM10: SECRETARÍA DE EDUCACIÓN DISTRITAL | FRU10: SECRETARÍA DE EDUCACIÓN DISTRITAL | FSC10: SECRETARÍA DE EDUCACIÓN DISTRITAL | FSK10: SECRETARÍA DE EDUCACIÓN DISTRITAL | FSS10: SECRETARÍA DE EDUCACIÓN DISTRITAL | FTA10: SECRETARÍA DE EDUCACIÓN DISTRITAL | FTI10: SECRETARÍA DE EDUCACIÓN DISTRITAL | FTQ10: SECRETARÍA DE EDUCACIÓN DISTRITAL | FTY10: SECRETARÍA DE EDUCACIÓN DISTRITAL | FUG10: SECRETARÍA DE EDUCACIÓN DISTRITAL | FUO10: SECRETARÍA DE EDUCACIÓN DISTRITAL | FUW10: SECRETARÍA DE EDUCACIÓN DISTRITAL | FVE10: SECRETARÍA DE EDUCACIÓN DISTRITAL | FVM10: SECRETARÍA DE EDUCACIÓN DISTRITAL | FVU10: SECRETARÍA DE EDUCACIÓN DISTRITAL | FWC10: SECRETARÍA DE EDUCACIÓN DISTRITAL | FWK10: SECRETARÍA DE EDUCACIÓN DISTRITAL | FWS10: SECRETARÍA DE EDUCACIÓN DISTRITAL | FXA10: SECRETARÍA DE EDUCACIÓN DISTRITAL | FXI10: SECRETARÍA DE EDUCACIÓN DISTRITAL | FXQ10: SECRETARÍA DE EDUCACIÓN DISTRITAL | FXY10: SECRETARÍA DE EDUCACIÓN DISTRITAL | FYG10: SECRETARÍA DE EDUCACIÓN DISTRITAL | FYO10: SECRETARÍA DE EDUCACIÓN DISTRITAL | FYW10: SECRETARÍA DE EDUCACIÓN DISTRITAL | FZE10: SECRETARÍA DE EDUCACIÓN DISTRITAL | FZM10: SECRETARÍA DE EDUCACIÓN DISTRITAL | FZU10: SECRETARÍA DE EDUCACIÓN DISTRITAL | GAC10: SECRETARÍA DE EDUCACIÓN DISTRITAL | GAK10: SECRETARÍA DE EDUCACIÓN DISTRITAL | GAS10: SECRETARÍA DE EDUCACIÓN DISTRITAL | GBA10: SECRETARÍA DE EDUCACIÓN DISTRITAL | GBI10: SECRETARÍA DE EDUCACIÓN DISTRITAL | GBQ10: SECRETARÍA DE EDUCACIÓN DISTRITAL | GBY10: SECRETARÍA DE EDUCACIÓN DISTRITAL | GCG10: SECRETARÍA DE EDUCACIÓN DISTRITAL | GCO10: SECRETARÍA DE EDUCACIÓN DISTRITAL | GCW10: SECRETARÍA DE EDUCACIÓN DISTRITAL | GDE10: SECRETARÍA DE EDUCACIÓN DISTRITAL | GDM10: SECRETARÍA DE EDUCACIÓN DISTRITAL | GDU10: SECRETARÍA DE EDUCACIÓN DISTRITAL | GEC10: SECRETARÍA DE EDUCACIÓN DISTRITAL | GEK10: SECRETARÍA DE EDUCACIÓN DISTRITAL | GES10: SECRETARÍA DE EDUCACIÓN DISTRITAL | GFA10: SECRETARÍA DE EDUCACIÓN DISTRITAL | GFI10: SECRETARÍA DE EDUCACIÓN DISTRITAL | GFQ10: SECRETARÍA DE EDUCACIÓN DISTRITAL | GFY10: SECRETARÍA DE EDUCACIÓN DISTRITAL | GGG10: SECRETARÍA DE EDUCACIÓN DISTRITAL | GGO10: SECRETARÍA DE EDUCACIÓN DISTRITAL | GGW10: SECRETARÍA DE EDUCACIÓN DISTRITAL | GHE10: SECRETARÍA DE EDUCACIÓN DISTRITAL | GHM10: SECRETARÍA DE EDUCACIÓN DISTRITAL | GHU10: SECRETARÍA DE EDUCACIÓN DISTRITAL | GIC10: SECRETARÍA DE EDUCACIÓN DISTRITAL | GIK10: SECRETARÍA DE EDUCACIÓN DISTRITAL | GIS10: SECRETARÍA DE EDUCACIÓN DISTRITAL | GJA10: SECRETARÍA DE EDUCACIÓN DISTRITAL | GJI10: SECRETARÍA DE EDUCACIÓN DISTRITAL | GJQ10: SECRETARÍA DE EDUCACIÓN DISTRITAL | GJY10: SECRETARÍA DE EDUCACIÓN DISTRITAL | GKG10: SECRETARÍA DE EDUCACIÓN DISTRITAL | GKO10: SECRETARÍA DE EDUCACIÓN DISTRITAL | GKW10: SECRETARÍA DE EDUCACIÓN DISTRITAL | GLE10: SECRETARÍA DE EDUCACIÓN DISTRITAL | GLM10: SECRETARÍA DE EDUCACIÓN DISTRITAL | GLU10: SECRETARÍA DE EDUCACIÓN DISTRITAL | GMC10: SECRETARÍA DE EDUCACIÓN DISTRITAL | GMK10: SECRETARÍA DE EDUCACIÓN DISTRITAL | GMS10: SECRETARÍA DE EDUCACIÓN DISTRITAL | GNA10: SECRETARÍA DE EDUCACIÓN DISTRITAL | GNI10: SECRETARÍA DE EDUCACIÓN DISTRITAL | GNQ10: SECRETARÍA DE EDUCACIÓN DISTRITAL | GNY10: SECRETARÍA DE EDUCACIÓN DISTRITAL | GOG10: SECRETARÍA DE EDUCACIÓN DISTRITAL | GOO10: SECRETARÍA DE EDUCACIÓN DISTRITAL | GOW10: SECRETARÍA DE EDUCACIÓN DISTRITAL | GPE10: SECRETARÍA DE EDUCACIÓN DISTRITAL | GPM10: SECRETARÍA DE EDUCACIÓN DISTRITAL | GPU10: SECRETARÍA DE EDUCACIÓN DISTRITAL | GQC10: SECRETARÍA DE EDUCACIÓN DISTRITAL | GQK10: SECRETARÍA DE EDUCACIÓN DISTRITAL | GQS10: SECRETARÍA DE EDUCACIÓN DISTRITAL | GRA10: SECRETARÍA DE EDUCACIÓN DISTRITAL | GRI10: SECRETARÍA DE EDUCACIÓN DISTRITAL | GRQ10: SECRETARÍA DE EDUCACIÓN DISTRITAL | GRY10: SECRETARÍA DE EDUCACIÓN DISTRITAL | GSG10: SECRETARÍA DE EDUCACIÓN DISTRITAL | GSO10: SECRETARÍA DE EDUCACIÓN DISTRITAL | GSW10: SECRETARÍA DE EDUCACIÓN DISTRITAL | GTE10: SECRETARÍA DE EDUCACIÓN DISTRITAL | GTM10: SECRETARÍA DE EDUCACIÓN DISTRITAL | GTU10: SECRETARÍA DE EDUCACIÓN DISTRITAL | GUC10: SECRETARÍA DE EDUCACIÓN DISTRITAL | GUK10: SECRETARÍA DE EDUCACIÓN DISTRITAL | GUS10: SECRETARÍA DE EDUCACIÓN DISTRITAL | GVA10: SECRETARÍA DE EDUCACIÓN DISTRITAL | GVI10: SECRETARÍA DE EDUCACIÓN DISTRITAL | GVQ10: SECRETARÍA DE EDUCACIÓN DISTRITAL | GVY10: SECRETARÍA DE EDUCACIÓN DISTRITAL | GWG10: SECRETARÍA DE EDUCACIÓN DISTRITAL | GWO10: SECRETARÍA DE EDUCACIÓN DISTRITAL | GWW10: SECRETARÍA DE EDUCACIÓN DISTRITAL | GXE10: SECRETARÍA DE EDUCACIÓN DISTRITAL | GXM10: SECRETARÍA DE EDUCACIÓN DISTRITAL | GXU10: SECRETARÍA DE EDUCACIÓN DISTRITAL | GYC10: SECRETARÍA DE EDUCACIÓN DISTRITAL | GYK10: SECRETARÍA DE EDUCACIÓN DISTRITAL | GYS10: SECRETARÍA DE EDUCACIÓN DISTRITAL | GZA10: SECRETARÍA DE EDUCACIÓN DISTRITAL | GZI10: SECRETARÍA DE EDUCACIÓN DISTRITAL | GZQ10: SECRETARÍA DE EDUCACIÓN DISTRITAL | GZY10: SECRETARÍA DE EDUCACIÓN DISTRITAL | HAG10: SECRETARÍA DE EDUCACIÓN DISTRITAL | HAO10: SECRETARÍA DE EDUCACIÓN DISTRITAL | HAW10: SECRETARÍA DE EDUCACIÓN DISTRITAL | HBE10: SECRETARÍA DE EDUCACIÓN DISTRITAL | HBM10: SECRETARÍA DE EDUCACIÓN DISTRITAL | HBU10: SECRETARÍA DE EDUCACIÓN DISTRITAL | HCC10: SECRETARÍA DE EDUCACIÓN DISTRITAL | HCK10: SECRETARÍA DE EDUCACIÓN DISTRITAL | HCS10: SECRETARÍA DE EDUCACIÓN DISTRITAL | HDA10: SECRETARÍA DE EDUCACIÓN DISTRITAL | HDI10: SECRETARÍA DE EDUCACIÓN DISTRITAL | HDQ10: SECRETARÍA DE EDUCACIÓN DISTRITAL | HDY10: SECRETARÍA DE EDUCACIÓN DISTRITAL | HEG10: SECRETARÍA DE EDUCACIÓN DISTRITAL | HEO10: SECRETARÍA DE EDUCACIÓN DISTRITAL | HEW10: SECRETARÍA DE EDUCACIÓN DISTRITAL | HFE10: SECRETARÍA DE EDUCACIÓN DISTRITAL | HFM10: SECRETARÍA DE EDUCACIÓN DISTRITAL | HFU10: SECRETARÍA DE EDUCACIÓN DISTRITAL | HGC10: SECRETARÍA DE EDUCACIÓN DISTRITAL | HGK10: SECRETARÍA DE EDUCACIÓN DISTRITAL | HGS10: SECRETARÍA DE EDUCACIÓN DISTRITAL | HHA10: SECRETARÍA DE EDUCACIÓN DISTRITAL | HHI10: SECRETARÍA DE EDUCACIÓN DISTRITAL | HHQ10: SECRETARÍA DE EDUCACIÓN DISTRITAL | HHY10: SECRETARÍA DE EDUCACIÓN DISTRITAL | HIG10: SECRETARÍA DE EDUCACIÓN DISTRITAL | HIO10: SECRETARÍA DE EDUCACIÓN DISTRITAL | HIW10: SECRETARÍA DE EDUCACIÓN DISTRITAL | HJE10: SECRETARÍA DE EDUCACIÓN DISTRITAL | HJM10: SECRETARÍA DE EDUCACIÓN DISTRITAL | HJU10: SECRETARÍA DE EDUCACIÓN DISTRITAL | HKC10: SECRETARÍA DE EDUCACIÓN DISTRITAL | HKK10: SECRETARÍA DE EDUCACIÓN DISTRITAL | HKS10: SECRETARÍA DE EDUCACIÓN DISTRITAL | HLA10: SECRETARÍA DE EDUCACIÓN DISTRITAL | HLI10: SECRETARÍA DE EDUCACIÓN DISTRITAL | HLQ10: SECRETARÍA DE EDUCACIÓN DISTRITAL | HLY10: SECRETARÍA DE EDUCACIÓN DISTRITAL | HMG10: SECRETARÍA DE EDUCACIÓN DISTRITAL | HMO10: SECRETARÍA DE EDUCACIÓN DISTRITAL | HMW10: SECRETARÍA DE EDUCACIÓN DISTRITAL | HNE10: SECRETARÍA DE EDUCACIÓN DISTRITAL | HNM10: SECRETARÍA DE EDUCACIÓN DISTRITAL | HNU10: SECRETARÍA DE EDUCACIÓN DISTRITAL | HOC10: SECRETARÍA DE EDUCACIÓN DISTRITAL | HOK10: SECRETARÍA DE EDUCACIÓN DISTRITAL | HOS10: SECRETARÍA DE EDUCACIÓN DISTRITAL | HPA10: SECRETARÍA DE EDUCACIÓN DISTRITAL | HPI10: SECRETARÍA DE EDUCACIÓN DISTRITAL | HPQ10: SECRETARÍA DE EDUCACIÓN DISTRITAL | HPY10: SECRETARÍA DE EDUCACIÓN DISTRITAL | HQG10: SECRETARÍA DE EDUCACIÓN DISTRITAL | HQO10: SECRETARÍA DE EDUCACIÓN DISTRITAL | HQW10: SECRETARÍA DE EDUCACIÓN DISTRITAL | HRE10: SECRETARÍA DE EDUCACIÓN DISTRITAL | HRM10: SECRETARÍA DE EDUCACIÓN DISTRITAL | HRU10: SECRETARÍA DE EDUCACIÓN DISTRITAL | HSC10: SECRETARÍA DE EDUCACIÓN DISTRITAL | HSK10: SECRETARÍA DE EDUCACIÓN DISTRITAL | HSS10: SECRETARÍA DE EDUCACIÓN DISTRITAL | HTA10: SECRETARÍA DE EDUCACIÓN DISTRITAL | HTI10: SECRETARÍA DE EDUCACIÓN DISTRITAL | HTQ10: SECRETARÍA DE EDUCACIÓN DISTRITAL | HTY10: SECRETARÍA DE EDUCACIÓN DISTRITAL | HUG10: SECRETARÍA DE EDUCACIÓN DISTRITAL | HUO10: SECRETARÍA DE EDUCACIÓN DISTRITAL | HUW10: SECRETARÍA DE EDUCACIÓN DISTRITAL | HVE10: SECRETARÍA DE EDUCACIÓN DISTRITAL | HVM10: SECRETARÍA DE EDUCACIÓN DISTRITAL | HVU10: SECRETARÍA DE EDUCACIÓN DISTRITAL | HWC10: SECRETARÍA DE EDUCACIÓN DISTRITAL | HWK10: SECRETARÍA DE EDUCACIÓN DISTRITAL | HWS10: SECRETARÍA DE EDUCACIÓN DISTRITAL | HXA10: SECRETARÍA DE EDUCACIÓN DISTRITAL | HXI10: SECRETARÍA DE EDUCACIÓN DISTRITAL | HXQ10: SECRETARÍA DE EDUCACIÓN DISTRITAL | HXY10: SECRETARÍA DE EDUCACIÓN DISTRITAL | HYG10: SECRETARÍA DE EDUCACIÓN DISTRITAL | HYO10: SECRETARÍA DE EDUCACIÓN DISTRITAL | HYW10: SECRETARÍA DE EDUCACIÓN DISTRITAL | HZE10: SECRETARÍA DE EDUCACIÓN DISTRITAL | HZM10: SECRETARÍA DE EDUCACIÓN DISTRITAL | HZU10: SECRETARÍA DE EDUCACIÓN DISTRITAL | IAC10: SECRETARÍA DE EDUCACIÓN DISTRITAL | IAK10: SECRETARÍA DE EDUCACIÓN DISTRITAL | IAS10: SECRETARÍA DE EDUCACIÓN DISTRITAL | IBA10: SECRETARÍA DE EDUCACIÓN DISTRITAL | IBI10: SECRETARÍA DE EDUCACIÓN DISTRITAL | IBQ10: SECRETARÍA DE EDUCACIÓN DISTRITAL | IBY10: SECRETARÍA DE EDUCACIÓN DISTRITAL | ICG10: SECRETARÍA DE EDUCACIÓN DISTRITAL | ICO10: SECRETARÍA DE EDUCACIÓN DISTRITAL | ICW10: SECRETARÍA DE EDUCACIÓN DISTRITAL | IDE10: SECRETARÍA DE EDUCACIÓN DISTRITAL | IDM10: SECRETARÍA DE EDUCACIÓN DISTRITAL | IDU10: SECRETARÍA DE EDUCACIÓN DISTRITAL | IEC10: SECRETARÍA DE EDUCACIÓN DISTRITAL | IEK10: SECRETARÍA DE EDUCACIÓN DISTRITAL | IES10: SECRETARÍA DE EDUCACIÓN DISTRITAL | IFA10: SECRETARÍA DE EDUCACIÓN DISTRITAL | IFI10: SECRETARÍA DE EDUCACIÓN DISTRITAL | IFQ10: SECRETARÍA DE EDUCACIÓN DISTRITAL | IFY10: SECRETARÍA DE EDUCACIÓN DISTRITAL | IGG10: SECRETARÍA DE EDUCACIÓN DISTRITAL | IGO10: SECRETARÍA DE EDUCACIÓN DISTRITAL | IGW10: SECRETARÍA DE EDUCACIÓN DISTRITAL | IHE10: SECRETARÍA DE EDUCACIÓN DISTRITAL | IHM10: SECRETARÍA DE EDUCACIÓN DISTRITAL | IHU10: SECRETARÍA DE EDUCACIÓN DISTRITAL | IIC10: SECRETARÍA DE EDUCACIÓN DISTRITAL | IIK10: SECRETARÍA DE EDUCACIÓN DISTRITAL | IIS10: SECRETARÍA DE EDUCACIÓN DISTRITAL | IJA10: SECRETARÍA DE EDUCACIÓN DISTRITAL | IJI10: SECRETARÍA DE EDUCACIÓN DISTRITAL | IJQ10: SECRETARÍA DE EDUCACIÓN DISTRITAL | IJY10: SECRETARÍA DE EDUCACIÓN DISTRITAL | IKG10: SECRETARÍA DE EDUCACIÓN DISTRITAL | IKO10: SECRETARÍA DE EDUCACIÓN DISTRITAL | IKW10: SECRETARÍA DE EDUCACIÓN DISTRITAL | ILE10: SECRETARÍA DE EDUCACIÓN DISTRITAL | ILM10: SECRETARÍA DE EDUCACIÓN DISTRITAL | ILU10: SECRETARÍA DE EDUCACIÓN DISTRITAL | IMC10: SECRETARÍA DE EDUCACIÓN DISTRITAL | IMK10: SECRETARÍA DE EDUCACIÓN DISTRITAL | IMS10: SECRETARÍA DE EDUCACIÓN DISTRITAL | INA10: SECRETARÍA DE EDUCACIÓN DISTRITAL | INI10: SECRETARÍA DE EDUCACIÓN DISTRITAL | INQ10: SECRETARÍA DE EDUCACIÓN DISTRITAL | INY10: SECRETARÍA DE EDUCACIÓN DISTRITAL | IOG10: SECRETARÍA DE EDUCACIÓN DISTRITAL | IOO10: SECRETARÍA DE EDUCACIÓN DISTRITAL | IOW10: SECRETARÍA DE EDUCACIÓN DISTRITAL | IPE10: SECRETARÍA DE EDUCACIÓN DISTRITAL | IPM10: SECRETARÍA DE EDUCACIÓN DISTRITAL | IPU10: SECRETARÍA DE EDUCACIÓN DISTRITAL | IQC10: SECRETARÍA DE EDUCACIÓN DISTRITAL | IQK10: SECRETARÍA DE EDUCACIÓN DISTRITAL | IQS10: SECRETARÍA DE EDUCACIÓN DISTRITAL | IRA10: SECRETARÍA DE EDUCACIÓN DISTRITAL | IRI10: SECRETARÍA DE EDUCACIÓN DISTRITAL | IRQ10: SECRETARÍA DE EDUCACIÓN DISTRITAL | IRY10: SECRETARÍA DE EDUCACIÓN DISTRITAL | ISG10: SECRETARÍA DE EDUCACIÓN DISTRITAL | ISO10: SECRETARÍA DE EDUCACIÓN DISTRITAL | ISW10: SECRETARÍA DE EDUCACIÓN DISTRITAL | ITE10: SECRETARÍA DE EDUCACIÓN DISTRITAL | ITM10: SECRETARÍA DE EDUCACIÓN DISTRITAL | ITU10: SECRETARÍA DE EDUCACIÓN DISTRITAL | IUC10: SECRETARÍA DE EDUCACIÓN DISTRITAL | IUK10: SECRETARÍA DE EDUCACIÓN DISTRITAL | IUS10: SECRETARÍA DE EDUCACIÓN DISTRITAL | IVA10: SECRETARÍA DE EDUCACIÓN DISTRITAL | IVI10: SECRETARÍA DE EDUCACIÓN DISTRITAL | IVQ10: SECRETARÍA DE EDUCACIÓN DISTRITAL | IVY10: SECRETARÍA DE EDUCACIÓN DISTRITAL | IWG10: SECRETARÍA DE EDUCACIÓN DISTRITAL | IWO10: SECRETARÍA DE EDUCACIÓN DISTRITAL | IWW10: SECRETARÍA DE EDUCACIÓN DISTRITAL | IXE10: SECRETARÍA DE EDUCACIÓN DISTRITAL | IXM10: SECRETARÍA DE EDUCACIÓN DISTRITAL | IXU10: SECRETARÍA DE EDUCACIÓN DISTRITAL | IYC10: SECRETARÍA DE EDUCACIÓN DISTRITAL | IYK10: SECRETARÍA DE EDUCACIÓN DISTRITAL | IYS10: SECRETARÍA DE EDUCACIÓN DISTRITAL | IZA10: SECRETARÍA DE EDUCACIÓN DISTRITAL | IZI10: SECRETARÍA DE EDUCACIÓN DISTRITAL | IZQ10: SECRETARÍA DE EDUCACIÓN DISTRITAL | IZY10: SECRETARÍA DE EDUCACIÓN DISTRITAL | JAG10: SECRETARÍA DE EDUCACIÓN DISTRITAL | JAO10: SECRETARÍA DE EDUCACIÓN DISTRITAL | JAW10: SECRETARÍA DE EDUCACIÓN DISTRITAL | JBE10: SECRETARÍA DE EDUCACIÓN DISTRITAL | JBM10: SECRETARÍA DE EDUCACIÓN DISTRITAL | JBU10: SECRETARÍA DE EDUCACIÓN DISTRITAL | JCC10: SECRETARÍA DE EDUCACIÓN DISTRITAL | JCK10: SECRETARÍA DE EDUCACIÓN DISTRITAL | JCS10: SECRETARÍA DE EDUCACIÓN DISTRITAL | JDA10: SECRETARÍA DE EDUCACIÓN DISTRITAL | JDI10: SECRETARÍA DE EDUCACIÓN DISTRITAL | JDQ10: SECRETARÍA DE EDUCACIÓN DISTRITAL | JDY10: SECRETARÍA DE EDUCACIÓN DISTRITAL | JEG10: SECRETARÍA DE EDUCACIÓN DISTRITAL | JEO10: SECRETARÍA DE EDUCACIÓN DISTRITAL | JEW10: SECRETARÍA DE EDUCACIÓN DISTRITAL | JFE10: SECRETARÍA DE EDUCACIÓN DISTRITAL | JFM10: SECRETARÍA DE EDUCACIÓN DISTRITAL | JFU10: SECRETARÍA DE EDUCACIÓN DISTRITAL | JGC10: SECRETARÍA DE EDUCACIÓN DISTRITAL | JGK10: SECRETARÍA DE EDUCACIÓN DISTRITAL | JGS10: SECRETARÍA DE EDUCACIÓN DISTRITAL | JHA10: SECRETARÍA DE EDUCACIÓN DISTRITAL | JHI10: SECRETARÍA DE EDUCACIÓN DISTRITAL | JHQ10: SECRETARÍA DE EDUCACIÓN DISTRITAL | JHY10: SECRETARÍA DE EDUCACIÓN DISTRITAL | JIG10: SECRETARÍA DE EDUCACIÓN DISTRITAL | JIO10: SECRETARÍA DE EDUCACIÓN DISTRITAL | JIW10: SECRETARÍA DE EDUCACIÓN DISTRITAL | JJE10: SECRETARÍA DE EDUCACIÓN DISTRITAL | JJM10: SECRETARÍA DE EDUCACIÓN DISTRITAL | JJU10: SECRETARÍA DE EDUCACIÓN DISTRITAL | JKC10: SECRETARÍA DE EDUCACIÓN DISTRITAL | JKK10: SECRETARÍA DE EDUCACIÓN DISTRITAL | JKS10: SECRETARÍA DE EDUCACIÓN DISTRITAL | JLA10: SECRETARÍA DE EDUCACIÓN DISTRITAL | JLI10: SECRETARÍA DE EDUCACIÓN DISTRITAL | JLQ10: SECRETARÍA DE EDUCACIÓN DISTRITAL | JLY10: SECRETARÍA DE EDUCACIÓN DISTRITAL | JMG10: SECRETARÍA DE EDUCACIÓN DISTRITAL | JMO10: SECRETARÍA DE EDUCACIÓN DISTRITAL | JMW10: SECRETARÍA DE EDUCACIÓN DISTRITAL | JNE10: SECRETARÍA DE EDUCACIÓN DISTRITAL | JNM10: SECRETARÍA DE EDUCACIÓN DISTRITAL | JNU10: SECRETARÍA DE EDUCACIÓN DISTRITAL | JOC10: SECRETARÍA DE EDUCACIÓN DISTRITAL | JOK10: SECRETARÍA DE EDUCACIÓN DISTRITAL | JOS10: SECRETARÍA DE EDUCACIÓN DISTRITAL | JPA10: SECRETARÍA DE EDUCACIÓN DISTRITAL | JPI10: SECRETARÍA DE EDUCACIÓN DISTRITAL | JPQ10: SECRETARÍA DE EDUCACIÓN DISTRITAL | JPY10: SECRETARÍA DE EDUCACIÓN DISTRITAL | JQG10: SECRETARÍA DE EDUCACIÓN DISTRITAL | JQO10: SECRETARÍA DE EDUCACIÓN DISTRITAL | JQW10: SECRETARÍA DE EDUCACIÓN DISTRITAL | JRE10: SECRETARÍA DE EDUCACIÓN DISTRITAL | JRM10: SECRETARÍA DE EDUCACIÓN DISTRITAL | JRU10: SECRETARÍA DE EDUCACIÓN DISTRITAL | JSC10: SECRETARÍA DE EDUCACIÓN DISTRITAL | JSK10: SECRETARÍA DE EDUCACIÓN DISTRITAL | JSS10: SECRETARÍA DE EDUCACIÓN DISTRITAL | JTA10: SECRETARÍA DE EDUCACIÓN DISTRITAL | JTI10: SECRETARÍA DE EDUCACIÓN DISTRITAL | JTQ10: SECRETARÍA DE EDUCACIÓN DISTRITAL | JTY10: SECRETARÍA DE EDUCACIÓN DISTRITAL | JUG10: SECRETARÍA DE EDUCACIÓN DISTRITAL | JUO10: SECRETARÍA DE EDUCACIÓN DISTRITAL | JUW10: SECRETARÍA DE EDUCACIÓN DISTRITAL | JVE10: SECRETARÍA DE EDUCACIÓN DISTRITAL | JVM10: SECRETARÍA DE EDUCACIÓN DISTRITAL | JVU10: SECRETARÍA DE EDUCACIÓN DISTRITAL | JWC10: SECRETARÍA DE EDUCACIÓN DISTRITAL | JWK10: SECRETARÍA DE EDUCACIÓN DISTRITAL | JWS10: SECRETARÍA DE EDUCACIÓN DISTRITAL | JXA10: SECRETARÍA DE EDUCACIÓN DISTRITAL | JXI10: SECRETARÍA DE EDUCACIÓN DISTRITAL | JXQ10: SECRETARÍA DE EDUCACIÓN DISTRITAL | JXY10: SECRETARÍA DE EDUCACIÓN DISTRITAL | JYG10: SECRETARÍA DE EDUCACIÓN DISTRITAL | JYO10: SECRETARÍA DE EDUCACIÓN DISTRITAL | JYW10: SECRETARÍA DE EDUCACIÓN DISTRITAL | JZE10: SECRETARÍA DE EDUCACIÓN DISTRITAL | JZM10: SECRETARÍA DE EDUCACIÓN DISTRITAL | JZU10: SECRETARÍA DE EDUCACIÓN DISTRITAL | KAC10: SECRETARÍA DE EDUCACIÓN DISTRITAL | KAK10: SECRETARÍA DE EDUCACIÓN DISTRITAL | KAS10: SECRETARÍA DE EDUCACIÓN DISTRITAL | KBA10: SECRETARÍA DE EDUCACIÓN DISTRITAL | KBI10: SECRETARÍA DE EDUCACIÓN DISTRITAL | KBQ10: SECRETARÍA DE EDUCACIÓN DISTRITAL | KBY10: SECRETARÍA DE EDUCACIÓN DISTRITAL | KCG10: SECRETARÍA DE EDUCACIÓN DISTRITAL | KCO10: SECRETARÍA DE EDUCACIÓN DISTRITAL | KCW10: SECRETARÍA DE EDUCACIÓN DISTRITAL | KDE10: SECRETARÍA DE EDUCACIÓN DISTRITAL | KDM10: SECRETARÍA DE EDUCACIÓN DISTRITAL | KDU10: SECRETARÍA DE EDUCACIÓN DISTRITAL | KEC10: SECRETARÍA DE EDUCACIÓN DISTRITAL | KEK10: SECRETARÍA DE EDUCACIÓN DISTRITAL | KES10: SECRETARÍA DE EDUCACIÓN DISTRITAL | KFA10: SECRETARÍA DE EDUCACIÓN DISTRITAL | KFI10: SECRETARÍA DE EDUCACIÓN DISTRITAL | KFQ10: SECRETARÍA DE EDUCACIÓN DISTRITAL | KFY10: SECRETARÍA DE EDUCACIÓN DISTRITAL | KGG10: SECRETARÍA DE EDUCACIÓN DISTRITAL | KGO10: SECRETARÍA DE EDUCACIÓN DISTRITAL | KGW10: SECRETARÍA DE EDUCACIÓN DISTRITAL | KHE10: SECRETARÍA DE EDUCACIÓN DISTRITAL | KHM10: SECRETARÍA DE EDUCACIÓN DISTRITAL | KHU10: SECRETARÍA DE EDUCACIÓN DISTRITAL | KIC10: SECRETARÍA DE EDUCACIÓN DISTRITAL | KIK10: SECRETARÍA DE EDUCACIÓN DISTRITAL | KIS10: SECRETARÍA DE EDUCACIÓN DISTRITAL | KJA10: SECRETARÍA DE EDUCACIÓN DISTRITAL | KJI10: SECRETARÍA DE EDUCACIÓN DISTRITAL | KJQ10: SECRETARÍA DE EDUCACIÓN DISTRITAL | KJY10: SECRETARÍA DE EDUCACIÓN DISTRITAL | KKG10: SECRETARÍA DE EDUCACIÓN DISTRITAL | KKO10: SECRETARÍA DE EDUCACIÓN DISTRITAL | KKW10: SECRETARÍA DE EDUCACIÓN DISTRITAL | KLE10: SECRETARÍA DE EDUCACIÓN DISTRITAL | KLM10: SECRETARÍA DE EDUCACIÓN DISTRITAL | KLU10: SECRETARÍA DE EDUCACIÓN DISTRITAL | KMC10: SECRETARÍA DE EDUCACIÓN DISTRITAL | KMK10: SECRETARÍA DE EDUCACIÓN DISTRITAL | KMS10: SECRETARÍA DE EDUCACIÓN DISTRITAL | KNA10: SECRETARÍA DE EDUCACIÓN DISTRITAL | KNI10: SECRETARÍA DE EDUCACIÓN DISTRITAL | KNQ10: SECRETARÍA DE EDUCACIÓN DISTRITAL | KNY10: SECRETARÍA DE EDUCACIÓN DISTRITAL | KOG10: SECRETARÍA DE EDUCACIÓN DISTRITAL | KOO10: SECRETARÍA DE EDUCACIÓN DISTRITAL | KOW10: SECRETARÍA DE EDUCACIÓN DISTRITAL | KPE10: SECRETARÍA DE EDUCACIÓN DISTRITAL | KPM10: SECRETARÍA DE EDUCACIÓN DISTRITAL | KPU10: SECRETARÍA DE EDUCACIÓN DISTRITAL | KQC10: SECRETARÍA DE EDUCACIÓN DISTRITAL | KQK10: SECRETARÍA DE EDUCACIÓN DISTRITAL | KQS10: SECRETARÍA DE EDUCACIÓN DISTRITAL | KRA10: SECRETARÍA DE EDUCACIÓN DISTRITAL | KRI10: SECRETARÍA DE EDUCACIÓN DISTRITAL | KRQ10: SECRETARÍA DE EDUCACIÓN DISTRITAL | KRY10: SECRETARÍA DE EDUCACIÓN DISTRITAL | KSG10: SECRETARÍA DE EDUCACIÓN DISTRITAL | KSO10: SECRETARÍA DE EDUCACIÓN DISTRITAL | KSW10: SECRETARÍA DE EDUCACIÓN DISTRITAL | KTE10: SECRETARÍA DE EDUCACIÓN DISTRITAL | KTM10: SECRETARÍA DE EDUCACIÓN DISTRITAL | KTU10: SECRETARÍA DE EDUCACIÓN DISTRITAL | KUC10: SECRETARÍA DE EDUCACIÓN DISTRITAL | KUK10: SECRETARÍA DE EDUCACIÓN DISTRITAL | KUS10: SECRETARÍA DE EDUCACIÓN DISTRITAL | KVA10: SECRETARÍA DE EDUCACIÓN DISTRITAL | KVI10: SECRETARÍA DE EDUCACIÓN DISTRITAL | KVQ10: SECRETARÍA DE EDUCACIÓN DISTRITAL | KVY10: SECRETARÍA DE EDUCACIÓN DISTRITAL | KWG10: SECRETARÍA DE EDUCACIÓN DISTRITAL | KWO10: SECRETARÍA DE EDUCACIÓN DISTRITAL | KWW10: SECRETARÍA DE EDUCACIÓN DISTRITAL | KXE10: SECRETARÍA DE EDUCACIÓN DISTRITAL | KXM10: SECRETARÍA DE EDUCACIÓN DISTRITAL | KXU10: SECRETARÍA DE EDUCACIÓN DISTRITAL | KYC10: SECRETARÍA DE EDUCACIÓN DISTRITAL | KYK10: SECRETARÍA DE EDUCACIÓN DISTRITAL | KYS10: SECRETARÍA DE EDUCACIÓN DISTRITAL | KZA10: SECRETARÍA DE EDUCACIÓN DISTRITAL | KZI10: SECRETARÍA DE EDUCACIÓN DISTRITAL | KZQ10: SECRETARÍA DE EDUCACIÓN DISTRITAL | KZY10: SECRETARÍA DE EDUCACIÓN DISTRITAL | LAG10: SECRETARÍA DE EDUCACIÓN DISTRITAL | LAO10: SECRETARÍA DE EDUCACIÓN DISTRITAL | LAW10: SECRETARÍA DE EDUCACIÓN DISTRITAL | LBE10: SECRETARÍA DE EDUCACIÓN DISTRITAL | LBM10: SECRETARÍA DE EDUCACIÓN DISTRITAL | LBU10: SECRETARÍA DE EDUCACIÓN DISTRITAL | LCC10: SECRETARÍA DE EDUCACIÓN DISTRITAL | LCK10: SECRETARÍA DE EDUCACIÓN DISTRITAL | LCS10: SECRETARÍA DE EDUCACIÓN DISTRITAL | LDA10: SECRETARÍA DE EDUCACIÓN DISTRITAL | LDI10: SECRETARÍA DE EDUCACIÓN DISTRITAL | LDQ10: SECRETARÍA DE EDUCACIÓN DISTRITAL | LDY10: SECRETARÍA DE EDUCACIÓN DISTRITAL | LEG10: SECRETARÍA DE EDUCACIÓN DISTRITAL | LEO10: SECRETARÍA DE EDUCACIÓN DISTRITAL | LEW10: SECRETARÍA DE EDUCACIÓN DISTRITAL | LFE10: SECRETARÍA DE EDUCACIÓN DISTRITAL | LFM10: SECRETARÍA DE EDUCACIÓN DISTRITAL | LFU10: SECRETARÍA DE EDUCACIÓN DISTRITAL | LGC10: SECRETARÍA DE EDUCACIÓN DISTRITAL | LGK10: SECRETARÍA DE EDUCACIÓN DISTRITAL | LGS10: SECRETARÍA DE EDUCACIÓN DISTRITAL | LHA10: SECRETARÍA DE EDUCACIÓN DISTRITAL | LHI10: SECRETARÍA DE EDUCACIÓN DISTRITAL | LHQ10: SECRETARÍA DE EDUCACIÓN DISTRITAL | LHY10: SECRETARÍA DE EDUCACIÓN DISTRITAL | LIG10: SECRETARÍA DE EDUCACIÓN DISTRITAL | LIO10: SECRETARÍA DE EDUCACIÓN DISTRITAL | LIW10: SECRETARÍA DE EDUCACIÓN DISTRITAL | LJE10: SECRETARÍA DE EDUCACIÓN DISTRITAL | LJM10: SECRETARÍA DE EDUCACIÓN DISTRITAL | LJU10: SECRETARÍA DE EDUCACIÓN DISTRITAL | LKC10: SECRETARÍA DE EDUCACIÓN DISTRITAL | LKK10: SECRETARÍA DE EDUCACIÓN DISTRITAL | LKS10: SECRETARÍA DE EDUCACIÓN DISTRITAL | LLA10: SECRETARÍA DE EDUCACIÓN DISTRITAL | LLI10: SECRETARÍA DE EDUCACIÓN DISTRITAL | LLQ10: SECRETARÍA DE EDUCACIÓN DISTRITAL | LLY10: SECRETARÍA DE EDUCACIÓN DISTRITAL | LMG10: SECRETARÍA DE EDUCACIÓN DISTRITAL | LMO10: SECRETARÍA DE EDUCACIÓN DISTRITAL | LMW10: SECRETARÍA DE EDUCACIÓN DISTRITAL | LNE10: SECRETARÍA DE EDUCACIÓN DISTRITAL | LNM10: SECRETARÍA DE EDUCACIÓN DISTRITAL | LNU10: SECRETARÍA DE EDUCACIÓN DISTRITAL | LOC10: SECRETARÍA DE EDUCACIÓN DISTRITAL | LOK10: SECRETARÍA DE EDUCACIÓN DISTRITAL | LOS10: SECRETARÍA DE EDUCACIÓN DISTRITAL | LPA10: SECRETARÍA DE EDUCACIÓN DISTRITAL | LPI10: SECRETARÍA DE EDUCACIÓN DISTRITAL | LPQ10: SECRETARÍA DE EDUCACIÓN DISTRITAL | LPY10: SECRETARÍA DE EDUCACIÓN DISTRITAL | LQG10: SECRETARÍA DE EDUCACIÓN DISTRITAL | LQO10: SECRETARÍA DE EDUCACIÓN DISTRITAL | LQW10: SECRETARÍA DE EDUCACIÓN DISTRITAL | LRE10: SECRETARÍA DE EDUCACIÓN DISTRITAL | LRM10: SECRETARÍA DE EDUCACIÓN DISTRITAL | LRU10: SECRETARÍA DE EDUCACIÓN DISTRITAL | LSC10: SECRETARÍA DE EDUCACIÓN DISTRITAL | LSK10: SECRETARÍA DE EDUCACIÓN DISTRITAL | LSS10: SECRETARÍA DE EDUCACIÓN DISTRITAL | LTA10: SECRETARÍA DE EDUCACIÓN DISTRITAL | LTI10: SECRETARÍA DE EDUCACIÓN DISTRITAL | LTQ10: SECRETARÍA DE EDUCACIÓN DISTRITAL | LTY10: SECRETARÍA DE EDUCACIÓN DISTRITAL | LUG10: SECRETARÍA DE EDUCACIÓN DISTRITAL | LUO10: SECRETARÍA DE EDUCACIÓN DISTRITAL | LUW10: SECRETARÍA DE EDUCACIÓN DISTRITAL | LVE10: SECRETARÍA DE EDUCACIÓN DISTRITAL | LVM10: SECRETARÍA DE EDUCACIÓN DISTRITAL | LVU10: SECRETARÍA DE EDUCACIÓN DISTRITAL | LWC10: SECRETARÍA DE EDUCACIÓN DISTRITAL | LWK10: SECRETARÍA DE EDUCACIÓN DISTRITAL | LWS10: SECRETARÍA DE EDUCACIÓN DISTRITAL | LXA10: SECRETARÍA DE EDUCACIÓN DISTRITAL | LXI10: SECRETARÍA DE EDUCACIÓN DISTRITAL | LXQ10: SECRETARÍA DE EDUCACIÓN DISTRITAL | LXY10: SECRETARÍA DE EDUCACIÓN DISTRITAL | LYG10: SECRETARÍA DE EDUCACIÓN DISTRITAL | LYO10: SECRETARÍA DE EDUCACIÓN DISTRITAL | LYW10: SECRETARÍA DE EDUCACIÓN DISTRITAL | LZE10: SECRETARÍA DE EDUCACIÓN DISTRITAL | LZM10: SECRETARÍA DE EDUCACIÓN DISTRITAL | LZU10: SECRETARÍA DE EDUCACIÓN DISTRITAL | MAC10: SECRETARÍA DE EDUCACIÓN DISTRITAL | MAK10: SECRETARÍA DE EDUCACIÓN DISTRITAL | MAS10: SECRETARÍA DE EDUCACIÓN DISTRITAL | MBA10: SECRETARÍA DE EDUCACIÓN DISTRITAL | MBI10: SECRETARÍA DE EDUCACIÓN DISTRITAL | MBQ10: SECRETARÍA DE EDUCACIÓN DISTRITAL | MBY10: SECRETARÍA DE EDUCACIÓN DISTRITAL | MCG10: SECRETARÍA DE EDUCACIÓN DISTRITAL | MCO10: SECRETARÍA DE EDUCACIÓN DISTRITAL | MCW10: SECRETARÍA DE EDUCACIÓN DISTRITAL | MDE10: SECRETARÍA DE EDUCACIÓN DISTRITAL | MDM10: SECRETARÍA DE EDUCACIÓN DISTRITAL | MDU10: SECRETARÍA DE EDUCACIÓN DISTRITAL | MEC10: SECRETARÍA DE EDUCACIÓN DISTRITAL | MEK10: SECRETARÍA DE EDUCACIÓN DISTRITAL | MES10: SECRETARÍA DE EDUCACIÓN DISTRITAL | MFA10: SECRETARÍA DE EDUCACIÓN DISTRITAL | MFI10: SECRETARÍA DE EDUCACIÓN DISTRITAL | MFQ10: SECRETARÍA DE EDUCACIÓN DISTRITAL | MFY10: SECRETARÍA DE EDUCACIÓN DISTRITAL | MGG10: SECRETARÍA DE EDUCACIÓN DISTRITAL | MGO10: SECRETARÍA DE EDUCACIÓN DISTRITAL | MGW10: SECRETARÍA DE EDUCACIÓN DISTRITAL | MHE10: SECRETARÍA DE EDUCACIÓN DISTRITAL | MHM10: SECRETARÍA DE EDUCACIÓN DISTRITAL | MHU10: SECRETARÍA DE EDUCACIÓN DISTRITAL | MIC10: SECRETARÍA DE EDUCACIÓN DISTRITAL | MIK10: SECRETARÍA DE EDUCACIÓN DISTRITAL | MIS10: SECRETARÍA DE EDUCACIÓN DISTRITAL | MJA10: SECRETARÍA DE EDUCACIÓN DISTRITAL | MJI10: SECRETARÍA DE EDUCACIÓN DISTRITAL | MJQ10: SECRETARÍA DE EDUCACIÓN DISTRITAL | MJY10: SECRETARÍA DE EDUCACIÓN DISTRITAL | MKG10: SECRETARÍA DE EDUCACIÓN DISTRITAL | MKO10: SECRETARÍA DE EDUCACIÓN DISTRITAL | MKW10: SECRETARÍA DE EDUCACIÓN DISTRITAL | MLE10: SECRETARÍA DE EDUCACIÓN DISTRITAL | MLM10: SECRETARÍA DE EDUCACIÓN DISTRITAL | MLU10: SECRETARÍA DE EDUCACIÓN DISTRITAL | MMC10: SECRETARÍA DE EDUCACIÓN DISTRITAL | MMK10: SECRETARÍA DE EDUCACIÓN DISTRITAL | MMS10: SECRETARÍA DE EDUCACIÓN DISTRITAL | MNA10: SECRETARÍA DE EDUCACIÓN DISTRITAL | MNI10: SECRETARÍA DE EDUCACIÓN DISTRITAL | MNQ10: SECRETARÍA DE EDUCACIÓN DISTRITAL | MNY10: SECRETARÍA DE EDUCACIÓN DISTRITAL | MOG10: SECRETARÍA DE EDUCACIÓN DISTRITAL | MOO10: SECRETARÍA DE EDUCACIÓN DISTRITAL | MOW10: SECRETARÍA DE EDUCACIÓN DISTRITAL | MPE10: SECRETARÍA DE EDUCACIÓN DISTRITAL | MPM10: SECRETARÍA DE EDUCACIÓN DISTRITAL | MPU10: SECRETARÍA DE EDUCACIÓN DISTRITAL | MQC10: SECRETARÍA DE EDUCACIÓN DISTRITAL | MQK10: SECRETARÍA DE EDUCACIÓN DISTRITAL | MQS10: SECRETARÍA DE EDUCACIÓN DISTRITAL | MRA10: SECRETARÍA DE EDUCACIÓN DISTRITAL | MRI10: SECRETARÍA DE EDUCACIÓN DISTRITAL | MRQ10: SECRETARÍA DE EDUCACIÓN DISTRITAL | MRY10: SECRETARÍA DE EDUCACIÓN DISTRITAL | MSG10: SECRETARÍA DE EDUCACIÓN DISTRITAL | MSO10: SECRETARÍA DE EDUCACIÓN DISTRITAL | MSW10: SECRETARÍA DE EDUCACIÓN DISTRITAL | MTE10: SECRETARÍA DE EDUCACIÓN DISTRITAL | MTM10: SECRETARÍA DE EDUCACIÓN DISTRITAL | MTU10: SECRETARÍA DE EDUCACIÓN DISTRITAL | MUC10: SECRETARÍA DE EDUCACIÓN DISTRITAL | MUK10: SECRETARÍA DE EDUCACIÓN DISTRITAL | MUS10: SECRETARÍA DE EDUCACIÓN DISTRITAL | MVA10: SECRETARÍA DE EDUCACIÓN DISTRITAL | MVI10: SECRETARÍA DE EDUCACIÓN DISTRITAL | MVQ10: SECRETARÍA DE EDUCACIÓN DISTRITAL | MVY10: SECRETARÍA DE EDUCACIÓN DISTRITAL | MWG10: SECRETARÍA DE EDUCACIÓN DISTRITAL | MWO10: SECRETARÍA DE EDUCACIÓN DISTRITAL | MWW10: SECRETARÍA DE EDUCACIÓN DISTRITAL | MXE10: SECRETARÍA DE EDUCACIÓN DISTRITAL | MXM10: SECRETARÍA DE EDUCACIÓN DISTRITAL | MXU10: SECRETARÍA DE EDUCACIÓN DISTRITAL | MYC10: SECRETARÍA DE EDUCACIÓN DISTRITAL | MYK10: SECRETARÍA DE EDUCACIÓN DISTRITAL | MYS10: SECRETARÍA DE EDUCACIÓN DISTRITAL | MZA10: SECRETARÍA DE EDUCACIÓN DISTRITAL | MZI10: SECRETARÍA DE EDUCACIÓN DISTRITAL | MZQ10: SECRETARÍA DE EDUCACIÓN DISTRITAL | MZY10: SECRETARÍA DE EDUCACIÓN DISTRITAL | NAG10: SECRETARÍA DE EDUCACIÓN DISTRITAL | NAO10: SECRETARÍA DE EDUCACIÓN DISTRITAL | NAW10: SECRETARÍA DE EDUCACIÓN DISTRITAL | NBE10: SECRETARÍA DE EDUCACIÓN DISTRITAL | NBM10: SECRETARÍA DE EDUCACIÓN DISTRITAL | NBU10: SECRETARÍA DE EDUCACIÓN DISTRITAL | NCC10: SECRETARÍA DE EDUCACIÓN DISTRITAL | NCK10: SECRETARÍA DE EDUCACIÓN DISTRITAL | NCS10: SECRETARÍA DE EDUCACIÓN DISTRITAL | NDA10: SECRETARÍA DE EDUCACIÓN DISTRITAL | NDI10: SECRETARÍA DE EDUCACIÓN DISTRITAL | NDQ10: SECRETARÍA DE EDUCACIÓN DISTRITAL | NDY10: SECRETARÍA DE EDUCACIÓN DISTRITAL | NEG10: SECRETARÍA DE EDUCACIÓN DISTRITAL | NEO10: SECRETARÍA DE EDUCACIÓN DISTRITAL | NEW10: SECRETARÍA DE EDUCACIÓN DISTRITAL | NFE10: SECRETARÍA DE EDUCACIÓN DISTRITAL | NFM10: SECRETARÍA DE EDUCACIÓN DISTRITAL | NFU10: SECRETARÍA DE EDUCACIÓN DISTRITAL | NGC10: SECRETARÍA DE EDUCACIÓN DISTRITAL | NGK10: SECRETARÍA DE EDUCACIÓN DISTRITAL | NGS10: SECRETARÍA DE EDUCACIÓN DISTRITAL | NHA10: SECRETARÍA DE EDUCACIÓN DISTRITAL | NHI10: SECRETARÍA DE EDUCACIÓN DISTRITAL | NHQ10: SECRETARÍA DE EDUCACIÓN DISTRITAL | NHY10: SECRETARÍA DE EDUCACIÓN DISTRITAL | NIG10: SECRETARÍA DE EDUCACIÓN DISTRITAL | NIO10: SECRETARÍA DE EDUCACIÓN DISTRITAL | NIW10: SECRETARÍA DE EDUCACIÓN DISTRITAL | NJE10: SECRETARÍA DE EDUCACIÓN DISTRITAL | NJM10: SECRETARÍA DE EDUCACIÓN DISTRITAL | NJU10: SECRETARÍA DE EDUCACIÓN DISTRITAL | NKC10: SECRETARÍA DE EDUCACIÓN DISTRITAL | NKK10: SECRETARÍA DE EDUCACIÓN DISTRITAL | NKS10: SECRETARÍA DE EDUCACIÓN DISTRITAL | NLA10: SECRETARÍA DE EDUCACIÓN DISTRITAL | NLI10: SECRETARÍA DE EDUCACIÓN DISTRITAL | NLQ10: SECRETARÍA DE EDUCACIÓN DISTRITAL | NLY10: SECRETARÍA DE EDUCACIÓN DISTRITAL | NMG10: SECRETARÍA DE EDUCACIÓN DISTRITAL | NMO10: SECRETARÍA DE EDUCACIÓN DISTRITAL | NMW10: SECRETARÍA DE EDUCACIÓN DISTRITAL | NNE10: SECRETARÍA DE EDUCACIÓN DISTRITAL | NNM10: SECRETARÍA DE EDUCACIÓN DISTRITAL | NNU10: SECRETARÍA DE EDUCACIÓN DISTRITAL | NOC10: SECRETARÍA DE EDUCACIÓN DISTRITAL | NOK10: SECRETARÍA DE EDUCACIÓN DISTRITAL | NOS10: SECRETARÍA DE EDUCACIÓN DISTRITAL | NPA10: SECRETARÍA DE EDUCACIÓN DISTRITAL | NPI10: SECRETARÍA DE EDUCACIÓN DISTRITAL | NPQ10: SECRETARÍA DE EDUCACIÓN DISTRITAL | NPY10: SECRETARÍA DE EDUCACIÓN DISTRITAL | NQG10: SECRETARÍA DE EDUCACIÓN DISTRITAL | NQO10: SECRETARÍA DE EDUCACIÓN DISTRITAL | NQW10: SECRETARÍA DE EDUCACIÓN DISTRITAL | NRE10: SECRETARÍA DE EDUCACIÓN DISTRITAL | NRM10: SECRETARÍA DE EDUCACIÓN DISTRITAL | NRU10: SECRETARÍA DE EDUCACIÓN DISTRITAL | NSC10: SECRETARÍA DE EDUCACIÓN DISTRITAL | NSK10: SECRETARÍA DE EDUCACIÓN DISTRITAL | NSS10: SECRETARÍA DE EDUCACIÓN DISTRITAL | NTA10: SECRETARÍA DE EDUCACIÓN DISTRITAL | NTI10: SECRETARÍA DE EDUCACIÓN DISTRITAL | NTQ10: SECRETARÍA DE EDUCACIÓN DISTRITAL | NTY10: SECRETARÍA DE EDUCACIÓN DISTRITAL | NUG10: SECRETARÍA DE EDUCACIÓN DISTRITAL | NUO10: SECRETARÍA DE EDUCACIÓN DISTRITAL | NUW10: SECRETARÍA DE EDUCACIÓN DISTRITAL | NVE10: SECRETARÍA DE EDUCACIÓN DISTRITAL | NVM10: SECRETARÍA DE EDUCACIÓN DISTRITAL | NVU10: SECRETARÍA DE EDUCACIÓN DISTRITAL | NWC10: SECRETARÍA DE EDUCACIÓN DISTRITAL | NWK10: SECRETARÍA DE EDUCACIÓN DISTRITAL | NWS10: SECRETARÍA DE EDUCACIÓN DISTRITAL | NXA10: SECRETARÍA DE EDUCACIÓN DISTRITAL | NXI10: SECRETARÍA DE EDUCACIÓN DISTRITAL | NXQ10: SECRETARÍA DE EDUCACIÓN DISTRITAL | NXY10: SECRETARÍA DE EDUCACIÓN DISTRITAL | NYG10: SECRETARÍA DE EDUCACIÓN DISTRITAL | NYO10: SECRETARÍA DE EDUCACIÓN DISTRITAL | NYW10: SECRETARÍA DE EDUCACIÓN DISTRITAL | NZE10: SECRETARÍA DE EDUCACIÓN DISTRITAL | NZM10: SECRETARÍA DE EDUCACIÓN DISTRITAL | NZU10: SECRETARÍA DE EDUCACIÓN DISTRITAL | OAC10: SECRETARÍA DE EDUCACIÓN DISTRITAL | OAK10: SECRETARÍA DE EDUCACIÓN DISTRITAL | OAS10: SECRETARÍA DE EDUCACIÓN DISTRITAL | OBA10: SECRETARÍA DE EDUCACIÓN DISTRITAL | OBI10: SECRETARÍA DE EDUCACIÓN DISTRITAL | OBQ10: SECRETARÍA DE EDUCACIÓN DISTRITAL | OBY10: SECRETARÍA DE EDUCACIÓN DISTRITAL | OCG10: SECRETARÍA DE EDUCACIÓN DISTRITAL | OCO10: SECRETARÍA DE EDUCACIÓN DISTRITAL | OCW10: SECRETARÍA DE EDUCACIÓN DISTRITAL | ODE10: SECRETARÍA DE EDUCACIÓN DISTRITAL | ODM10: SECRETARÍA DE EDUCACIÓN DISTRITAL | ODU10: SECRETARÍA DE EDUCACIÓN DISTRITAL | OEC10: SECRETARÍA DE EDUCACIÓN DISTRITAL | OEK10: SECRETARÍA DE EDUCACIÓN DISTRITAL | OES10: SECRETARÍA DE EDUCACIÓN DISTRITAL | OFA10: SECRETARÍA DE EDUCACIÓN DISTRITAL | OFI10: SECRETARÍA DE EDUCACIÓN DISTRITAL | OFQ10: SECRETARÍA DE EDUCACIÓN DISTRITAL | OFY10: SECRETARÍA DE EDUCACIÓN DISTRITAL | OGG10: SECRETARÍA DE EDUCACIÓN DISTRITAL | OGO10: SECRETARÍA DE EDUCACIÓN DISTRITAL | OGW10: SECRETARÍA DE EDUCACIÓN DISTRITAL | OHE10: SECRETARÍA DE EDUCACIÓN DISTRITAL | OHM10: SECRETARÍA DE EDUCACIÓN DISTRITAL | OHU10: SECRETARÍA DE EDUCACIÓN DISTRITAL | OIC10: SECRETARÍA DE EDUCACIÓN DISTRITAL | OIK10: SECRETARÍA DE EDUCACIÓN DISTRITAL | OIS10: SECRETARÍA DE EDUCACIÓN DISTRITAL | OJA10: SECRETARÍA DE EDUCACIÓN DISTRITAL | OJI10: SECRETARÍA DE EDUCACIÓN DISTRITAL | OJQ10: SECRETARÍA DE EDUCACIÓN DISTRITAL | OJY10: SECRETARÍA DE EDUCACIÓN DISTRITAL | OKG10: SECRETARÍA DE EDUCACIÓN DISTRITAL | OKO10: SECRETARÍA DE EDUCACIÓN DISTRITAL | OKW10: SECRETARÍA DE EDUCACIÓN DISTRITAL | OLE10: SECRETARÍA DE EDUCACIÓN DISTRITAL | OLM10: SECRETARÍA DE EDUCACIÓN DISTRITAL | OLU10: SECRETARÍA DE EDUCACIÓN DISTRITAL | OMC10: SECRETARÍA DE EDUCACIÓN DISTRITAL | OMK10: SECRETARÍA DE EDUCACIÓN DISTRITAL | OMS10: SECRETARÍA DE EDUCACIÓN DISTRITAL | ONA10: SECRETARÍA DE EDUCACIÓN DISTRITAL | ONI10: SECRETARÍA DE EDUCACIÓN DISTRITAL | ONQ10: SECRETARÍA DE EDUCACIÓN DISTRITAL | ONY10: SECRETARÍA DE EDUCACIÓN DISTRITAL | OOG10: SECRETARÍA DE EDUCACIÓN DISTRITAL | OOO10: SECRETARÍA DE EDUCACIÓN DISTRITAL | OOW10: SECRETARÍA DE EDUCACIÓN DISTRITAL | OPE10: SECRETARÍA DE EDUCACIÓN DISTRITAL | OPM10: SECRETARÍA DE EDUCACIÓN DISTRITAL | OPU10: SECRETARÍA DE EDUCACIÓN DISTRITAL | OQC10: SECRETARÍA DE EDUCACIÓN DISTRITAL | OQK10: SECRETARÍA DE EDUCACIÓN DISTRITAL | OQS10: SECRETARÍA DE EDUCACIÓN DISTRITAL | ORA10: SECRETARÍA DE EDUCACIÓN DISTRITAL | ORI10: SECRETARÍA DE EDUCACIÓN DISTRITAL | ORQ10: SECRETARÍA DE EDUCACIÓN DISTRITAL | ORY10: SECRETARÍA DE EDUCACIÓN DISTRITAL | OSG10: SECRETARÍA DE EDUCACIÓN DISTRITAL | OSO10: SECRETARÍA DE EDUCACIÓN DISTRITAL | OSW10: SECRETARÍA DE EDUCACIÓN DISTRITAL | OTE10: SECRETARÍA DE EDUCACIÓN DISTRITAL | OTM10: SECRETARÍA DE EDUCACIÓN DISTRITAL | OTU10: SECRETARÍA DE EDUCACIÓN DISTRITAL | OUC10: SECRETARÍA DE EDUCACIÓN DISTRITAL | OUK10: SECRETARÍA DE EDUCACIÓN DISTRITAL | OUS10: SECRETARÍA DE EDUCACIÓN DISTRITAL | OVA10: SECRETARÍA DE EDUCACIÓN DISTRITAL | OVI10: SECRETARÍA DE EDUCACIÓN DISTRITAL | OVQ10: SECRETARÍA DE EDUCACIÓN DISTRITAL | OVY10: SECRETARÍA DE EDUCACIÓN DISTRITAL | OWG10: SECRETARÍA DE EDUCACIÓN DISTRITAL | OWO10: SECRETARÍA DE EDUCACIÓN DISTRITAL | OWW10: SECRETARÍA DE EDUCACIÓN DISTRITAL | OXE10: SECRETARÍA DE EDUCACIÓN DISTRITAL | OXM10: SECRETARÍA DE EDUCACIÓN DISTRITAL | OXU10: SECRETARÍA DE EDUCACIÓN DISTRITAL | OYC10: SECRETARÍA DE EDUCACIÓN DISTRITAL | OYK10: SECRETARÍA DE EDUCACIÓN DISTRITAL | OYS10: SECRETARÍA DE EDUCACIÓN DISTRITAL | OZA10: SECRETARÍA DE EDUCACIÓN DISTRITAL | OZI10: SECRETARÍA DE EDUCACIÓN DISTRITAL | OZQ10: SECRETARÍA DE EDUCACIÓN DISTRITAL | OZY10: SECRETARÍA DE EDUCACIÓN DISTRITAL | PAG10: SECRETARÍA DE EDUCACIÓN DISTRITAL | PAO10: SECRETARÍA DE EDUCACIÓN DISTRITAL | PAW10: SECRETARÍA DE EDUCACIÓN DISTRITAL | PBE10: SECRETARÍA DE EDUCACIÓN DISTRITAL | PBM10: SECRETARÍA DE EDUCACIÓN DISTRITAL | PBU10: SECRETARÍA DE EDUCACIÓN DISTRITAL | PCC10: SECRETARÍA DE EDUCACIÓN DISTRITAL | PCK10: SECRETARÍA DE EDUCACIÓN DISTRITAL | PCS10: SECRETARÍA DE EDUCACIÓN DISTRITAL | PDA10: SECRETARÍA DE EDUCACIÓN DISTRITAL | PDI10: SECRETARÍA DE EDUCACIÓN DISTRITAL | PDQ10: SECRETARÍA DE EDUCACIÓN DISTRITAL | PDY10: SECRETARÍA DE EDUCACIÓN DISTRITAL | PEG10: SECRETARÍA DE EDUCACIÓN DISTRITAL | PEO10: SECRETARÍA DE EDUCACIÓN DISTRITAL | PEW10: SECRETARÍA DE EDUCACIÓN DISTRITAL | PFE10: SECRETARÍA DE EDUCACIÓN DISTRITAL | PFM10: SECRETARÍA DE EDUCACIÓN DISTRITAL | PFU10: SECRETARÍA DE EDUCACIÓN DISTRITAL | PGC10: SECRETARÍA DE EDUCACIÓN DISTRITAL | PGK10: SECRETARÍA DE EDUCACIÓN DISTRITAL | PGS10: SECRETARÍA DE EDUCACIÓN DISTRITAL | PHA10: SECRETARÍA DE EDUCACIÓN DISTRITAL | PHI10: SECRETARÍA DE EDUCACIÓN DISTRITAL | PHQ10: SECRETARÍA DE EDUCACIÓN DISTRITAL | PHY10: SECRETARÍA DE EDUCACIÓN DISTRITAL | PIG10: SECRETARÍA DE EDUCACIÓN DISTRITAL | PIO10: SECRETARÍA DE EDUCACIÓN DISTRITAL | PIW10: SECRETARÍA DE EDUCACIÓN DISTRITAL | PJE10: SECRETARÍA DE EDUCACIÓN DISTRITAL | PJM10: SECRETARÍA DE EDUCACIÓN DISTRITAL | PJU10: SECRETARÍA DE EDUCACIÓN DISTRITAL | PKC10: SECRETARÍA DE EDUCACIÓN DISTRITAL | PKK10: SECRETARÍA DE EDUCACIÓN DISTRITAL | PKS10: SECRETARÍA DE EDUCACIÓN DISTRITAL | PLA10: SECRETARÍA DE EDUCACIÓN DISTRITAL | PLI10: SECRETARÍA DE EDUCACIÓN DISTRITAL | PLQ10: SECRETARÍA DE EDUCACIÓN DISTRITAL | PLY10: SECRETARÍA DE EDUCACIÓN DISTRITAL | PMG10: SECRETARÍA DE EDUCACIÓN DISTRITAL | PMO10: SECRETARÍA DE EDUCACIÓN DISTRITAL | PMW10: SECRETARÍA DE EDUCACIÓN DISTRITAL | PNE10: SECRETARÍA DE EDUCACIÓN DISTRITAL | PNM10: SECRETARÍA DE EDUCACIÓN DISTRITAL | PNU10: SECRETARÍA DE EDUCACIÓN DISTRITAL | POC10: SECRETARÍA DE EDUCACIÓN DISTRITAL | POK10: SECRETARÍA DE EDUCACIÓN DISTRITAL | POS10: SECRETARÍA DE EDUCACIÓN DISTRITAL | PPA10: SECRETARÍA DE EDUCACIÓN DISTRITAL | PPI10: SECRETARÍA DE EDUCACIÓN DISTRITAL | PPQ10: SECRETARÍA DE EDUCACIÓN DISTRITAL | PPY10: SECRETARÍA DE EDUCACIÓN DISTRITAL | PQG10: SECRETARÍA DE EDUCACIÓN DISTRITAL | PQO10: SECRETARÍA DE EDUCACIÓN DISTRITAL | PQW10: SECRETARÍA DE EDUCACIÓN DISTRITAL | PRE10: SECRETARÍA DE EDUCACIÓN DISTRITAL | PRM10: SECRETARÍA DE EDUCACIÓN DISTRITAL | PRU10: SECRETARÍA DE EDUCACIÓN DISTRITAL | PSC10: SECRETARÍA DE EDUCACIÓN DISTRITAL | PSK10: SECRETARÍA DE EDUCACIÓN DISTRITAL | PSS10: SECRETARÍA DE EDUCACIÓN DISTRITAL | PTA10: SECRETARÍA DE EDUCACIÓN DISTRITAL | PTI10: SECRETARÍA DE EDUCACIÓN DISTRITAL | PTQ10: SECRETARÍA DE EDUCACIÓN DISTRITAL | PTY10: SECRETARÍA DE EDUCACIÓN DISTRITAL | PUG10: SECRETARÍA DE EDUCACIÓN DISTRITAL | PUO10: SECRETARÍA DE EDUCACIÓN DISTRITAL | PUW10: SECRETARÍA DE EDUCACIÓN DISTRITAL | PVE10: SECRETARÍA DE EDUCACIÓN DISTRITAL | PVM10: SECRETARÍA DE EDUCACIÓN DISTRITAL | PVU10: SECRETARÍA DE EDUCACIÓN DISTRITAL | PWC10: SECRETARÍA DE EDUCACIÓN DISTRITAL | PWK10: SECRETARÍA DE EDUCACIÓN DISTRITAL | PWS10: SECRETARÍA DE EDUCACIÓN DISTRITAL | PXA10: SECRETARÍA DE EDUCACIÓN DISTRITAL | PXI10: SECRETARÍA DE EDUCACIÓN DISTRITAL | PXQ10: SECRETARÍA DE EDUCACIÓN DISTRITAL | PXY10: SECRETARÍA DE EDUCACIÓN DISTRITAL | PYG10: SECRETARÍA DE EDUCACIÓN DISTRITAL | PYO10: SECRETARÍA DE EDUCACIÓN DISTRITAL | PYW10: SECRETARÍA DE EDUCACIÓN DISTRITAL | PZE10: SECRETARÍA DE EDUCACIÓN DISTRITAL | PZM10: SECRETARÍA DE EDUCACIÓN DISTRITAL | PZU10: SECRETARÍA DE EDUCACIÓN DISTRITAL | QAC10: SECRETARÍA DE EDUCACIÓN DISTRITAL | QAK10: SECRETARÍA DE EDUCACIÓN DISTRITAL | QAS10: SECRETARÍA DE EDUCACIÓN DISTRITAL | QBA10: SECRETARÍA DE EDUCACIÓN DISTRITAL | QBI10: SECRETARÍA DE EDUCACIÓN DISTRITAL | QBQ10: SECRETARÍA DE EDUCACIÓN DISTRITAL | QBY10: SECRETARÍA DE EDUCACIÓN DISTRITAL | QCG10: SECRETARÍA DE EDUCACIÓN DISTRITAL | QCO10: SECRETARÍA DE EDUCACIÓN DISTRITAL | QCW10: SECRETARÍA DE EDUCACIÓN DISTRITAL | QDE10: SECRETARÍA DE EDUCACIÓN DISTRITAL | QDM10: SECRETARÍA DE EDUCACIÓN DISTRITAL | QDU10: SECRETARÍA DE EDUCACIÓN DISTRITAL | QEC10: SECRETARÍA DE EDUCACIÓN DISTRITAL | QEK10: SECRETARÍA DE EDUCACIÓN DISTRITAL | QES10: SECRETARÍA DE EDUCACIÓN DISTRITAL | QFA10: SECRETARÍA DE EDUCACIÓN DISTRITAL | QFI10: SECRETARÍA DE EDUCACIÓN DISTRITAL | QFQ10: SECRETARÍA DE EDUCACIÓN DISTRITAL | QFY10: SECRETARÍA DE EDUCACIÓN DISTRITAL | QGG10: SECRETARÍA DE EDUCACIÓN DISTRITAL | QGO10: SECRETARÍA DE EDUCACIÓN DISTRITAL | QGW10: SECRETARÍA DE EDUCACIÓN DISTRITAL | QHE10: SECRETARÍA DE EDUCACIÓN DISTRITAL | QHM10: SECRETARÍA DE EDUCACIÓN DISTRITAL | QHU10: SECRETARÍA DE EDUCACIÓN DISTRITAL | QIC10: SECRETARÍA DE EDUCACIÓN DISTRITAL | QIK10: SECRETARÍA DE EDUCACIÓN DISTRITAL | QIS10: SECRETARÍA DE EDUCACIÓN DISTRITAL | QJA10: SECRETARÍA DE EDUCACIÓN DISTRITAL | QJI10: SECRETARÍA DE EDUCACIÓN DISTRITAL | QJQ10: SECRETARÍA DE EDUCACIÓN DISTRITAL | QJY10: SECRETARÍA DE EDUCACIÓN DISTRITAL | QKG10: SECRETARÍA DE EDUCACIÓN DISTRITAL | QKO10: SECRETARÍA DE EDUCACIÓN DISTRITAL | QKW10: SECRETARÍA DE EDUCACIÓN DISTRITAL | QLE10: SECRETARÍA DE EDUCACIÓN DISTRITAL | QLM10: SECRETARÍA DE EDUCACIÓN DISTRITAL | QLU10: SECRETARÍA DE EDUCACIÓN DISTRITAL | QMC10: SECRETARÍA DE EDUCACIÓN DISTRITAL | QMK10: SECRETARÍA DE EDUCACIÓN DISTRITAL | QMS10: SECRETARÍA DE EDUCACIÓN DISTRITAL | QNA10: SECRETARÍA DE EDUCACIÓN DISTRITAL | QNI10: SECRETARÍA DE EDUCACIÓN DISTRITAL | QNQ10: SECRETARÍA DE EDUCACIÓN DISTRITAL | QNY10: SECRETARÍA DE EDUCACIÓN DISTRITAL | QOG10: SECRETARÍA DE EDUCACIÓN DISTRITAL | QOO10: SECRETARÍA DE EDUCACIÓN DISTRITAL | QOW10: SECRETARÍA DE EDUCACIÓN DISTRITAL | QPE10: SECRETARÍA DE EDUCACIÓN DISTRITAL | QPM10: SECRETARÍA DE EDUCACIÓN DISTRITAL | QPU10: SECRETARÍA DE EDUCACIÓN DISTRITAL | QQC10: SECRETARÍA DE EDUCACIÓN DISTRITAL | QQK10: SECRETARÍA DE EDUCACIÓN DISTRITAL | QQS10: SECRETARÍA DE EDUCACIÓN DISTRITAL | QRA10: SECRETARÍA DE EDUCACIÓN DISTRITAL | QRI10: SECRETARÍA DE EDUCACIÓN DISTRITAL | QRQ10: SECRETARÍA DE EDUCACIÓN DISTRITAL | QRY10: SECRETARÍA DE EDUCACIÓN DISTRITAL | QSG10: SECRETARÍA DE EDUCACIÓN DISTRITAL | QSO10: SECRETARÍA DE EDUCACIÓN DISTRITAL | QSW10: SECRETARÍA DE EDUCACIÓN DISTRITAL | QTE10: SECRETARÍA DE EDUCACIÓN DISTRITAL | QTM10: SECRETARÍA DE EDUCACIÓN DISTRITAL | QTU10: SECRETARÍA DE EDUCACIÓN DISTRITAL | QUC10: SECRETARÍA DE EDUCACIÓN DISTRITAL | QUK10: SECRETARÍA DE EDUCACIÓN DISTRITAL | QUS10: SECRETARÍA DE EDUCACIÓN DISTRITAL | QVA10: SECRETARÍA DE EDUCACIÓN DISTRITAL | QVI10: SECRETARÍA DE EDUCACIÓN DISTRITAL | QVQ10: SECRETARÍA DE EDUCACIÓN DISTRITAL | QVY10: SECRETARÍA DE EDUCACIÓN DISTRITAL | QWG10: SECRETARÍA DE EDUCACIÓN DISTRITAL | QWO10: SECRETARÍA DE EDUCACIÓN DISTRITAL | QWW10: SECRETARÍA DE EDUCACIÓN DISTRITAL | QXE10: SECRETARÍA DE EDUCACIÓN DISTRITAL | QXM10: SECRETARÍA DE EDUCACIÓN DISTRITAL | QXU10: SECRETARÍA DE EDUCACIÓN DISTRITAL | QYC10: SECRETARÍA DE EDUCACIÓN DISTRITAL | QYK10: SECRETARÍA DE EDUCACIÓN DISTRITAL | QYS10: SECRETARÍA DE EDUCACIÓN DISTRITAL | QZA10: SECRETARÍA DE EDUCACIÓN DISTRITAL | QZI10: SECRETARÍA DE EDUCACIÓN DISTRITAL | QZQ10: SECRETARÍA DE EDUCACIÓN DISTRITAL | QZY10: SECRETARÍA DE EDUCACIÓN DISTRITAL | RAG10: SECRETARÍA DE EDUCACIÓN DISTRITAL | RAO10: SECRETARÍA DE EDUCACIÓN DISTRITAL | RAW10: SECRETARÍA DE EDUCACIÓN DISTRITAL | RBE10: SECRETARÍA DE EDUCACIÓN DISTRITAL | RBM10: SECRETARÍA DE EDUCACIÓN DISTRITAL | RBU10: SECRETARÍA DE EDUCACIÓN DISTRITAL | RCC10: SECRETARÍA DE EDUCACIÓN DISTRITAL | RCK10: SECRETARÍA DE EDUCACIÓN DISTRITAL | RCS10: SECRETARÍA DE EDUCACIÓN DISTRITAL | RDA10: SECRETARÍA DE EDUCACIÓN DISTRITAL | RDI10: SECRETARÍA DE EDUCACIÓN DISTRITAL | RDQ10: SECRETARÍA DE EDUCACIÓN DISTRITAL | RDY10: SECRETARÍA DE EDUCACIÓN DISTRITAL | REG10: SECRETARÍA DE EDUCACIÓN DISTRITAL | REO10: SECRETARÍA DE EDUCACIÓN DISTRITAL | REW10: SECRETARÍA DE EDUCACIÓN DISTRITAL | RFE10: SECRETARÍA DE EDUCACIÓN DISTRITAL | RFM10: SECRETARÍA DE EDUCACIÓN DISTRITAL | RFU10: SECRETARÍA DE EDUCACIÓN DISTRITAL | RGC10: SECRETARÍA DE EDUCACIÓN DISTRITAL | RGK10: SECRETARÍA DE EDUCACIÓN DISTRITAL | RGS10: SECRETARÍA DE EDUCACIÓN DISTRITAL | RHA10: SECRETARÍA DE EDUCACIÓN DISTRITAL | RHI10: SECRETARÍA DE EDUCACIÓN DISTRITAL | RHQ10: SECRETARÍA DE EDUCACIÓN DISTRITAL | RHY10: SECRETARÍA DE EDUCACIÓN DISTRITAL | RIG10: SECRETARÍA DE EDUCACIÓN DISTRITAL | RIO10: SECRETARÍA DE EDUCACIÓN DISTRITAL | RIW10: SECRETARÍA DE EDUCACIÓN DISTRITAL | RJE10: SECRETARÍA DE EDUCACIÓN DISTRITAL | RJM10: SECRETARÍA DE EDUCACIÓN DISTRITAL | RJU10: SECRETARÍA DE EDUCACIÓN DISTRITAL | RKC10: SECRETARÍA DE EDUCACIÓN DISTRITAL | RKK10: SECRETARÍA DE EDUCACIÓN DISTRITAL | RKS10: SECRETARÍA DE EDUCACIÓN DISTRITAL | RLA10: SECRETARÍA DE EDUCACIÓN DISTRITAL | RLI10: SECRETARÍA DE EDUCACIÓN DISTRITAL | RLQ10: SECRETARÍA DE EDUCACIÓN DISTRITAL | RLY10: SECRETARÍA DE EDUCACIÓN DISTRITAL | RMG10: SECRETARÍA DE EDUCACIÓN DISTRITAL | RMO10: SECRETARÍA DE EDUCACIÓN DISTRITAL | RMW10: SECRETARÍA DE EDUCACIÓN DISTRITAL | RNE10: SECRETARÍA DE EDUCACIÓN DISTRITAL | RNM10: SECRETARÍA DE EDUCACIÓN DISTRITAL | RNU10: SECRETARÍA DE EDUCACIÓN DISTRITAL | ROC10: SECRETARÍA DE EDUCACIÓN DISTRITAL | ROK10: SECRETARÍA DE EDUCACIÓN DISTRITAL | ROS10: SECRETARÍA DE EDUCACIÓN DISTRITAL | RPA10: SECRETARÍA DE EDUCACIÓN DISTRITAL | RPI10: SECRETARÍA DE EDUCACIÓN DISTRITAL | RPQ10: SECRETARÍA DE EDUCACIÓN DISTRITAL | RPY10: SECRETARÍA DE EDUCACIÓN DISTRITAL | RQG10: SECRETARÍA DE EDUCACIÓN DISTRITAL | RQO10: SECRETARÍA DE EDUCACIÓN DISTRITAL | RQW10: SECRETARÍA DE EDUCACIÓN DISTRITAL | RRE10: SECRETARÍA DE EDUCACIÓN DISTRITAL | RRM10: SECRETARÍA DE EDUCACIÓN DISTRITAL | RRU10: SECRETARÍA DE EDUCACIÓN DISTRITAL | RSC10: SECRETARÍA DE EDUCACIÓN DISTRITAL | RSK10: SECRETARÍA DE EDUCACIÓN DISTRITAL | RSS10: SECRETARÍA DE EDUCACIÓN DISTRITAL | RTA10: SECRETARÍA DE EDUCACIÓN DISTRITAL | RTI10: SECRETARÍA DE EDUCACIÓN DISTRITAL | RTQ10: SECRETARÍA DE EDUCACIÓN DISTRITAL | RTY10: SECRETARÍA DE EDUCACIÓN DISTRITAL | RUG10: SECRETARÍA DE EDUCACIÓN DISTRITAL | RUO10: SECRETARÍA DE EDUCACIÓN DISTRITAL | RUW10: SECRETARÍA DE EDUCACIÓN DISTRITAL | RVE10: SECRETARÍA DE EDUCACIÓN DISTRITAL | RVM10: SECRETARÍA DE EDUCACIÓN DISTRITAL | RVU10: SECRETARÍA DE EDUCACIÓN DISTRITAL | RWC10: SECRETARÍA DE EDUCACIÓN DISTRITAL | RWK10: SECRETARÍA DE EDUCACIÓN DISTRITAL | RWS10: SECRETARÍA DE EDUCACIÓN DISTRITAL | RXA10: SECRETARÍA DE EDUCACIÓN DISTRITAL | RXI10: SECRETARÍA DE EDUCACIÓN DISTRITAL | RXQ10: SECRETARÍA DE EDUCACIÓN DISTRITAL | RXY10: SECRETARÍA DE EDUCACIÓN DISTRITAL | RYG10: SECRETARÍA DE EDUCACIÓN DISTRITAL | RYO10: SECRETARÍA DE EDUCACIÓN DISTRITAL | RYW10: SECRETARÍA DE EDUCACIÓN DISTRITAL | RZE10: SECRETARÍA DE EDUCACIÓN DISTRITAL | RZM10: SECRETARÍA DE EDUCACIÓN DISTRITAL | RZU10: SECRETARÍA DE EDUCACIÓN DISTRITAL | SAC10: SECRETARÍA DE EDUCACIÓN DISTRITAL | SAK10: SECRETARÍA DE EDUCACIÓN DISTRITAL | SAS10: SECRETARÍA DE EDUCACIÓN DISTRITAL | SBA10: SECRETARÍA DE EDUCACIÓN DISTRITAL | SBI10: SECRETARÍA DE EDUCACIÓN DISTRITAL | SBQ10: SECRETARÍA DE EDUCACIÓN DISTRITAL | SBY10: SECRETARÍA DE EDUCACIÓN DISTRITAL | SCG10: SECRETARÍA DE EDUCACIÓN DISTRITAL | SCO10: SECRETARÍA DE EDUCACIÓN DISTRITAL | SCW10: SECRETARÍA DE EDUCACIÓN DISTRITAL | SDE10: SECRETARÍA DE EDUCACIÓN DISTRITAL | SDM10: SECRETARÍA DE EDUCACIÓN DISTRITAL | SDU10: SECRETARÍA DE EDUCACIÓN DISTRITAL | SEC10: SECRETARÍA DE EDUCACIÓN DISTRITAL | SEK10: SECRETARÍA DE EDUCACIÓN DISTRITAL | SES10: SECRETARÍA DE EDUCACIÓN DISTRITAL | SFA10: SECRETARÍA DE EDUCACIÓN DISTRITAL | SFI10: SECRETARÍA DE EDUCACIÓN DISTRITAL | SFQ10: SECRETARÍA DE EDUCACIÓN DISTRITAL | SFY10: SECRETARÍA DE EDUCACIÓN DISTRITAL | SGG10: SECRETARÍA DE EDUCACIÓN DISTRITAL | SGO10: SECRETARÍA DE EDUCACIÓN DISTRITAL | SGW10: SECRETARÍA DE EDUCACIÓN DISTRITAL | SHE10: SECRETARÍA DE EDUCACIÓN DISTRITAL | SHM10: SECRETARÍA DE EDUCACIÓN DISTRITAL | SHU10: SECRETARÍA DE EDUCACIÓN DISTRITAL | SIC10: SECRETARÍA DE EDUCACIÓN DISTRITAL | SIK10: SECRETARÍA DE EDUCACIÓN DISTRITAL | SIS10: SECRETARÍA DE EDUCACIÓN DISTRITAL | SJA10: SECRETARÍA DE EDUCACIÓN DISTRITAL | SJI10: SECRETARÍA DE EDUCACIÓN DISTRITAL | SJQ10: SECRETARÍA DE EDUCACIÓN DISTRITAL | SJY10: SECRETARÍA DE EDUCACIÓN DISTRITAL | SKG10: SECRETARÍA DE EDUCACIÓN DISTRITAL | SKO10: SECRETARÍA DE EDUCACIÓN DISTRITAL | SKW10: SECRETARÍA DE EDUCACIÓN DISTRITAL | SLE10: SECRETARÍA DE EDUCACIÓN DISTRITAL | SLM10: SECRETARÍA DE EDUCACIÓN DISTRITAL | SLU10: SECRETARÍA DE EDUCACIÓN DISTRITAL | SMC10: SECRETARÍA DE EDUCACIÓN DISTRITAL | SMK10: SECRETARÍA DE EDUCACIÓN DISTRITAL | SMS10: SECRETARÍA DE EDUCACIÓN DISTRITAL | SNA10: SECRETARÍA DE EDUCACIÓN DISTRITAL | SNI10: SECRETARÍA DE EDUCACIÓN DISTRITAL | SNQ10: SECRETARÍA DE EDUCACIÓN DISTRITAL | SNY10: SECRETARÍA DE EDUCACIÓN DISTRITAL | SOG10: SECRETARÍA DE EDUCACIÓN DISTRITAL | SOO10: SECRETARÍA DE EDUCACIÓN DISTRITAL | SOW10: SECRETARÍA DE EDUCACIÓN DISTRITAL | SPE10: SECRETARÍA DE EDUCACIÓN DISTRITAL | SPM10: SECRETARÍA DE EDUCACIÓN DISTRITAL | SPU10: SECRETARÍA DE EDUCACIÓN DISTRITAL | SQC10: SECRETARÍA DE EDUCACIÓN DISTRITAL | SQK10: SECRETARÍA DE EDUCACIÓN DISTRITAL | SQS10: SECRETARÍA DE EDUCACIÓN DISTRITAL | SRA10: SECRETARÍA DE EDUCACIÓN DISTRITAL | SRI10: SECRETARÍA DE EDUCACIÓN DISTRITAL | SRQ10: SECRETARÍA DE EDUCACIÓN DISTRITAL | SRY10: SECRETARÍA DE EDUCACIÓN DISTRITAL | SSG10: SECRETARÍA DE EDUCACIÓN DISTRITAL | SSO10: SECRETARÍA DE EDUCACIÓN DISTRITAL | SSW10: SECRETARÍA DE EDUCACIÓN DISTRITAL | STE10: SECRETARÍA DE EDUCACIÓN DISTRITAL | STM10: SECRETARÍA DE EDUCACIÓN DISTRITAL | STU10: SECRETARÍA DE EDUCACIÓN DISTRITAL | SUC10: SECRETARÍA DE EDUCACIÓN DISTRITAL | SUK10: SECRETARÍA DE EDUCACIÓN DISTRITAL | SUS10: SECRETARÍA DE EDUCACIÓN DISTRITAL | SVA10: SECRETARÍA DE EDUCACIÓN DISTRITAL | SVI10: SECRETARÍA DE EDUCACIÓN DISTRITAL | SVQ10: SECRETARÍA DE EDUCACIÓN DISTRITAL | SVY10: SECRETARÍA DE EDUCACIÓN DISTRITAL | SWG10: SECRETARÍA DE EDUCACIÓN DISTRITAL | SWO10: SECRETARÍA DE EDUCACIÓN DISTRITAL | SWW10: SECRETARÍA DE EDUCACIÓN DISTRITAL | SXE10: SECRETARÍA DE EDUCACIÓN DISTRITAL | SXM10: SECRETARÍA DE EDUCACIÓN DISTRITAL | SXU10: SECRETARÍA DE EDUCACIÓN DISTRITAL | SYC10: SECRETARÍA DE EDUCACIÓN DISTRITAL | SYK10: SECRETARÍA DE EDUCACIÓN DISTRITAL | SYS10: SECRETARÍA DE EDUCACIÓN DISTRITAL | SZA10: SECRETARÍA DE EDUCACIÓN DISTRITAL | SZI10: SECRETARÍA DE EDUCACIÓN DISTRITAL | SZQ10: SECRETARÍA DE EDUCACIÓN DISTRITAL | SZY10: SECRETARÍA DE EDUCACIÓN DISTRITAL | TAG10: SECRETARÍA DE EDUCACIÓN DISTRITAL | TAO10: SECRETARÍA DE EDUCACIÓN DISTRITAL | TAW10: SECRETARÍA DE EDUCACIÓN DISTRITAL | TBE10: SECRETARÍA DE EDUCACIÓN DISTRITAL | TBM10: SECRETARÍA DE EDUCACIÓN DISTRITAL | TBU10: SECRETARÍA DE EDUCACIÓN DISTRITAL | TCC10: SECRETARÍA DE EDUCACIÓN DISTRITAL | TCK10: SECRETARÍA DE EDUCACIÓN DISTRITAL | TCS10: SECRETARÍA DE EDUCACIÓN DISTRITAL | TDA10: SECRETARÍA DE EDUCACIÓN DISTRITAL | TDI10: SECRETARÍA DE EDUCACIÓN DISTRITAL | TDQ10: SECRETARÍA DE EDUCACIÓN DISTRITAL | TDY10: SECRETARÍA DE EDUCACIÓN DISTRITAL | TEG10: SECRETARÍA DE EDUCACIÓN DISTRITAL | TEO10: SECRETARÍA DE EDUCACIÓN DISTRITAL | TEW10: SECRETARÍA DE EDUCACIÓN DISTRITAL | TFE10: SECRETARÍA DE EDUCACIÓN DISTRITAL | TFM10: SECRETARÍA DE EDUCACIÓN DISTRITAL | TFU10: SECRETARÍA DE EDUCACIÓN DISTRITAL | TGC10: SECRETARÍA DE EDUCACIÓN DISTRITAL | TGK10: SECRETARÍA DE EDUCACIÓN DISTRITAL | TGS10: SECRETARÍA DE EDUCACIÓN DISTRITAL | THA10: SECRETARÍA DE EDUCACIÓN DISTRITAL | THI10: SECRETARÍA DE EDUCACIÓN DISTRITAL | THQ10: SECRETARÍA DE EDUCACIÓN DISTRITAL | THY10: SECRETARÍA DE EDUCACIÓN DISTRITAL | TIG10: SECRETARÍA DE EDUCACIÓN DISTRITAL | TIO10: SECRETARÍA DE EDUCACIÓN DISTRITAL | TIW10: SECRETARÍA DE EDUCACIÓN DISTRITAL | TJE10: SECRETARÍA DE EDUCACIÓN DISTRITAL | TJM10: SECRETARÍA DE EDUCACIÓN DISTRITAL | TJU10: SECRETARÍA DE EDUCACIÓN DISTRITAL | TKC10: SECRETARÍA DE EDUCACIÓN DISTRITAL | TKK10: SECRETARÍA DE EDUCACIÓN DISTRITAL | TKS10: SECRETARÍA DE EDUCACIÓN DISTRITAL | TLA10: SECRETARÍA DE EDUCACIÓN DISTRITAL | TLI10: SECRETARÍA DE EDUCACIÓN DISTRITAL | TLQ10: SECRETARÍA DE EDUCACIÓN DISTRITAL | TLY10: SECRETARÍA DE EDUCACIÓN DISTRITAL | TMG10: SECRETARÍA DE EDUCACIÓN DISTRITAL | TMO10: SECRETARÍA DE EDUCACIÓN DISTRITAL | TMW10: SECRETARÍA DE EDUCACIÓN DISTRITAL | TNE10: SECRETARÍA DE EDUCACIÓN DISTRITAL | TNM10: SECRETARÍA DE EDUCACIÓN DISTRITAL | TNU10: SECRETARÍA DE EDUCACIÓN DISTRITAL | TOC10: SECRETARÍA DE EDUCACIÓN DISTRITAL | TOK10: SECRETARÍA DE EDUCACIÓN DISTRITAL | TOS10: SECRETARÍA DE EDUCACIÓN DISTRITAL | TPA10: SECRETARÍA DE EDUCACIÓN DISTRITAL | TPI10: SECRETARÍA DE EDUCACIÓN DISTRITAL | TPQ10: SECRETARÍA DE EDUCACIÓN DISTRITAL | TPY10: SECRETARÍA DE EDUCACIÓN DISTRITAL | TQG10: SECRETARÍA DE EDUCACIÓN DISTRITAL | TQO10: SECRETARÍA DE EDUCACIÓN DISTRITAL | TQW10: SECRETARÍA DE EDUCACIÓN DISTRITAL | TRE10: SECRETARÍA DE EDUCACIÓN DISTRITAL | TRM10: SECRETARÍA DE EDUCACIÓN DISTRITAL | TRU10: SECRETARÍA DE EDUCACIÓN DISTRITAL | TSC10: SECRETARÍA DE EDUCACIÓN DISTRITAL | TSK10: SECRETARÍA DE EDUCACIÓN DISTRITAL | TSS10: SECRETARÍA DE EDUCACIÓN DISTRITAL | TTA10: SECRETARÍA DE EDUCACIÓN DISTRITAL | TTI10: SECRETARÍA DE EDUCACIÓN DISTRITAL | TTQ10: SECRETARÍA DE EDUCACIÓN DISTRITAL | TTY10: SECRETARÍA DE EDUCACIÓN DISTRITAL | TUG10: SECRETARÍA DE EDUCACIÓN DISTRITAL | TUO10: SECRETARÍA DE EDUCACIÓN DISTRITAL | TUW10: SECRETARÍA DE EDUCACIÓN DISTRITAL | TVE10: SECRETARÍA DE EDUCACIÓN DISTRITAL | TVM10: SECRETARÍA DE EDUCACIÓN DISTRITAL | TVU10: SECRETARÍA DE EDUCACIÓN DISTRITAL | TWC10: SECRETARÍA DE EDUCACIÓN DISTRITAL | TWK10: SECRETARÍA DE EDUCACIÓN DISTRITAL | TWS10: SECRETARÍA DE EDUCACIÓN DISTRITAL | TXA10: SECRETARÍA DE EDUCACIÓN DISTRITAL | TXI10: SECRETARÍA DE EDUCACIÓN DISTRITAL | TXQ10: SECRETARÍA DE EDUCACIÓN DISTRITAL | TXY10: SECRETARÍA DE EDUCACIÓN DISTRITAL | TYG10: SECRETARÍA DE EDUCACIÓN DISTRITAL | TYO10: SECRETARÍA DE EDUCACIÓN DISTRITAL | TYW10: SECRETARÍA DE EDUCACIÓN DISTRITAL | TZE10: SECRETARÍA DE EDUCACIÓN DISTRITAL | TZM10: SECRETARÍA DE EDUCACIÓN DISTRITAL | TZU10: SECRETARÍA DE EDUCACIÓN DISTRITAL | UAC10: SECRETARÍA DE EDUCACIÓN DISTRITAL | UAK10: SECRETARÍA DE EDUCACIÓN DISTRITAL | UAS10: SECRETARÍA DE EDUCACIÓN DISTRITAL | UBA10: SECRETARÍA DE EDUCACIÓN DISTRITAL | UBI10: SECRETARÍA DE EDUCACIÓN DISTRITAL | UBQ10: SECRETARÍA DE EDUCACIÓN DISTRITAL | UBY10: SECRETARÍA DE EDUCACIÓN DISTRITAL | UCG10: SECRETARÍA DE EDUCACIÓN DISTRITAL | UCO10: SECRETARÍA DE EDUCACIÓN DISTRITAL | UCW10: SECRETARÍA DE EDUCACIÓN DISTRITAL | UDE10: SECRETARÍA DE EDUCACIÓN DISTRITAL | UDM10: SECRETARÍA DE EDUCACIÓN DISTRITAL | UDU10: SECRETARÍA DE EDUCACIÓN DISTRITAL | UEC10: SECRETARÍA DE EDUCACIÓN DISTRITAL | UEK10: SECRETARÍA DE EDUCACIÓN DISTRITAL | UES10: SECRETARÍA DE EDUCACIÓN DISTRITAL | UFA10: SECRETARÍA DE EDUCACIÓN DISTRITAL | UFI10: SECRETARÍA DE EDUCACIÓN DISTRITAL | UFQ10: SECRETARÍA DE EDUCACIÓN DISTRITAL | UFY10: SECRETARÍA DE EDUCACIÓN DISTRITAL | UGG10: SECRETARÍA DE EDUCACIÓN DISTRITAL | UGO10: SECRETARÍA DE EDUCACIÓN DISTRITAL | UGW10: SECRETARÍA DE EDUCACIÓN DISTRITAL | UHE10: SECRETARÍA DE EDUCACIÓN DISTRITAL | UHM10: SECRETARÍA DE EDUCACIÓN DISTRITAL | UHU10: SECRETARÍA DE EDUCACIÓN DISTRITAL | UIC10: SECRETARÍA DE EDUCACIÓN DISTRITAL | UIK10: SECRETARÍA DE EDUCACIÓN DISTRITAL | UIS10: SECRETARÍA DE EDUCACIÓN DISTRITAL | UJA10: SECRETARÍA DE EDUCACIÓN DISTRITAL | UJI10: SECRETARÍA DE EDUCACIÓN DISTRITAL | UJQ10: SECRETARÍA DE EDUCACIÓN DISTRITAL | UJY10: SECRETARÍA DE EDUCACIÓN DISTRITAL | UKG10: SECRETARÍA DE EDUCACIÓN DISTRITAL | UKO10: SECRETARÍA DE EDUCACIÓN DISTRITAL | UKW10: SECRETARÍA DE EDUCACIÓN DISTRITAL | ULE10: SECRETARÍA DE EDUCACIÓN DISTRITAL | ULM10: SECRETARÍA DE EDUCACIÓN DISTRITAL | ULU10: SECRETARÍA DE EDUCACIÓN DISTRITAL | UMC10: SECRETARÍA DE EDUCACIÓN DISTRITAL | UMK10: SECRETARÍA DE EDUCACIÓN DISTRITAL | UMS10: SECRETARÍA DE EDUCACIÓN DISTRITAL | UNA10: SECRETARÍA DE EDUCACIÓN DISTRITAL | UNI10: SECRETARÍA DE EDUCACIÓN DISTRITAL | UNQ10: SECRETARÍA DE EDUCACIÓN DISTRITAL | UNY10: SECRETARÍA DE EDUCACIÓN DISTRITAL | UOG10: SECRETARÍA DE EDUCACIÓN DISTRITAL | UOO10: SECRETARÍA DE EDUCACIÓN DISTRITAL | UOW10: SECRETARÍA DE EDUCACIÓN DISTRITAL | UPE10: SECRETARÍA DE EDUCACIÓN DISTRITAL | UPM10: SECRETARÍA DE EDUCACIÓN DISTRITAL | UPU10: SECRETARÍA DE EDUCACIÓN DISTRITAL | UQC10: SECRETARÍA DE EDUCACIÓN DISTRITAL | UQK10: SECRETARÍA DE EDUCACIÓN DISTRITAL | UQS10: SECRETARÍA DE EDUCACIÓN DISTRITAL | URA10: SECRETARÍA DE EDUCACIÓN DISTRITAL | URI10: SECRETARÍA DE EDUCACIÓN DISTRITAL | URQ10: SECRETARÍA DE EDUCACIÓN DISTRITAL | URY10: SECRETARÍA DE EDUCACIÓN DISTRITAL | USG10: SECRETARÍA DE EDUCACIÓN DISTRITAL | USO10: SECRETARÍA DE EDUCACIÓN DISTRITAL | USW10: SECRETARÍA DE EDUCACIÓN DISTRITAL | UTE10: SECRETARÍA DE EDUCACIÓN DISTRITAL | UTM10: SECRETARÍA DE EDUCACIÓN DISTRITAL | UTU10: SECRETARÍA DE EDUCACIÓN DISTRITAL | UUC10: SECRETARÍA DE EDUCACIÓN DISTRITAL | UUK10: SECRETARÍA DE EDUCACIÓN DISTRITAL | UUS10: SECRETARÍA DE EDUCACIÓN DISTRITAL | UVA10: SECRETARÍA DE EDUCACIÓN DISTRITAL | UVI10: SECRETARÍA DE EDUCACIÓN DISTRITAL | UVQ10: SECRETARÍA DE EDUCACIÓN DISTRITAL | UVY10: SECRETARÍA DE EDUCACIÓN DISTRITAL | UWG10: SECRETARÍA DE EDUCACIÓN DISTRITAL | UWO10: SECRETARÍA DE EDUCACIÓN DISTRITAL | UWW10: SECRETARÍA DE EDUCACIÓN DISTRITAL | UXE10: SECRETARÍA DE EDUCACIÓN DISTRITAL | UXM10: SECRETARÍA DE EDUCACIÓN DISTRITAL | UXU10: SECRETARÍA DE EDUCACIÓN DISTRITAL | UYC10: SECRETARÍA DE EDUCACIÓN DISTRITAL | UYK10: SECRETARÍA DE EDUCACIÓN DISTRITAL | UYS10: SECRETARÍA DE EDUCACIÓN DISTRITAL | UZA10: SECRETARÍA DE EDUCACIÓN DISTRITAL | UZI10: SECRETARÍA DE EDUCACIÓN DISTRITAL | UZQ10: SECRETARÍA DE EDUCACIÓN DISTRITAL | UZY10: SECRETARÍA DE EDUCACIÓN DISTRITAL | VAG10: SECRETARÍA DE EDUCACIÓN DISTRITAL | VAO10: SECRETARÍA DE EDUCACIÓN DISTRITAL | VAW10: SECRETARÍA DE EDUCACIÓN DISTRITAL | VBE10: SECRETARÍA DE EDUCACIÓN DISTRITAL | VBM10: SECRETARÍA DE EDUCACIÓN DISTRITAL | VBU10: SECRETARÍA DE EDUCACIÓN DISTRITAL | VCC10: SECRETARÍA DE EDUCACIÓN DISTRITAL | VCK10: SECRETARÍA DE EDUCACIÓN DISTRITAL | VCS10: SECRETARÍA DE EDUCACIÓN DISTRITAL | VDA10: SECRETARÍA DE EDUCACIÓN DISTRITAL | VDI10: SECRETARÍA DE EDUCACIÓN DISTRITAL | VDQ10: SECRETARÍA DE EDUCACIÓN DISTRITAL | VDY10: SECRETARÍA DE EDUCACIÓN DISTRITAL | VEG10: SECRETARÍA DE EDUCACIÓN DISTRITAL | VEO10: SECRETARÍA DE EDUCACIÓN DISTRITAL | VEW10: SECRETARÍA DE EDUCACIÓN DISTRITAL | VFE10: SECRETARÍA DE EDUCACIÓN DISTRITAL | VFM10: SECRETARÍA DE EDUCACIÓN DISTRITAL | VFU10: SECRETARÍA DE EDUCACIÓN DISTRITAL | VGC10: SECRETARÍA DE EDUCACIÓN DISTRITAL | VGK10: SECRETARÍA DE EDUCACIÓN DISTRITAL | VGS10: SECRETARÍA DE EDUCACIÓN DISTRITAL | VHA10: SECRETARÍA DE EDUCACIÓN DISTRITAL | VHI10: SECRETARÍA DE EDUCACIÓN DISTRITAL | VHQ10: SECRETARÍA DE EDUCACIÓN DISTRITAL | VHY10: SECRETARÍA DE EDUCACIÓN DISTRITAL | VIG10: SECRETARÍA DE EDUCACIÓN DISTRITAL | VIO10: SECRETARÍA DE EDUCACIÓN DISTRITAL | VIW10: SECRETARÍA DE EDUCACIÓN DISTRITAL | VJE10: SECRETARÍA DE EDUCACIÓN DISTRITAL | VJM10: SECRETARÍA DE EDUCACIÓN DISTRITAL | VJU10: SECRETARÍA DE EDUCACIÓN DISTRITAL | VKC10: SECRETARÍA DE EDUCACIÓN DISTRITAL | VKK10: SECRETARÍA DE EDUCACIÓN DISTRITAL | VKS10: SECRETARÍA DE EDUCACIÓN DISTRITAL | VLA10: SECRETARÍA DE EDUCACIÓN DISTRITAL | VLI10: SECRETARÍA DE EDUCACIÓN DISTRITAL | VLQ10: SECRETARÍA DE EDUCACIÓN DISTRITAL | VLY10: SECRETARÍA DE EDUCACIÓN DISTRITAL | VMG10: SECRETARÍA DE EDUCACIÓN DISTRITAL | VMO10: SECRETARÍA DE EDUCACIÓN DISTRITAL | VMW10: SECRETARÍA DE EDUCACIÓN DISTRITAL | VNE10: SECRETARÍA DE EDUCACIÓN DISTRITAL | VNM10: SECRETARÍA DE EDUCACIÓN DISTRITAL | VNU10: SECRETARÍA DE EDUCACIÓN DISTRITAL | VOC10: SECRETARÍA DE EDUCACIÓN DISTRITAL | VOK10: SECRETARÍA DE EDUCACIÓN DISTRITAL | VOS10: SECRETARÍA DE EDUCACIÓN DISTRITAL | VPA10: SECRETARÍA DE EDUCACIÓN DISTRITAL | VPI10: SECRETARÍA DE EDUCACIÓN DISTRITAL | VPQ10: SECRETARÍA DE EDUCACIÓN DISTRITAL | VPY10: SECRETARÍA DE EDUCACIÓN DISTRITAL | VQG10: SECRETARÍA DE EDUCACIÓN DISTRITAL | VQO10: SECRETARÍA DE EDUCACIÓN DISTRITAL | VQW10: SECRETARÍA DE EDUCACIÓN DISTRITAL | VRE10: SECRETARÍA DE EDUCACIÓN DISTRITAL | VRM10: SECRETARÍA DE EDUCACIÓN DISTRITAL | VRU10: SECRETARÍA DE EDUCACIÓN DISTRITAL | VSC10: SECRETARÍA DE EDUCACIÓN DISTRITAL | VSK10: SECRETARÍA DE EDUCACIÓN DISTRITAL | VSS10: SECRETARÍA DE EDUCACIÓN DISTRITAL | VTA10: SECRETARÍA DE EDUCACIÓN DISTRITAL | VTI10: SECRETARÍA DE EDUCACIÓN DISTRITAL | VTQ10: SECRETARÍA DE EDUCACIÓN DISTRITAL | VTY10: SECRETARÍA DE EDUCACIÓN DISTRITAL | VUG10: SECRETARÍA DE EDUCACIÓN DISTRITAL | VUO10: SECRETARÍA DE EDUCACIÓN DISTRITAL | VUW10: SECRETARÍA DE EDUCACIÓN DISTRITAL | VVE10: SECRETARÍA DE EDUCACIÓN DISTRITAL | VVM10: SECRETARÍA DE EDUCACIÓN DISTRITAL | VVU10: SECRETARÍA DE EDUCACIÓN DISTRITAL | VWC10: SECRETARÍA DE EDUCACIÓN DISTRITAL | VWK10: SECRETARÍA DE EDUCACIÓN DISTRITAL | VWS10: SECRETARÍA DE EDUCACIÓN DISTRITAL | VXA10: SECRETARÍA DE EDUCACIÓN DISTRITAL | VXI10: SECRETARÍA DE EDUCACIÓN DISTRITAL | VXQ10: SECRETARÍA DE EDUCACIÓN DISTRITAL | VXY10: SECRETARÍA DE EDUCACIÓN DISTRITAL | VYG10: SECRETARÍA DE EDUCACIÓN DISTRITAL | VYO10: SECRETARÍA DE EDUCACIÓN DISTRITAL | VYW10: SECRETARÍA DE EDUCACIÓN DISTRITAL | VZE10: SECRETARÍA DE EDUCACIÓN DISTRITAL | VZM10: SECRETARÍA DE EDUCACIÓN DISTRITAL | VZU10: SECRETARÍA DE EDUCACIÓN DISTRITAL | WAC10: SECRETARÍA DE EDUCACIÓN DISTRITAL | WAK10: SECRETARÍA DE EDUCACIÓN DISTRITAL | WAS10: SECRETARÍA DE EDUCACIÓN DISTRITAL | WBA10: SECRETARÍA DE EDUCACIÓN DISTRITAL | WBI10: SECRETARÍA DE EDUCACIÓN DISTRITAL | WBQ10: SECRETARÍA DE EDUCACIÓN DISTRITAL | WBY10: SECRETARÍA DE EDUCACIÓN DISTRITAL | WCG10: SECRETARÍA DE EDUCACIÓN DISTRITAL | WCO10: SECRETARÍA DE EDUCACIÓN DISTRITAL | WCW10: SECRETARÍA DE EDUCACIÓN DISTRITAL | WDE10: SECRETARÍA DE EDUCACIÓN DISTRITAL | WDM10: SECRETARÍA DE EDUCACIÓN DISTRITAL | WDU10: SECRETARÍA DE EDUCACIÓN DISTRITAL | WEC10: SECRETARÍA DE EDUCACIÓN DISTRITAL | WEK10: SECRETARÍA DE EDUCACIÓN DISTRITAL | WES10: SECRETARÍA DE EDUCACIÓN DISTRITAL | WFA10: SECRETARÍA DE EDUCACIÓN DISTRITAL | WFI10: SECRETARÍA DE EDUCACIÓN DISTRITAL | WFQ10: SECRETARÍA DE EDUCACIÓN DISTRITAL | WFY10: SECRETARÍA DE EDUCACIÓN DISTRITAL | WGG10: SECRETARÍA DE EDUCACIÓN DISTRITAL | WGO10: SECRETARÍA DE EDUCACIÓN DISTRITAL | WGW10: SECRETARÍA DE EDUCACIÓN DISTRITAL | WHE10: SECRETARÍA DE EDUCACIÓN DISTRITAL | WHM10: SECRETARÍA DE EDUCACIÓN DISTRITAL | WHU10: SECRETARÍA DE EDUCACIÓN DISTRITAL | WIC10: SECRETARÍA DE EDUCACIÓN DISTRITAL | WIK10: SECRETARÍA DE EDUCACIÓN DISTRITAL | WIS10: SECRETARÍA DE EDUCACIÓN DISTRITAL | WJA10: SECRETARÍA DE EDUCACIÓN DISTRITAL | WJI10: SECRETARÍA DE EDUCACIÓN DISTRITAL | WJQ10: SECRETARÍA DE EDUCACIÓN DISTRITAL | WJY10: SECRETARÍA DE EDUCACIÓN DISTRITAL | WKG10: SECRETARÍA DE EDUCACIÓN DISTRITAL | WKO10: SECRETARÍA DE EDUCACIÓN DISTRITAL | WKW10: SECRETARÍA DE EDUCACIÓN DISTRITAL | WLE10: SECRETARÍA DE EDUCACIÓN DISTRITAL | WLM10: SECRETARÍA DE EDUCACIÓN DISTRITAL | WLU10: SECRETARÍA DE EDUCACIÓN DISTRITAL | WMC10: SECRETARÍA DE EDUCACIÓN DISTRITAL | WMK10: SECRETARÍA DE EDUCACIÓN DISTRITAL | WMS10: SECRETARÍA DE EDUCACIÓN DISTRITAL | WNA10: SECRETARÍA DE EDUCACIÓN DISTRITAL | WNI10: SECRETARÍA DE EDUCACIÓN DISTRITAL | WNQ10: SECRETARÍA DE EDUCACIÓN DISTRITAL | WNY10: SECRETARÍA DE EDUCACIÓN DISTRITAL | WOG10: SECRETARÍA DE EDUCACIÓN DISTRITAL | WOO10: SECRETARÍA DE EDUCACIÓN DISTRITAL | WOW10: SECRETARÍA DE EDUCACIÓN DISTRITAL | WPE10: SECRETARÍA DE EDUCACIÓN DISTRITAL | WPM10: SECRETARÍA DE EDUCACIÓN DISTRITAL | WPU10: SECRETARÍA DE EDUCACIÓN DISTRITAL | WQC10: SECRETARÍA DE EDUCACIÓN DISTRITAL | WQK10: SECRETARÍA DE EDUCACIÓN DISTRITAL | WQS10: SECRETARÍA DE EDUCACIÓN DISTRITAL | WRA10: SECRETARÍA DE EDUCACIÓN DISTRITAL | WRI10: SECRETARÍA DE EDUCACIÓN DISTRITAL | WRQ10: SECRETARÍA DE EDUCACIÓN DISTRITAL | WRY10: SECRETARÍA DE EDUCACIÓN DISTRITAL | WSG10: SECRETARÍA DE EDUCACIÓN DISTRITAL | WSO10: SECRETARÍA DE EDUCACIÓN DISTRITAL | WSW10: SECRETARÍA DE EDUCACIÓN DISTRITAL | WTE10: SECRETARÍA DE EDUCACIÓN DISTRITAL | WTM10: SECRETARÍA DE EDUCACIÓN DISTRITAL | WTU10: SECRETARÍA DE EDUCACIÓN DISTRITAL | WUC10: SECRETARÍA DE EDUCACIÓN DISTRITAL | WUK10: SECRETARÍA DE EDUCACIÓN DISTRITAL | WUS10: SECRETARÍA DE EDUCACIÓN DISTRITAL | WVA10: SECRETARÍA DE EDUCACIÓN DISTRITAL | WVI10: SECRETARÍA DE EDUCACIÓN DISTRITAL | WVQ10: SECRETARÍA DE EDUCACIÓN DISTRITAL | WVY10: SECRETARÍA DE EDUCACIÓN DISTRITAL | WWG10: SECRETARÍA DE EDUCACIÓN DISTRITAL | WWO10: SECRETARÍA DE EDUCACIÓN DISTRITAL | WWW10: SECRETARÍA DE EDUCACIÓN DISTRITAL | WXE10: SECRETARÍA DE EDUCACIÓN DISTRITAL | WXM10: SECRETARÍA DE EDUCACIÓN DISTRITAL | WXU10: SECRETARÍA DE EDUCACIÓN DISTRITAL | WYC10: SECRETARÍA DE EDUCACIÓN DISTRITAL | WYK10: SECRETARÍA DE EDUCACIÓN DISTRITAL | WYS10: SECRETARÍA DE EDUCACIÓN DISTRITAL | WZA10: SECRETARÍA DE EDUCACIÓN DISTRITAL | WZI10: SECRETARÍA DE EDUCACIÓN DISTRITAL | WZQ10: SECRETARÍA DE EDUCACIÓN DISTRITAL | WZY10: SECRETARÍA DE EDUCACIÓN DISTRITAL | XAG10: SECRETARÍA DE EDUCACIÓN DISTRITAL | XAO10: SECRETARÍA DE EDUCACIÓN DISTRITAL | XAW10: SECRETARÍA DE EDUCACIÓN DISTRITAL | XBE10: SECRETARÍA DE EDUCACIÓN DISTRITAL | XBM10: SECRETARÍA DE EDUCACIÓN DISTRITAL | XBU10: SECRETARÍA DE EDUCACIÓN DISTRITAL | XCC10: SECRETARÍA DE EDUCACIÓN DISTRITAL | XCK10: SECRETARÍA DE EDUCACIÓN DISTRITAL | XCS10: SECRETARÍA DE EDUCACIÓN DISTRITAL | XDA10: SECRETARÍA DE EDUCACIÓN DISTRITAL | XDI10: SECRETARÍA DE EDUCACIÓN DISTRITAL | XDQ10: SECRETARÍA DE EDUCACIÓN DISTRITAL | XDY10: SECRETARÍA DE EDUCACIÓN DISTRITAL | XEG10: SECRETARÍA DE EDUCACIÓN DISTRITAL | XEO10: SECRETARÍA DE EDUCACIÓN DISTRITAL | XEW10: SECRETARÍA DE EDUCACIÓN DISTRITAL
B11: SUBSECRETARÍA DE COBERTURA EDUCATIVA
B12: 2024
B14: ITEM | C14: ACTIVIDAD | D14: SUBITEM | E14: MODALIDAD DE ATENCION PARA LA DE PRESTACIÓN DEL SERVICIO EDUCATIVO | F14: NIVEL EDUCATIVO | G14: N° DE ESTUDIANTES | H14: VALOR POR ESTUDIANTE | I14: TOTAL
B15: 4.1.2 | C15: Brindar acceso al servicio educativo a traves de la estrategia de ampliación de cobertura educativa en Santiago de Cali
D16: SUBITEM | E16: MODALIDAD DE ATENCION PARA LA DE PRESTACIÓN DEL SERVICIO EDUCATIVO | F16: NIVEL EDUCATIVO | G16: N° DE ESTUDIANTES | H16: VALOR POR ESTUDIANTE | I16: TOTAL
D17: 4.1.2.13 | E17: Prestación del servicio educativo a estudiantes de establecimientos educativos privados contratados para la prestacion del servicio educativo oficial - Población Regular Establecimiento calificado en la escala de mejoramiento de calidad que prestan el servicio educativo en jornada única. | F17: Transición | G17: 2432 | H17: 2798840 | I17: =+H17*G17 -> 6806778880
D18: 4.1.2.14 | F18: Primaria | G18: 16167 | H18: 2093102 | I18: =+H18*G18 -> 33839180034
D19: 4.1.2.15 | F19: Secundaria | G19: 14639 | H19: 2492794 | I19: =+H19*G19 -> 36492011366
D20: 4.1.2.16 | F20: Media | G20: 5761 | H20: 2825594 | I20: =+H20*G20 -> 16278247034
G21: 38999 | H21: 0 | I21: =SUM(I17:I20) -> 93416217314
D23: SUBITEM | E23: MODALIDAD DE ATENCION PARA LA DE PRESTACIÓN DEL SERVICIO EDUCATIVO | F23: NIVEL EDUCATIVO | G23: N° DE ESTUDIANTES | H23: VALOR POR ESTUDIANTE | I23: TOTAL
D24: 4.1.2.17 | E24: Prestación del servicio educativo a estudiantes con discapacidad motora, sensorial y multiples (circular 66 de 2015 del MEN) | F24: Transición | G24: 262 | H24: 2914540 | I24: =+H24*G24 -> 763609480
D25: 4.1.2.18 | F25: Primaria | G25: 1773 | H25: 2179626 | I25: =+H25*G25 -> 3864476898
D26: 4.1.2.19 | F26: Secundaria | G26: 1846 | H26: 0
D27: 4.1.2.20 | F27: Media | G27: 986 | H27: 0
G28: =SUM(G24:G27) -> 4867 | H28: 0 | I28: =SUM(I24:I27) -> 4628086378
H29: 0
D30: SUBITEM | E30: MODALIDAD DE ATENCION PARA LA DE PRESTACIÓN DEL SERVICIO EDUCATIVO | F30: NIVEL EDUCATIVO | G30: N° DE ESTUDIANTES | H30: VALOR POR ESTUDIANTE | I30: TOTAL
D31: 4.1.2.21 | E31: Prestacion del servicio educativo a estudiantes mediante la promoción e implementación de estrategias de desarrollo pedagógico a celebrarse con iglesias o confesiones religiosas | F31: Transición | G31: 1603 | H31: 2807757 | I31: =+H31*G31 -> 4500834471
D32: 4.1.2.22 | F32: Primaria | G32: 6193 | H32: 2610227 | I32: =+H32*G32 -> 16165135811
D33: 4.1.2.23 | F33: Secundaria | G33: 5455 | H33: 2807757 | I33: =+H33*G33 -> 15316314435
D34: 4.1.2.24 | F34: Media | G34: 2297 | H34: 2807757 | I34: =+H34*G34 -> 6449417829
G35: =SUM(G31:G34) -> 15548 | H35: 0 | I35: =SUM(I31:I34) -> 42431702546
G36: =+G21+G28+G35 -> 59414 | H36: =+H21+H28+H35 -> 0 | I36: =+I21+I28+I35 -> 140476006238
H38: VALOR TOTAL | I38: =I36 -> 140476006238

Sheet DETALLE POBLACIÓN PROYECTADA
B11: DETALLE DE POBLACIÓN OBJETIVO
B13: Ubicación general | C13: Localización específica | D13: Detalle de la Población | E13: Año 0 | F13: Año 1 | G13: Año 2 | H13: Año 3
B14: Comuna 1, 6, 7, 13, 14, 15, 16, 18, 20, 21 y corregimientos de la Buitrera y Montebello | C14: Comunas deficitarias en cupos escolares | D14: Niños, niñas, adolescentes y jóvenes de EE Privado-contratado | E14: 59414
C15: TOTAL
B18: CLASIFICADOR DE LA INVERSIÓN
B20: Sector | C20: 22-Educación
B21: Articulación con Política Pública No.1
B22: Articulación con Política Pública No.2
B23: Articulación con Política Pública No.3
B24: Gasto Público Social | C24: Si | D24: Educacion
B25: Grupo vulnerable | C25: Niños, Niñas, Adolecentes y Jóvenes
B26: Atiende situación excepcional en el territorio? | C26: Ninguna | E26: =IF(C26="Ninguna","",IF(C26="","","Cual?"))
B27: Es proyecto movilizador? | C27: No | D27: =IF(C27="SI","Código de proyecto movilizador","")
B30: POBLACIÓN BENEFICIADA
B31: Clasificación | C31: Descripción | D31: Cantidad | E31: Fuente de Informacion
B32: Etarea (Edad) | C32: 0 a 14 años | D32: 44196 | E32: SIMAT_ Anexo 6A abril 2022
B33: Etarea (Edad) | C33: 15 a 19 años | D33: 15081 | E33: SIMAT_ Anexo 6A abril 2022
B34: Etarea (Edad) | C34: 20 a 59 años | D34: 137 | E34: SIMAT_ Anexo 6A abril 2022
B35: Etarea (Edad) | C35: Mayor de 60 años | D35: 0 | E35: SIMAT_ Anexo 6A abril 2022
B36: TOTAL | D36: =SUM(D32:D35) -> 59414 | E36: SIMAT_ Anexo 6A abril 2022
B38: Género | C38: Masculino | D38: 29410 | E38: SIMAT_ Anexo 6A abril 2022
B39: Género | C39: Femenino | D39: 30004 | E39: SIMAT_ Anexo 6A abril 2022
B40: TOTAL | D40: =SUM(D38:D39) -> 59414 | E40: SIMAT_ Anexo 6A abril 2022
B42: Grupos étnicos | C42: Pueblos indígenas
B43: Grupos étnicos | C43: Población Afrocolombiana | D43: 701 | E43: SIMAT_ Anexo 6A abril 2022
B44: Grupos étnicos | C44: Población Raizal | D44: 0 | E44: SIMAT_ Anexo 6A abril 2022
B45: Grupos étnicos | C45: Pueblo Rrom | D45: 0 | E45: SIMAT_ Anexo 6A abril 2022
B46: TOTAL | D46: =SUM(D42:D45) -> 701
B48: Zona | C48: Urbana | D48: 59125 | E48: SIMAT_ Anexo 6A abril 2022
B49: Zona | C49: Rural | D49: 289 | E49: SIMAT_ Anexo 6A abril 2022
B50: TOTAL | D50: =SUM(D48:D49) -> 59414 | E50: SIMAT_ Anexo 6A abril 2022
B52: Otros | C52: Desplazados | D52: 2187 | E52: SIMAT_ Anexo 6A abril 2022
B53: Otros | C53: Discapacidad | D53: 1150 | E53: SIMAT_ Anexo 6A abril 2022
B54: Otros | C54: Victimas | D54: 272 | E54: SIMAT_ Anexo 6A abril 2022
B55: TOTAL | D55: =SUM(D52:D54) -> 3609
B58: COMUNA | C58: TRANSICIÓN | D58: PRIMARIA | E58: SECUNDARIA | F58: MEDIA | G58: TOTAL POBLACION
B60: COMUNA 1 | C60: 0 | D60: 172 | E60: 216 | F60: 122 | G60: 510
B61: COMUNA 6 | C61: 184 | D61: 1336 | E61: 1418 | F61: 619 | G61: 3557
B62: COMUNA 7 | C62: 0 | D62: 803 | E62: 751 | F62: 315 | G62: 1869
B63: COMUNA 8*** | C63: 78 | D63: 0 | E63: 0 | F63: 0 | G63: 78
B64: COMUNA 13 | C64: 572 | D64: 1865 | E64: 1777 | F64: 645 | G64: 4859
B65: COMUNA 14 | C65: 1041 | D65: 5636 | E65: 4667 | F65: 1681 | G65: 13025
B66: COMUNA 15 | C66: 1331 | D66: 7081 | E66: 6580 | F66: 2554 | G66: 17546
B67: COMUNA 16 | C67: 0 | D67: 286 | E67: 413 | F67: 196 | G67: 895
B68: COMUNA 18 | C68: 209 | D68: 1320 | E68: 1196 | F68: 509 | G68: 3234
B69: COMUNA 19*** | C69: 39 | D69: 215 | E69: 0 | F69: 0 | G69: 254
B70: COMUNA 20 | C70: 0 | D70: 264 | E70: 569 | F70: 351 | G70: 1184
B71: COMUNA 21 | C71: 884 | D71: 4948 | E71: 4368 | F71: 1912 | G71: 12112
... B73: COMUNA 64 | C73: 0 | D73: 18 | E73: 66 | F73: 37 | G73: 121
B74: Total general | C74: =+SUM(C60:C73) -> 4338 | D74: =+SUM(D60:D73) -> 24114 | E74: =+SUM(E60:E73) -> 22021 | F74: =+SUM(F60:F73) -> 8941 | G74: =+SUM(G60:G73) -> 59414

Sheet Listados
A1: DECISIÓN | C1: Centro Gestor | D1: Denominación Centro Gestor | F1: Meta Plan de Desarrollo | I1: Metal Plan de Desarrollo Comuna o Corregimiento | L1: Codigo POSPRE | M1: Denominación POSPRE | O1: Codigo Fondo | P1: Denominación Fondo | R1: Sector MGA | T1: POLÍTICAS PÚBLICAS | V1: SECTORES GASTO PUBLICO SOCIAL
A2: Si | C2: 4112 | D2: Secretaría de Gobierno | F2: 51010010001 | G2: Edificio de Cali Inteligente en el área de desarrollo naranja de Ciudad Paraíso, incluyendo el Centro integrado de control y operación de Cali Inteligente funcionando | I2: 53040040004-0101 | J2: En el periodo 2020 - 2023 se ha realizado el mantenimiento y/o adecuación de 1 kilómetros de vias en la comuna 1, previo concepto de viabilidad técnica. | L2: NO* 2.3 | M2: Inversión | O2: 1.2.1.0.00 | P2: Ingresos corrientes de Libre Destinación | R2: 01-Congreso | T2: Acuerdo 292 POR EL CUAL SE ADOPTA LA POLÍTICA PÚBLICA PARA LAS MUJERES EN EL MUNICIPIO DE SANTIAGO DE CALI Y SE DICTAN OTRAS DISPOSICIONES | V2: Salud
A3: No | C3: 4121 | D3: Departamento Administrativo de Gestión Jurídica Pública | F3: 51010010002 | G3: Bibliotecas y espacios culturales interconectados | I3: 53040010004-0102 | J3: En el periodo 2020 - 2023, se han mejorado 500 metro cuadrados de andenes en la comuna 1, previo concepto de viabilidad técnica | L3: NO* 2.3.1 | M3: Gastos de personal | O3: 1.2.1.0.00 | P3: Ingresos corrientes de Libre Destinación | R3: 02-Presidencia de la república | T3: Acuerdo 382 POR MEDIO DEL CUAL SE ADOPTA LA POLÍTICA PÚBLICA Y EL PLAN INDICATIVO DE ATENCIÓN A LA DISCAPACIDAD EN EL MUNICIPIO DE SANTIAGO DE CALI Y SE DEROGA EL ACUERDO 0197 DE 2006 | V3: Educacion
C4: 4123 | D4: Departamento Administrativo de Control Interno | F4: 51010010003 | G4: Equipamientos inteligentes operando | I4: 53040010002-0103 | J4: En el periodo 2020 - 2023, se ha realizado la construcción de 1 puente peatonal en la comuna 1, previo concepto de viabilidad técnica | L4: NO* 2.3.1.01 | M4: Planta de personal permanente | O4: 1.2.2.0.00.01 | P4: Servicios de expedición de permisos, conceptos ambientales | R4: 03-Planeación | T4: Acuerdo 392 POR MEDIO DEL CUAL SE ADOPTA LA POLÍTICA PÚBLICA DE PRIMERA INFANCIA, INFANCIA Y ADOLESCENCIA 2015 - 2024, CALI, MUNICIPIO RESPONSABLE Y AMIGO DE LOS NIÑOS, NIÑAS Y ADOLESCENTES Y SE DICTAN OTRAS DISPOSICIONES | V4: Saneamiento ambiental
A5: TIPO DE RECURSO | C5: 4124 | D5: Departamento Administrativo de Control Disciplinario Interno | F5: 51010010004 | G5: Longitud de fibra óptica de Red Distrital Integrada – REMI, operando | I5: 53050020003-0104 | J5: En el periodo 2020 - 2023, se han construido 50 metros cubicos de muros de contención, previo concepto de viabilidad técnica | L5: NO* 2.3.1.01.01 | M5: Factores constitutivos de salario | O5: 1.2.2.0.00.02 | P5: Contribución y recargos valorización | R5: 04-Información estadística | T5: Acuerdo 420 POR EL CUAL SE ADOPTA LA POLÍTICA PÚBLICA DE ENVEJECIMIENTO Y VEJEZ PARA LAS PERSONAS MAYORES EN EL MUNICIPIO DE SANTIAGO DE CALI 2017 - 2027 | V5: Agua potable
A6: Propios | C6: 4131 | D6: Departamento Administrativo de Hacienda | F6: 51010010005 | G6: Central de Telecomunicaciones en Salud Fase 1 diseñada y construida | I6: 53040040003-0105 | J6: En el periodo 2020 - 2023, se han construido 0,3 kilómetros lineales de pavimento en la comuna 1, previo concepto de viabilidad técnica | L6: NO* 2.3.1.01.01.001 | M6: Factores salariales comunes | O6: 1.2.2.0.00.03 | P6: Impuesto de Circulación y Tránsito Sobre Vehículos de Servicio Público - S.I.T.MIO | R6: 05-Empleo público | T6: Acuerdo 411 POR EL CUAL SE ADOPTA LA POLÍTICA PÚBLICA DE MEJORAMIENTO INTEGRAL DEL HÁBITAT DE LOS ASENTAMIENTOS HUMANOS PRECARIOS EN EL MUNICIPIO DE SANTIAGO DE CALI - MI HÁBITAT Y SE DICTAN OTRAS DISPOSICIONES | V6: Deporte y recreación
A7: SGP Educación | C7: 4132 | D7: Departamento Administrativo de Planeación Municipal | F7: 51010010006 | G7: Sistema de señalización turística implementado | I7: 51040020001-0106 | J7: En el periodo 2020 - 2023, se han fortalecido 450 personas en el ecosistema de emprendimiento empresarial y social con enfoque diferencial y de genero | L7: NO* 2.3.1.01.01.001.01 | M7: Sueldo básico | O7: 1.2.2.0.00.04 | P7: Conceptos técnicos aprovechamiento de las aguas subterráneas y superficiales | R7: 11-Relaciones exteriores | T7: Acuerdo 424 POR MEDIO DEL CUAL SE ADOPTA LA POLÍTICA PÚBLICA DE REGULACIÓN Y ORGANIZACIÓN DE VENTAS INFORMALES EN EL ESPACIO PÚBLICO EN EL MUNICIPIO DE SANTIAGO DE CALI | V7: Vivienda
A8: SGP Salud | C8: 4133 | D8: Departamento Administrativo de Gestión del Medio Ambiente | F8: 51010010007 | G8: Red de puntos información turística operando | I8: 51010010019-0107 | J8: En el período 2020-2023, 400 personas han recibido formación, sensibilización y/o utilización de servicios en el uso y apropiación de tecnologías de la información y la comunicación TIC | L8: NO* 2.3.1.01.01.001.01.01 | M8: Sueldo básico Docente | O8: 1.2.2.0.00.05 | P8: Sanciones por Violación de Normas - DAGMA | R8: 12-Justicia y del derecho | T8: Acuerdo 422 POR EL CUAL SE ADOPTA LA POLÍTICA PÚBLICA MUNICIPAL DE EDUCACIÓN AMBIENTAL DE SANTIAGO DE CALI 2017 - 2036
A9: SGP Agua Potable y Saneamiento Básico | C9: 4134 | D9: Departamento Administrativo de Tecnologías de la Información y las Comunicaciones | F9: 51010010008 | G9: Puntos de Apropiación Digital (PAD) dotados con herramientas TI para población con discapacidad | I9: 51010010020-0108 | J9: En el período 2020-2023, ha entrado en operación 1 punto de apropiación digital o laboratorio de innovación digital. | L9: 2.3.1.01.01.001.01.01.01 | M9: Sueldo Docente Csf | O9: 1.2.2.0.00.06 | P9: Seguimiento plan de saneamiento y manejo de vertimientos | R9: 13-Hacienda | T9: Acuerdo 463 POR EL CUAL SE ADOPTA LA POLÍTICA PÚBLICA DE DESARROLLO ECONÓMICO DE SANTIAGO DE CALI Y SE DICTAN OTRAS DISPOSICIONES
A10: SGP Alimentación Escolar | C10: 4135 | D10: Departamento Administrativo de Contratación Pública | F10: 51010010009 | G10: Zonas públicas con acceso gratuito a internet para el servicio al ciudadano | I10: 52020050005-0109 | J10: En el período 2020-2023, se han beneficiado 90 personas con discapacidad, con actividades artísticas y culturales | L10: 2.3.1.01.01.001.01.01.02 | M10: Sueldo Docente Ssf | O10: 1.2.2.0.00.07 | P10: Contribucion valorización nuevo plan de obras | R10: 15-Defensa y policía | T10: Acuerdo 470 POR EL CUAL SE ADOPTA LA POLÍTICA PÚBLICA DE SOBERANÍA Y SEGURIDAD ALIMENTARÍA Y NUTRICIONAL DEL DISTRITO ESPECIAL DE SANTIAGO DE CALI Y SE DICTAN OTRAS DISPOSICIONES
A11: SGP Primera Infancia | C11: 4137 | D11: Departamento Administrativo de Desarrollo e Innovación Institucional | F11: 51010010010 | G11: Docentes y Directivos Docentes con acompañamiento didáctico y curricular en estrategias pedagógicas mediadas por las TIC | I11: 52050020001-0110 | J11: En el periodo 2020-2023, se han formado en prácticas artísticas 600 personas de la comuna | L11: NO* 2.3.1.01.01.001.01.02 | M11: Sueldo básico Directivo Docente | O11: 1.2.2.0.00.08 | P11: Aportes urbanísticos por mayor edificabilidad | R11: 17-Agricultura y desarrollo rural | T11: Acuerdo 461 POR MEDIO DEL CUAL SE ADOPTA LA POLÍTICA PÚBLICA "CALIDIVERSIDAD" PARA LA GARANTÍA DEL EJERCICIO EFECTIVO DE LOS DERECHOS DE LAS PERSONAS DE LOS SECTORES SOCIALES LGBTI, Y DE PERSONAS CON ORIENTACIONES SEXTUALES E IDENTIDADES DE GÉNERO DIVERSAS EN SANTIAGO DE CALI Y SE DICTAN OTRAS DISPOSICIONES
A12: SGP Propósito General Cultura | C12: 4143 | D12: Secretaría de Educación | F12: 51010010011 | G12: Alumbrado público inteligente implementado | I12: 52050020013-0111 | J12: En el periodo 2020-2023, se han certificado en áreas artísticas, 120 personas de la comuna | L12: 2.3.1.01.01.001.01.02.01 | M12: Sueldo Directivo Docente Csf | O12: 1.2.2.0.00.09 | P12: Expedición de Licencias de funcionamiento de establecimientos educativos para el trabajo y el desarrollo humano | R12: 19-Salud y protección social | T12: Acuerdo 464 POR EL CUAL SE ADOPTA LA POLÍTICA PÚBLICA DE JUVENTUDES DE SANTIAGO DE CALI Y SE DICTAN OTRAS DISPOSICIONES
A13: SGP Propósito General Deporte | C13: 4145 | D13: Secretaría de Salud Pública | F13: 51010010012 | G13: Procesos de contratación implementados bajo el enfoque de compra pública para la innovación | I13: 52030080007-0112 | J13: En el período 2020-2023, se ha realizado la adecuación, mejoramiento, mantenimiento o dotación de 1 equipamiento cultural de la comuna | L13: 2.3.1.01.01.001.01.02.02 | M13: Sueldo Directivo Docente Ssf | O13: 1.2.2.0.00.10 | P13: Fondo de Promoción de la Movilidad Sostenible | R13: 21-Minas y energía | T13: Acuerdo 459 POR EL CUAL SE ADOPTA LA POLÍTICA PÚBLICA AFROCOLOMBIANA, NEGRA, PALENQUERA Y RAIZAL DE SANTIAGO DE CALI - CALIAFRO
A14: SGP Propósito General Otros Sectores | C14: 4146 | D14: Secretaría de Bienestar Social | F14: 51010010013 | G14: Plataforma para la integración de servicios al ciudadano operando | I14: 52020020008-0113 | J14: En el período 2020-2023, se han beneficiado 1600 niñas, niños, adolescentes, jóvenes y adultos (incluidos con discapacidad) con programas de iniciación y formación deportiva en disciplinas tradicionales y de nuevas tendencias en la comuna | L14: NO* 2.3.1.01.01.001.01.03 | M14: Sueldo básico Administrativo | O14: 1.2.2.0.00.11 | P14: Recursos Convenio Municipio CDAV | R14: 22-Educación | T14: Decreto 411.2.010.20.0507 POR EL CUAL SE DA CUMPLIMIENTO A LA SENTENCIA T-291 DE 20 DE ABRIL DE 2009 Y AUTO A-117 DE 6 DE MAYO DE 2014 Y SE DICTAN OTRAS DISPOSICIONES - POLÍTICA PÚBLICA DE RECICLADORES DE OFICIO
C15: 4147 | D15: Secretaría de Vivienda Social y Hábitat | F15: 51010010014 | G15: Plan Maestro de Alumbrado Público elaborado | I15: 51030010006-0114 | J15: En el período 2020-2023, se han realizado 4 eventos deportivos, recreativos, y de innovación en la comuna | L15: 2.3.1.01.01.001.01.03.01 | M15: Sueldo Administrativo | O15: 1.2.2.0.00.12 | P15: Participación en la Plusvalía | R15: 23-Tecnologías de la información y las comunicaciones | T15: Acuerdo 549 POR EL CUAL SE ADOPTA LA POLÍTICA PÚBLICA DE TURISMO DE SANTIAGO DE CALI 2022 - 2023 Y SE DICTAN OTRAS DISPOSICIONES
A16: SITUACIONES EXCEPCIONALES | C16: 4148 | D16: Secretaría de Cultura | F16: 51010010015 | G16: Servicio de alumbrado público inteligente operando | I16: 52030080005-0115 | J16: En el período 2020-2023, se han intervenido 9 escenarios deportivos y recreativos en la comuna | L16: 2.3.1.01.01.001.01.03.02 | M16: Incremento Por Antigüedad Administrativo | O16: 1.2.2.0.00.13 | P16: Impuesto de Circulación y Tránsito Sobre Vehículos de Servicio Público - Tradicional | R16: 24-Transporte | T16: Acuerdo 560 POR EL CUAL SE ADOPTA LA POLÍTICA PÚBLICA DEL DEPORTE, LA RECREACIÓN Y LA ACTIVIDAD FÍSICA "CALI CIUDAD DEPORTIVA" Y SE DICTAN OTRAS DISPOSICIONES.
A17: Ninguna | C17: 4151 | D17: Secretaría de Infraestructura | F17: 51010010016 | G17: Sistema de Bicicletas Públicas operando | I17: 52010030007-0116 | J17: En el período 2020-2023, se han implementado 23 sistemas de monitoreo y alerta para la prevención y/o disminución del delito | L17: NO* 2.3.1.01.01.001.02 | M17: Horas extras, dominicales, festivos y recargos | O17: 1.2.2.0.00.14 | P17: Otros derechos de Tránsito | R17: 25-Organismos de control | T17: Acuerdo 562 POR MEDIO DEL CUAL SE ADOPTA LA POLÍTICA PÚBLICA DE DERECHOS HUMANOS 2022 - 2031 DEL DISTRITO ESPECIAL, DEPORTIVO, CULTURAL, TURÍSTICO, EMPRESARIAL Y DE SERVICIOS DE SANTIAGO DE CALI Y SE DICTAN OTRAS DISPOSICIONES
A18: Asociadas a fenomenos de origen biologico: plagas, epidemias | C18: 4152 | D18: Secretaría de Movilidad | F18: 51010010017 | G18: Sistema de Información Geográfica unificada para Cali implementado y/u operando | I18: 52030080008-0117 | J18: En el período 2020-2023,se han realizado 7 intervenciones (mantenimiento, adecuación de infraestructura) a sedes educativas oficiales | L18: 2.3.1.01.01.001.02.01 | M18: Horas extras, dominicales, festivos y recargos Docente | O18: 1.2.2.0.00.15 | P18: Participación del impuesto sobre vehículos automotores | R18: 27-Rama judicial | T18: POLÍTICA PÚBLICA PARA LA ATENCIÓN INTEGRAL A VÍCTIMAS DEL CONFLICTO ARMADO - LEY 1448
A19: Asociadas a fenomenos de origen humano no intencionales: aglomeracion de publico | C19: 4161 | D19: Secretaría de Seguridad y Justicia | F19: 51010010018 | G19: Plataforma tecnológica para la Gestión de la Economía Circular diseñada y en funcionamiento | I19: 52040010005-0118 | J19: En el período 2020-2023, se han dotado 2 instituciones educativas | L19: 2.3.1.01.01.001.02.02 | M19: Horas extras, dominicales, festivos y recargos Directivo Docente | O19: 1.2.2.0.00.16 | P19: Cobros por Estacionamiento en Espacio Público o en Lotes de Parqueo | R19: 28-Registraduría | T19: Acuerdo 501 POR EL CUAL SE ADOPTA LA POLÍTICA PÚBLICA DE SALUD MENTAL, CONVIVENCIA SOCIAL Y ABORDAJE DEL CONSUMO DE SUSTANCIAS PSICOACTIVAS EN EL DISTRITO ESPECIAL, DEPORTIVO, CULTURAL, TURISTICO, EMPRESARIAL Y DE SERVICIOS DE SANTIAGO DE CALI "TEJIENDO CALEÑIDAD Y CIUDADANIA AFECTIVA"
A20: Asociadas a fenomenos de origen natural: atmosfericos, hidrologicos, geologicos, otros. | C20: 4162 | D20: Secretaría del Deporte y la Recreación | F20: 51010010019 | G20: Personas con formación, sensibilización y/o utilización de servicios en el uso y apropiación de tecnologías de la información y la comunicación TIC | I20: 51050020008-0119 | J20: En el período 2020-2023, se han asistido 100 familias de pequeños y medianos productores rurales y huerteros urbanos, con asistencia tecnica para produccion agropecuaria con enfoque agroecologico, para fortalecer la seguridad y soberania alimentaria en la comuna 1 | L20: 2.3.1.01.01.001.02.03 | M20: Horas extras, dominicales, festivos y recargos Administrtivo | O20: 1.2.2.0.00.17 | P20: Sobretasa Gasol malla vial | R20: 29-Fiscalía | T20: Acuerdo 457 de 2018 PLAN DECENAL DE CULTURA, CALI: HACIA UN TERRITORIO INTERCULTURAL (2018-2028)
A21: Asociadas a fenomenos de origen socianatural: inundaciones, movimientos en masa, incedios forestales. | C21: 4163 | D21: Secretaría de Gestión del Riesgo de Emergencias y Desastres | F21: 51010010020 | G21: Puntos de apropiación digital y laboratorios de innovación digital operando | I21: 52030070002-0120 | J21: En el período 2020-2023, se han recuperado 6 espacios públicos efectivos de la Estructura Ecológica Complementaria adecuados arquitectónica y paisajísticamente con empoderamiento ciudadano | L21: NO* 2.3.1.01.01.001.04 | M21: Subsidio de alimentación | O21: 1.2.2.0.00.18 | P21: Sobt gasol 97%(15%) S.I.T.M. | R21: 32-Ambiente y desarrollo sostenible
A22: Asociadas a fenomenos de origen tecnologico: quimicos, electricos, mecoanicos, termicos. | C22: 4164 | D22: Secretaría de Paz y Cultura Ciudadana | F22: 51010010021 | G22: Laboratorios que incentiven las Iniciativas de Ciencia, Tecnología e Innovación (CTI) de sectores productivos y de servicios de la ciudad, instalados | I22: 51030010011-0121 | J22: En el período 2020-2023, se han apoyado 2 iniciativas turisticas comunitarias | L22: 2.3.1.01.01.001.04.01 | M22: Subsidio de alimentación Docente | O22: 1.2.2.0.00.19 | P22: Impuesto a la Telefonía Urbana | R22: 33-Cultura
A23: Otras | C23: 4171 | D23: Secretaría de Desarrollo Económico | F23: 51010010022 | G23: Prototipos de innovación digital con respuesta a necesidades de ciudad desarrollados | I23: 52020030005-0122 | J23: En el período 2020-2023, se han formado 120 jovenes en desarrollo del turismo de las áreas urbanas y rurales de Santiago de Cali | L23: 2.3.1.01.01.001.04.02 | M23: Subsidio de alimentación Directivo Docente | O23: 1.2.2.0.00.25 | P23: Contribución fondo especial de intervenidas | R23: 35-Comercio, industria y turismo
C24: 4172 | D24: Secretaría de Turismo | F24: 51010010023 | G24: Conexiones físicas de Instituciones Distritales pertenecientes a REMI con mantenimiento | I24: 52020110002-0123 | J24: En el periodo 2020-2023, se han vinculado 200 personas en la estrategia de prevención de violencias contra la mujer e intervención social desde la perspectiva de género | L24: 2.3.1.01.01.001.04.03 | M24: Subsidio de alimentación Administrativo | O24: 1.2.2.0.00.27 | P24: Contribución por el servicio de parqueadero o de estacionamiento en vía | R24: 36-Trabajo
A25: GRUPOS VULNERABLES | C25: 4173 | D25: Secretaría de Desarrollo Territorial y Participación Ciudadana | F25: 51010010024 | G25: Centro de ciencia, tecnología e innovación digital al servicio de los ciudadanos con equipamiento tecnológico, operando | I25: 52020050001-0124 | J25: En el periodo 2020-2023, se ha realizado la formacion a 200 personas con discapacidad, sus familias y cuidadores en abordaje de la discapacidad, derechos, redes de apoyo, incidencia y organización | L25: NO* 2.3.1.01.01.001.05 | M25: Auxilio de transporte | O25: 1.2.2.0.00.28 | P25: Contraprestaciones por el uso del espacio público | R25: 37-Interior
A26: Niños, Niñas, Adolecentes y Jóvenes | C26: 4181 | D26: Unidad Administrativa Especial de Gestión de Bienes y Servicios | F26: 51010010025 | G26: Política pública de economía digital formulada y adoptada | I26: 52020050002-0125 | J26: En el período 2020-2023, se han benficiado 200 personas con discapacidad con productos de apoyo para la movilidad y desplazamiento y apoyo para el transporte de las personas con discapaciad | L26: 2.3.1.01.01.001.05.01 | M26: Auxilio de transporte Docente | O26: 1.2.2.0.00.29 | P26: Sobretasa Gasolina S.I.T.M. MIO | R26: 39-Ciencia, tecnología e innovación
A27: Adulto Mayor | C27: 4182 | D27: Unidad Administrativa Especial de Servicios Públicos | F27: 51010010026 | G27: Estrategias para la promoción de la industria de contenidos digitales implementadas | I27: 52020040004-0126 | J27: En el periodo 2020-2023, han participado de encuentros intergeneracionales 75 personas mayores, niños, niñas y adolecentes | L27: 2.3.1.01.01.001.05.02 | M27: Auxilio de transporte Directivo Docente | O27: 1.2.3.1.01 | P27: Sobretasa / participación ambiental - Corporaciones Autónomas Regionales | R27: 40-Vivienda, ciudad y territorio
A28: Víctimas | C28: 4183 | D28: Unidad Administrativa Especial de Protección Animal - Uaepa | F28: 51010010027 | G28: Plataforma para teletrabajo en la Alcaldía de Santiago de Cali implementado | I28: 52020080003-0127 | J28: En el periodo 2020-2023, se ha realizado 1 campaña institucional de sensibilización y participación para la reivindicación de la memoria y los derechos de la población LGBTIQ+ | L28: 2.3.1.01.01.001.05.03 | M28: Auxilio de transporte Administrativo | O28: 1.2.3.1.03.01 | P28: Impuesto de Circulación y Tránsito Sobre Vehículos de Servicio Público - S.I.T.MIO | R28: 41-Inclusión social y reconciliación
A29: Discapacidad | F29: 51010010028 | G29: Instituciones Educativas Oficiales con infraestructura de red y datos adecuada | I29: 52020040008-0128 | J29: En el periodo 2020-2023, se han beneficiado 400 personas con prácticas para el envejecimiento activo y la cultura positiva de la vejez en la comuna 1 | L29: NO* 2.3.1.01.01.001.06 | M29: Prima de servicio | O29: 1.2.3.1.03.02 | P29: Impuesto de Circulación y Tránsito Sobre Vehículos de Servicio Público - Tradicional | R29: 42-Inteligencia
A30: Mujeres | F30: 51010010029 | G30: Iniciativas de Tecnologías de la información y comunicación TICS para la promoción del turismo apoyadas | I30: 52020050003-0129 | J30: En el periodo 2020-2023, se han intervenido 330 personas con discapacidad con la Estrategia de Rehabilitación Basada en la Comunidad -RBC- en la comuna 1 | L30: 2.3.1.01.01.001.06.01 | M30: Prima de servicio Docente | O30: 1.2.3.1.05.01 | P30: Impuesto de Alumbrado Público - Predio Lotes | R30: 43-Deporte y recreación
A31: Etnias | F31: 51010010030 | G31: Clientes urbanos y de la zona rural de estratos 1 y 2 conectados a internet de EMCALI | I31: 52030070004-0130 | J31: En el periodo 2020-2023, se recuperan 2 zonas blandas, parques y zonas verdes a través de intervenciones y estrategias artísticas y lúdicas en la comuna | L31: 2.3.1.01.01.001.06.02 | M31: Prima de servicio Directivo Docente | O31: 1.2.3.1.05.02 | P31: Impuesto de Alumbrado Público EMCALI y Otros Comercializadores | R31: 44-Sistema integral de verdad, justicia, reparación y no repetición
A32: Equidad de Genero | F32: 51010010031 | G32: Espacios comunitarios conectados al portal virtual comunal de EMCALI | I32: 53040050002-0201 | J32: En el periodo 2020-2023, se han señalizado 60 puntos de red víal de Cali en la comuna 2 | L32: 2.3.1.01.01.001.06.03 | M32: Prima de servicio Administrativo | O32: 1.2.3.1.05.03 | P32: Alumb Acdo 357 (10% navideño) | R32: 45-Gobierno territorial
F33: 51010010032 | G33: Canal de TV Emcali Comunitario, implementado | I33: 53040010004-0202 | J33: En el periodo 2020-2023, se han mejorado 300 metros cuadrados de andenes en la comuna 2, previo a concepto de viabilidad técnica | L33: NO* 2.3.1.01.01.001.07 | M33: Bonificación por servicios prestados | O33: 1.2.3.1.05.04 | P33: Impuesto de Alumbrado Público Liquidación Directa
A34: MOVILIZADORES | F34: 51010010033 | G34: MiPymes industriales y de servicios en sus capacidades de desarrollo e innovación, apoyadas | I34: 51030010006-0203 | J34: En el periodo 2020-2023, se han realizado 2 eventos deportivos en la comuna 2 para jóvenes, adultos, adultos mayores y personas en situación de discapacidad. | L34: 2.3.1.01.01.001.07.01 | M34: Bonificación por servicios prestados Docente | O34: 1.2.3.1.12 | P34: Impuesto de espectáculos públicos nacional con destino al deporte
A35: P.M.51010011: Área de Desarrollo Naranja Ciudad Inteligente – Ciudad Paraíso | F35: 51010010034 | G35: Zonas Wi-Fi en sitios públicos donde se incentiva el arte, la cultura y el deporte, operando | I35: 52030080005-0204 | J35: En el periodo 2020-2023, se han intervenido 3 escenarios deportivos y recreativos en la comuna | L35: 2.3.1.01.01.001.07.02 | M35: Bonificación por servicios prestados Directivo Docente | O35: 1.2.3.1.14 | P35: Sobretasa Bomberil
A36: P.M.51010012: Lo Virtual: otra Dimensión de la Escuela | F36: 51010010035 | G36: Creación de un Distrito de innovación – Distrito Naranja | I36: 52010030007-0205 | J36: En el periodo 2020-2023, se han implementado 125 sistemas de monitoreo y alerta para la prevención y/o disminución del delito | L36: 2.3.1.01.01.001.07.03 | M36: Bonificación por servicios prestados Administrativo | O36: 1.2.3.1.14.01 | P36: Impuesto de Alumbrado Público - Predio Lotes
A37: P.M.51010013: Sistema Semafórico Inteligente | F37: 51010010036 | G37: Proceso de circulación TIC, diseñado | I37: 54030020003-0206 | J37: En el periodo 2020-2023, se han formado 100 personas en cultura ciudadana para la paz, la convivencia y reconciliación | L37: NO* 2.3.1.01.01.001.08 | M37: Prestaciones sociales | O37: 1.2.3.1.14.02 | P37: Impuesto de Alumbrado Público EMCALI y Otros Comercializadores
A38: P.M.51020011: Área de Desarrollo Naranja Parque Pacífico: cultura, arte, música, gastronomía, artesanía y diseño. | F38: 51010010037 | G38: Plataforma de Difusión y Circulación del Talento TIC, en funcionamiento | I38: 52030070002-0207 | J38: En el periodo 2020-2023, se ha recuperado 1 espacio público efectivo de la Estructura Ecológica Complementaria adecuados arquitectónica y paisajísticamente con empoderamiento ciudadano. | L38: NO* 2.3.1.01.01.001.08.01 | M38: Prima de navidad | O38: 1.2.3.1.14.03 | P38: Alumb Acdo 357 (10% navideño)
A39: P.M.51020012: Área de Desarrollo Naranja Alameda de la Salsa | F39: 51010010038 | G39: Actores oferentes de capacidades TIC formados y activos en la plataforma | I39: 52030080008-0208 | J39: En el periodo 2020-2023, se han realizado 4 intervenciones (mantenimiento, adecuación de infraestructura) a sedes educativas | L39: 2.3.1.01.01.001.08.01.01 | M39: Prima de Navidad Docente | O39: 1.2.3.1.14.04 | P39: Impuesto de Alumbrado Público Liquidación Directa
A40: P.M.51020013: Parque Tecnológico de Innovación San Fernando | F40: 51010010039 | G40: Empresas demandantes de capacidades TIC capacitadas y activas dentro del proceso | I40: 53040050002-0301 | J40: En el periodo 2020-2023, se han señalizado 50 puntos de red vial de Cali en la comuna 3 | L40: 2.3.1.01.01.001.08.01.02 | M40: Prima de Navidad Directivo Docente | O40: 1.2.3.1.15 | P40: Sobretasa bomberil
A41: P.M.51020021: Clúster del Deporte | F41: 51010010040 | G41: Sistemas inteligentes de transporte en el SITM-MIO implementados | I41: 53040040004-0302 | J41: En el periodo 2020-2023, se ha realizado el mantenimiento vial de 1.5 kilometros de via en la comuna 3, previo a concepto de viabilidad técnica | L41: 2.3.1.01.01.001.08.01.03 | M41: Prima de Navidad Administrativo | O41: 1.2.3.1.17 | P41: Sobretasa de solidaridad servicios públicos acueducto, aseo y alcantarillado
A42: P.M.51020022: Ciudad Médica | F42: 51010010041 | G42: Centro de Monitoreo Ambiental, con plataforma de vigilancia y control, construido y operando | I42: 53040010004-0303 | J42: En el periodo 2020-2023, se han mejorado 1500 metros cuadrados de andenes en la comuna 3, previo concepto de viabilidad técnica | L42: NO* 2.3.1.01.01.001.08.02 | M42: Prima de vacaciones | O42: 1.2.3.1.18 | P42: Sobretasa de solidaridad servicios públicos acueducto, aseo y alcantarillado
A43: P.M.51030011: Juegos Panamericanos Junior | F43: 51010010042 | G43: Intersecciones en el sistema de semaforización inteligente implementadas | I43: 52050020001-0304 | J43: En el periodo 2020-2023, se han formado en prácticas artísticas 1176 personas de la comuna | L43: 2.3.1.01.01.001.08.02.01 | M43: Prima de Vacaciones Docente | O43: 1.2.3.1.18.01 | P43: Tasa Prodeporte 10% Alimentación y transporte
A44: P.M.51030012: Parque de las Aves | F44: 51010010043 | G44: Mobiliario urbano instalado con mantenimiento y reposición | I44: 52030080007-0305 | J44: En el período 2020-2023, se ha realizado la adecuación, mejoramiento, mantenimiento o dotación de 2 equipamientos culturales de la comuna | L44: 2.3.1.01.01.001.08.02.02 | M44: Prima de Vacaciones Directivo Docente | O44: 1.2.3.1.18.02 | P44: Tasa Prodeporte 90% Manifestaciones deportivas y recreativas
A45: P.M.51030013: Cali Ciudad Salsa | F45: 51010010044 | G45: Almacenamiento y computación de información en la nube para las instituciones educativas y de salud públicas de Cali | I45: 52010030007-0306 | J45: En el periodo 2020-2023, se han implementado 38 sistemas de monitoreo y alerta para la prevención y/o disminución del delito | L45: 2.3.1.01.01.001.08.02.03 | M45: Prima de Vacaciones Administrativo | O45: 1.2.3.1.19.01 | P45: Estampilla procultura
... A92: P.M.54030012: Escuela del Buen Gobierno | F92: 51040010002 | G92: Prestadores de servicios turísticos formados | I92: 52020030004-0606 | J92: En el período 2020-2023, se intervienen a 450 jóvenes en riesgo vinculados a situaciones delictivas | L92: 2.3.1.01.02.009.03 | M92: Aportes a escuelas industriales e institutos técnicos Administrativo | O92: 1.2.3.2.09.06 | P92: Venta de Activos
A93: =IF(AND(' ACTIVIDADES PPTO PROYECTADA'!S10<>"",' ACTIVIDADES PPTO PROYECTADA'!S10<>"No"),movilizador,"") | F93: 51040010003 | G93: Entidades públicas y/o privadas sensibilizadas en enfoque diferencial y de género que promuevan buenas prácticas de inclusión desarrollo humano y autonomía económica | I93: 52030080008-0607 | J93: En el período 2020-2023, se ha realizado 1 intervención (Mantenimiento, adecuación de infraestructura) a sedes educativas | L93: NO* 2.3.1.01.03 | M93: Remuneraciones no constitutivas de factor salarial | O93: 1.2.3.2.10 | P93: Tasas retributivas
F94: 51040010004 | G94: Personas vinculadas a rutas para la inserción laboral | I94: 52040010005-0608 | J94: En el período 2020-2023, se ha dotado 1 Institución educativa | L94: NO* 2.3.1.01.03.001 | M94: Prestaciones sociales | O94: 1.2.3.2.11 | P94: Tasas compensatorias
F95: 51040010005 | G95: Víctimas del conflicto armado formadas como técnicos laborales por competencias | I95: 52030070002-0609 | J95: En el período 2020-2023,se han recuperado 6 espacios públicos efectivos de la Estructura Ecológica Complementaria adecuados arquitectónica y paisajísticamente con empoderamiento ciudadano. | L95: NO* 2.3.1.01.03.001.01 | M95: Vacaciones | O95: 1.2.3.2.15 | P95: Tasa por utilización de aguas subterránea y superficiales
F96: 51040020001 | G96: Personas fortalecidas en el ecosistema de emprendimiento empresarial y social con enfoque diferencial y de género | I96: 51040020001-0610 | J96: En el periodo 2020 - 2023, se han fortalecido 525 personas en el ecosistema de emprendimiento empresarial y social con enfoque diferencial y de género | L96: 2.3.1.01.03.001.01.01 | M96: Vacaciones Docente | O96: 1.2.3.2.21.01 | P96: Otros derechos de Tránsito
F97: 51040020002 | G97: Clubes deportivos asesorados para el emprendimiento | I97: 52050020002-0611 | J97: En el período 2020-2023, se apoyan anualmente 12 organizaciones artisticas enfocadas en la formaciòn en prácticas artisticas y culturales. En los dos años se formarán 3.600 personas | L97: 2.3.1.01.03.001.01.02 | M97: Vacaciones Directivo Docente | O97: 1.2.3.2.21.02 | P97: Cobros por Estacionamiento en Espacio Público o en Lotes de Parqueo
F98: 51040020003 | G98: Centros para el Emprendimiento y Desarrollo Empresarial y Social CEDES, en funcionamiento | I98: 52030070004-0612 | J98: En el período 2020-2023, se han promovido anualmente 4 espacios de la comuna con programación cultural | L98: 2.3.1.01.03.001.01.03 | M98: Vacaciones Administratvo | O98: 1.2.3.2.21.03 | P98: Derechos de Tránsito en Àreas Restringidas o de Alta Congestión
F99: 51040020004 | G99: Docentes de entidades públicas capacitados para el emprendimiento y la economía social y solidaria | I99: 51030010006-0613 | J99: En el período 2020-2023, se han realizado 3 eventos deportivos, recreativos, y de innovación en la comuna | L99: NO* 2.3.1.01.03.001.03 | M99: Bonificación especial de recreación | O99: 1.2.3.2.21.04 | P99: Recursos Convenio Municipio CDAV
F100: 51040020005 | G100: Experiencias de fortalecimiento empresarial para mercados competitivos, desarrolladas | I100: 52020020008-0614 | J100: En el período 2020-2023, se han beneficiado a 1200 niñas, niños, adolescentes, jóvenes y adultos (incluidos con discapacidad) beneficiados con programas de iniciación y formación deportiva en disciplinas tradicionales y de nuevas tendencias en la comuna | L100: 2.3.1.01.03.001.03.03 | M100: Bonificación especial de recreación Administrativo | O100: 1.2.3.2.22.03 | P100: Expedición de Licencias de funcionamiento de establecimientos educativos para el trabajo y el desarrollo humano
F101: 51040020006 | G101: Víctimas del conflicto armado vinculadas a programas de emprendimiento empresarial y social | I101: 52030080005-0615 | J101: En el período 2020-2023, se han intervenido 10 escenarios deportivos y recreativos de la comuna | L101: NO* 2.3.1.01.03.009 | M101: Prima técnica no salarial | O101: 1.2.3.2.22.04 | P101: Incentivo al Aprovechamiento y Tratamiento de Residuos Sólidos
F102: 51040020007 | G102: Programa estudiantil de emprendimientos orientados, formalizados y apoyados | I102: 53040040004-0701 | J102: En el período 2020-2023, se ha realizado el mantenimiento a 0,8 kilómetros lineales en vías de la comuna 7 previo concepto de viabilidad técnica y esquema básico. | L102: 2.3.1.01.03.009.03 | M102: Prima técnica no salarial Administrativo | O102: 1.2.3.2.22.05 | P102: Zonas verdes adquisicion terrenos
F103: 51050010001 | G103: Diagnósticos de la economía solidaria y de la economía colaborativa elaborados | I103: 53020020001-0702 | J103: En el periodo 2020 - 2023, se han fortalecido 30 Empresas y emprendimientos en capacidades para el fomento de la Economía Circular | L103: NO* 2.3.1.01.03.083 | M103: Auxilio de movilización | O103: 1.2.3.2.22.06 | P103: Tasa Compensación Arbórea
F104: 51050010002 | G104: Política pública para la economía solidaria formulada y adoptada | I104: 51020010008-0703 | J104: En el periodo 2020 - 2023, se han beneficiado 150 emprendimientos y empresas de la industria cultural y creativa con asistencia técnica | L104: 2.3.1.01.03.083.01 | M104: Auxilio de movilización Docente | O104: 1.2.3.2.22.07 | P104: Contraprestación por el uso del espacio público
F105: 51050010003 | G105: Plataformas colaborativas diseñadas y puestas en funcionamiento | I105: 51040020001-0704 | J105: En el periodo 2020 - 2023, se han fortalecido 100 personas en el ecosistema de emprendimiento empresarial y social con enfoque diferencial y de género | L105: 2.3.1.01.03.083.02 | M105: Auxilio de movilización Directivo Docente | O105: 1.2.3.2.23.01 | P105: Sanciones por Violación de Normas - DAGMA
... F181: 52010050016 | G181: Planes de Funcionamiento de la Mesa Distrital de Participación Efectiva de Víctimas aprobado y ejecutado | I181: 52040010005-1216 | J181: En el periodo 2020-2023, se han dotado 4 Instituciones educativas | L181: 2.3.1.02.02.003.05.05 | M181: Intereses de Cesantias Seguridad y Justicia | O181: 1.3.1.1.07.06 | P181: CUR 880/19 SSF - Recursos Emcali Conpes 3858/16
F182: 52010050017 | G182: Eventos conmemorativos para las víctimas como medidas de satisfacción | I182: 52030080002-1217 | J182: En el periodo2020- 2023, se han realizado 2 intervenciones mantenimiento correctivo y preventivo a sedes comunales, salones comunales, Casetas Comunales y demas infraestructura física designada | L182: NO* 2.3.1.02.02.003.06 | O182: 1.3.1.1.07.07 | P182: CUR 881/19 SSF - Recursos Emcali Conpes 3858/16
F183: 52010050018 | G183: Encuentros regionales de prevención y articulación de las acciones para mitigación de efectos de desplazamiento y alistamiento de los municipios receptores | I183: 51030010019-1218 | J183: En el periodo 2020-2023 se beneficiaran 490 personas vinculadas a recorridos turisticos de naturaleza | L183: 2.3.1.02.02.003.06.01 | M183: Aportes De Cesantías Fondo Público Seguridad Y Justicia | O183: 1.3.1.1.07.08 | P183: CUR 882/19 SSF - Recursos Emcali Conpes 3858/16
F184: 52010050019 | G184: Plan de acción de atención a migrantes y flujos migratorios mixtos formulado e implementado | I184: 53040040004-1301 | J184: En el periodo 2020- 2023 se ha realizado el mantenimiento y/o adecuación de 2,54 km de vias, previo concepto de viabilidad técnica | L184: 2.3.1.02.02.003.06.02 | M184: Aportes De Cesantías Fondo Privado Seguridad Y Justicia | O184: 1.3.1.1.07.09 | P184: DPS - ALAMEDA
F185: 52010050020 | G185: Subsidio distrital de vivienda asignados a hogares en situación de desplazamiento forzoso y/o población víctima de conflicto | I185: 53040010003-1302 | J185: En el periodo 2020-2023 se ha realizado mantenimiento de 5 puentes peatonales previo concepto de viabilidad técnica | L185: 2.3.1.02.02.003.06.03 | M185: Aportes De Cesantías Definitivas Anualizado Seguridad Yjusticia | O185: 1.3.1.1.07.10 | P185: CUR 040/17 Emcali SSF
F186: 52010050021 | G186: Eventos deportivos y recreativos para la reparación integral de víctimas del conflicto armado, realizados | I186: 51040020001-1303 | J186: En el periodo 2020- 2023 se fortalecen 300 personas en el ecosistema de emprendimiento empresarial y social con enfoque diferencial y de género | L186: NO* 2.3.1.02.02.004 | M186: Aportes a cajas de compensación familiar | O186: 1.3.1.1.08.01 | P186: Fund for cities of services
F187: 52020010001 | G187: Sistema Distrital de Atención Integral a la Primera Infancia | I187: 53020020001-1304 | J187: En el periodo 2020- 2023 se fortalecen 60 empresas y emprendimientos en capacidades para el fomento de la Economía Circular | L187: 2.3.1.02.02.004.01 | M187: Aportes a cajas de compensación familiar Docente | O187: 1.3.1.1.08.02 | P187: Resolución 1585/21 2da. Versión Premio Nacional de Biblioteca "Daniel Samper Ortega" 2021
F188: 52020010002 | G188: Mantenimiento de las Unidades de Transformación Social - UTS de atención Integral a la Primera Infancia | I188: 52030070004-1305 | J188: En el periodo 2020- 2023, se promueven 8 espacios de la comuna con programación cultural | L188: 2.3.1.02.02.004.04 | M188: Aportes a cajas de compensación familiar Movilidad | O188: 1.3.1.1.08.03 | P188: Resolución 2388/2022 Premio Nacional De Bibliotecas Públicas "Daniel Samper Ortega" 2022
F189: 52020010003 | G189: Niñas, Niños, Mujeres gestantes y madres lactantes atendidas con el Programa Cariños para la Atención Integral a la Primera Infancia | I189: 52050020001-1306 | J189: En el periodo 2020-2023, se forman en precticas artisticas,2000 personas de la comuna | L189: 2.3.1.02.02.004.05 | M189: Aportes a Cajas de Compensación Familiar Seguridad Y Justicia | O189: 1.3.1.1.09 | P189: Recuperación de cartera - préstamos
F190: 52020010004 | G190: Organismos articulados intersectorial e interinstitucionalmente en la implementación de estrategias de movilización social | I190: 52050020002-1307 | J190: En el periodo 2020-2023, se han apoyado anualmente 7 organizaciones de la comuna en el desarrollo de iniciativas artísticas y culturales | L190: NO* 2.3.1.02.02.005 | M190: Aportes generales al sistema de riesgos laborales | O190: 1.3.1.1.09.01 | P190: Recuperación de cartera Capital-préstamos-Fondo Solidario y de Oportunidades
F191: 52020010005 | G191: Niñas, niños y mujeres gestantes de las UTS de Atención Integral a la Primera Infancia con seguimiento en la Ruta Integral de Atenciones – RIA | I191: 51030010006-1308 | J191: En el periodo2020- 2023, se han realizado 3 eventos deportivos, recreativos, y de innovación en la comuna | L191: 2.3.1.02.02.005.04 | M191: Aportes generales al sistema de riesgos laborales Movilidad | O191: 1.3.1.1.09.02 | P191: Recuperación de cartera Intereses-préstamos-Fondo Solidario y de Oportunidades
F192: 52020010006 | G192: Prestadores de servicios de salud que brindan atención de calidad a recién nacidos, aumentadas | I192: 52010020002-1309 | J192: En el periodo 2020- 2023, han participado 125 personas en estrategia de prevención de la violencia familiar y sexual. | L192: 2.3.1.02.02.005.05 | M192: Aportes Generales al Sistema de Riesgos Laborales Seguridad Y Justicia | O192: 1.3.1.1.10.01 | P192: Retiros Fonpet-Para el pago de obligaciones pensionales corrientes
F193: 52020010007 | G193: Niñas, niños de primera infancia beneficiados anualmente con experiencias en juego, lúdica y recreación | I193: 52010030007-1310 | J193: En el periodo 2020- 2023, se han implementado 32 sistemas de monitoreo y alerta para la prevención y disminución del delito | L193: NO* 2.3.1.02.02.006 | M193: Aportes al ICBF | O193: 1.3.1.1.11 | P193: Reintegros y otros recursos no apropiados Libre Destinación
F194: 52020010008 | G194: Niños, niñas, mujeres gestantes y madres lactantes beneficiados con experiencias artísticas y culturales | I194: 52030070002-1311 | J194: En el periodo 2020- 2023 se han recuperado 18 espacios públicos efectivos de la Estructura Ecológica Complementaria adecuados arquitectónica y paisajísticamente con empoderamiento ciudadano. | L194: 2.3.1.02.02.006.01 | M194: Aportes al ICBF Docente | O194: 1.3.1.1.11.01 | P194: Reintegro Aportes Salud, ARL, SGP Educación
... F473: 53020040007 | G473: Cantidad de clientes particulares con soluciones solares Fotovoltaicas en SDL | I473: 52030080008-6208 | J473: En el periodo 2020 - 2023 se ha realizado 1 intervención (Mantenimiento, adecuación de infraestructura) a sede educativa oficial. | L473: 2.3.8.05.01.001 | M473: Multas Superintendencias | O473: 1.3.3.12.05.14 | P473: R.B. R.F.CNPyC 40% ley1801/16
F474: 53020040008 | G474: Cantidad de granjas solares construidas en SDL | I474: 53040040003-6301 | J474: En el periodo 2020 - 2023 se han construido 0,2 kilómetros de huellas vehiculares, previo concepto de viabilidad técnica de la entidad competente | O474: 1.3.3.12.05.15 | P474: R.B. R.F.CNPyC 15% Dec 1284/17
F475: 53020040009 | G475: Cantidad de transformadores de distribución en aceite vegetal instalados en SDL | I475: 53040040003-6302 | J475: En el periodo 2020 - 2023 se han construido 0,5 kilómetros de obras de drenaje, (cunetas, gradas disipadoras, etc.), previo concepto de viabilidad técnica de la entidad competente | O475: 1.3.3.12.05.16 | P475: R.B. R.F. Recursos Convenio Municipio CDAV
F476: 53020040010 | G476: Cantidad de vehículos eléctricos (para la operación) en funcionamiento en EMCALI | I476: 53040040003-6303 | J476: En el periodo 2020 - 2023 se ha realizado el mantenimiento y/o adecuación de 1,5 km de via en el corregimiento, previo concepto de viabilidad técnica de la entidad competente | O476: 1.3.3.12.05.17 | P476: R.B. R. F. Participación en la Plusvalía
F477: 53020040011 | G477: Cantidad de estaciones de recarga habilitadas para VE en SDL | I477: 53010010002-6304 | J477: En el periodo 2020 - 2023 se ha realizado la conservación de 20 hectáreas de la cuenca hidrografica | O477: 1.3.3.12.05.18 | P477: R.B. R.F. Impuesto de espectáculos públicos nacional con destino al deporte
F478: 53020040012 | G478: Cantidad de usuarios (empresas y/o independientes) conectados con la oficina virtual | I478: 52050020001-6305 | J478: En el periodo 2020 - 2023 se han formado 120 personas del corregimiento en prácticas artisticas | O478: 1.3.3.12.05.19 | P478: R.B. R.F. Estampilla Prodesarrollo Urbano
F479: 53020040013 | G479: Estudio de generación plan incentivos al uso de vehículos eléctricos e híbridos de servicio público y particular en el Distrito de Cali elaborado | I479: 52030080008-6306 | J479: En el periodo 2020 - 2023 se ha realizado 1 intervención (Mantenimiento, adecuación de infraestructura) a sede educativa oficial | O479: 1.3.3.12.05.20 | P479: R.B. R.F. Garajes Establecimiento Uso Público
F480: 53030010001 | G480: Proyectos definidos en el Plan de Manejo Ambiental del Acuífero de Cali -PMAA, priorizados y ejecutados | I480: 53040040003-6401 | J480: En el periodo 2020 - 2023, se han construido 0,005 kilómetros de obras de drenaje, (cunetas, canaletas, gradas disipadoras, alcantarillas etc.), previo concepto de viabilidad técnica de la entidad competente | O480: 1.3.3.12.05.21 | P480: R.B. R.F. Explotacion Economica del Estacionamiento en via Pública
F481: 53030010002 | G481: Instrumentos de planificación (PORH) para garantizar calidad y cantidad de agua, para el sostenimiento de los ecosistemas acuáticos y los usos actuales y potenciales del agua, formulados, adoptados y en ejecución | I481: 53040040003-6402 | J481: En el periodo 2020 - 2023, se han construido 0,438 kilómetros de huellas vehiculares, previo concepto de viabilidad técnica de la entidad competente | O481: 1.3.3.12.05.22 | P481: R.B. R.F. Estampilla para el bienestar del Adulto Mayor
F482: 53030010003 | G482: Avance piloto a escala real de sistema de filtración en lecho de río, construido y en funcionamiento, en PTAP Cauca | I482: 53040040003-6403 | J482: En el periodo 2020 - 2023, se han construido 1,035 kilometros de pavimiento en el corregimiento previo concepto de viabilidad tecnica | O482: 1.3.3.12.05.23 | P482: R.B. R.F. Participación de la Contribución Parafiscal Cultural
F483: 53030010004 | G483: Participación en dos (2) proyectos de impacto regional para la promoción de sistema sostenibles de abastecimiento de agua y saneamiento ambiental | I483: 53040010004-6404 | J483: En el periodo 2020 - 2023, se han rehabilitado 120 metros cuadrados de andén, previo concepto de viabilidad técnica y esquema básico | O483: 1.3.3.12.05.25 | P483: R.B. R.F. Conv Mpio Univalle Estadio
F484: 53030010005 | G484: Reservorio de la planta de tratamiento de agua potable de Puerto Mallarino mantenido y con aislamiento | I484: 53020010002-6405 | J484: En el periodo 2020 - 2023, se ha aplicado 1 estrategia tecnológica para el aprovechamiento de residuos solidos organicos | O484: 1.3.3.12.05.26 | P484: R.B. R.F. Sobretasa Gasol. Malla vial
F485: 53030020001 | G485: Anillo a 115 Kv construido y funcionando en SDL | I485: 52050020001-6406 | J485: En el periodo 2020 - 2023, se han formado 350 personas en prácticas artísticas del corregimiento | O485: 1.3.3.12.05.27 | P485: R.B. R.F. Infracciones de transito ley 769-02
... F497: 53030030007 | G497: Sistemas Individuales de Tratamiento de Agua Residual Doméstica (SITARD) mejoradas | I497: 52040010005-6509 | J497: En el periodo 2020 - 2023, se ha dotado 1 Institución educativa | O497: 1.3.3.12.05.39 | P497: R.B. R.F. Contribución valorizacion nuevo plan de obras
F498: 53030030008 | G498: Sistema de Tratamiento Primario de la PTAR Cañaveralejo mejorado | O498: 1.3.3.12.05.40 | P498: R.B. R.F. Sobretasa Bomberil
F499: 53030040001 | G499: Acciones del Programa de Aire Limpio implementadas | O499: 1.3.3.12.05.41 | P499: R.B. R.F. Contribución sobre Contratos de Obra Pública
F500: 53030040002 | G500: Plan de Mejora del Ambiente Sonoro, actualizado, adoptado y ejecutado | O500: 1.3.3.12.05.42 | P500: R.B. R.F. Impuesto de Circulación y Tránsito Sobre Vehículos de Servicio Público - Tradicional
F501: 53040010001 | G501: Espacio público asociado al SITMMIO generado y recuperado | O501: 1.3.3.12.05.43 | P501: R.B. R.F Otros derechos de Tránsito
F502: 53040010002 | G502: Construcción de soluciones peatonales en zona urbana y rural | O502: 1.3.3.12.05.44 | P502: R.B. R.F Participación del impuesto sobre vehículos automotores
F503: 53040010003 | G503: Mantenimiento de puentes peatonales de la zona urbana y rural | O503: 1.3.3.12.05.45 | P503: R.B. Incentivo al Aprovechamiento y Tratamiento de Residuos Sólidos
F504: 53040010004 | G504: Mejoramiento de la red peatonal en la zona urbana y rural | O504: 1.3.3.12.05.46 | P504: R.B. R.F. Reintegros SGP Agua Potable
F505: 53040020001 | G505: Red de Ciclo-infraestructura (ciclo rutas integradas al SITM-MIO) implementadas | O505: 1.3.3.12.05.47 | P505: R.B. R.F. Convenio 077-21 CVC-DAGMA
F506: 53040020002 | G506: Cicloparquedaeros integrados al SITM-MIO construidos | O506: 1.3.3.12.05.48 | P506: R.B. R.F. SGP Restitución Agua Potable y Saneamiento Básico
F507: 53040020003 | G507: Kilómetros de ciclo-infraestructura construida | O507: 1.3.3.12.05.49 | P507: R.B R.F. Reintegro Proyecto Desarrollo Social
F508: 53040020004 | G508: Kilómetros de ciclo-infraestructura mantenida | O508: 1.3.3.12.05.49 | P508: R.B R.F. Reintegro Proyecto Desarrollo Social
F509: 53040020005 | G509: Kilómetros de ciclo infraestructura en calzada implementados | O509: 1.3.3.12.05.50 | P509: R.B R.F. Resolución 3455/17
... F713: 54030020008 | G713: Política pública integral de libertad religiosa, formulada y adoptada | O713: 1.3.3.5.04.03 | P713: R.B. Convenio ICBF 7600608/21
...
